Workbook

Sheet 冊子
B3: 9月3日～9月25日受理求人 発行日:9月28日
B4: 発行日: 10月5日
B12: =data!CO2 -> 盆栽の手入れや庭木の手入れ | G12: =data!CO3 -> 福祉理容師 福祉美容師（正）／赤穂郡上郡町、佐用町、他 | L12: =data!CO4 -> （パ）事務補助／上郡町役場／育休代替職員
B13: =data!EE2 -> 盆栽や庭木の管理・お手入れ全般をお任せします。_x000d_ _x000d_ 【具体的な業務内容】_x000d_ ・主に盆栽の手入れ_x000d_ その他_x000d_ ・盆栽や庭木への水やり_x000d_ ・敷地内の植木の剪定、枝切り、形整え_x000d_ ・お庭の草抜き、草むしり、清掃、ゴミまとめ_x000d_ ・その他、付随するお庭の軽作業_x000d_ _x000d_ ※盆栽の育成・手入れに関する知識や、ご趣味・実務での経験がある方を歓迎いたします。 変更範囲：変更なし | G13: =data!EE3 -> 個人宅・病院・デイサービスセンター・老人保健施設・福祉施設などに訪問し、理美容サービスを提供する社会貢献度の高いお仕事です。_x000d_ _x000d_ _x000d_ 変更範囲：変更なし | L13: =data!EE4 -> 上郡町役場「国保介護支援課」（育休代替職員）_x000d_ 町民のための行政サービス（介護保険事業に関する業務）事務・窓口業務・電話対応・書類整理など_x000d_ 令和８年１０月１日～令和９年２月２６日まで（更新なし） _x000d_ _x000d_ _x000d_ 【変更範囲：行政の定める業務】_x000d_
B14: =data!OL2 -> 時給 | C14: =data!OU2 -> 1,200円～1,200円 | G14: =data!OL3 -> 月給 | H14: =data!OU3 -> 250,000円～500,000円 | L14: =data!OL4 -> 時給 | M14: =data!OU4 -> 1,203円～1,223円
B15: =data!NF2 -> パート労働者 | D15: 募集人数 | E15: =data!QJ2 -> 1人 | G15: =data!NF3 -> 正社員 | I15: 募集人数 | J15: =data!QJ3 -> 2人 | L15: =data!NF4 -> パート労働者 | N15: 募集人数 | O15: =data!QJ4 -> 1人
B16: 勤務時間 | C16: =data!PK2 -> 0 | G16: 勤務時間 | H16: =data!PK3 -> (1)9時00分～18時00分 | L16: 勤務時間 | M16: =data!PK4 -> (1)9時00分～17時00分
C17: =data!PL2 -> 0 | H17: =data!PL3 -> 0 | M17: =data!PL4 -> 0
C18: =SUBSTITUTE(data!PN2,"又は","") -> 9時00分～17時00分の間の3時間程度 | H18: =SUBSTITUTE(data!PN3,"又は","") | M18: =SUBSTITUTE(data!PN4,"又は","")
B19: 休日 | C19: =data!PU2 -> 他 | D19: 週休２日制 | E19: =data!PV2 -> 毎 週 | G19: 休日 | H19: =data!PU3 -> 土日祝 | I19: 週休２日制 | J19: =data!PV3 -> 毎 週 | L19: 休日 | M19: =data!PU4 -> 土日祝他 | N19: 週休２日制 | O19: =data!PV4 -> 毎 週
B20: 年齢 | C20: =data!NW2 -> 不問 | D20: 年間休日 | E20: =data!PX2 -> 0 | G20: 年齢 | H20: =data!NW3 -> 不問 | I20: 年間休日 | J20: =data!PX3 -> 120日 | L20: 年齢 | M20: =data!NW4 -> 不問 | N20: 年間休日 | O20: =data!PX4 -> 0
B21: 資格 | C21: =data!GE2 -> 0 | G21: 資格 | H21: =data!GE3 -> 0 | L21: 資格 | M21: =data!GE4 -> 0
B22: =data!H2 -> ホワイトライン | G22: =data!H3 -> 株式会社 シルバーサポートジャパン | L22: =data!H4 -> 上郡町役場
B23: 就業場所 | D23: =data!DR2 -> 兵庫県赤穂市 | G23: 就業場所 | I23: =data!DR3 -> 兵庫県赤穂郡上郡町 | L23: 就業場所 | N23: =data!DR4 -> 兵庫県赤穂郡上郡町
B24: 求人番号 | D24: =data!A2 -> 28212- 1549861 | G24: 求人番号 | I24: =data!A3 -> 40010-58247161 | L24: 求人番号 | N24: =data!A4 -> 28211- 1546861
B26: =data!$CO$5 -> （パ）障害者就労指導員（Ｗワーク可能） | G26: =data!$CO$6 -> （パ）調理員／上郡町／未経験者歓迎◎丁寧にサポートします | L26: =data!$CO$7 -> 正社員：施設介護員（介護）／６５歳以上の方、応募可能
B27: =data!EE5 -> 【障害者就労指導員】 ＊障害者就労支援事業にて障害者作業員へのサポート、自立支援のお手伝いをお願いします。作業同行あり。細かな指導、サポート を行います。_x000d_ ＊社有車（ワゴン車 ＡＴ車）を使用します。主に相生市内です。_x000d_ ＊Ｗワーク可能です。（許可申請、必要）_x000d_ _x000d_ 【変更範囲：変更なし】 | G27: =data!EE6 -> ◆介護老人保健施設、入所者・デイサービス利用者さまへの厨房業務全般。（約１８０食）_x000d_ ◆１食材の準備 ２下処理 ３調理補助 ４盛付 ５洗浄_x000d_ （１項目から覚えていただきます。）_x000d_ ◆上記、５項目の仕事について、１項目でもできる方は、相談に応じます。_x000d_ ◆経験のない方でも丁寧にサポートします。_x000d_ _x000d_ 【変更範囲：変更なし】 | L27: =data!EE7 -> ＊認知症のある方の施設内での日常的介護業務および調理。_x000d_ （家事活動が多く含まれます。） ■９人の介護及び調理を行って頂きます。_x000d_ ・介護 食事の介助・トイレの付き添い等。_x000d_ ・調理 昼食・夕食食。_x000d_ ・清掃 廊下・階段・リビング・トイレ・お風呂場等。 _x000d_ ◆６５歳以上の方、応募可能（契約社員）_x000d_ ＊職場見学可能です。_x000d_ _x000d_ 【変更範囲：変更なし】
B28: =data!OL5 -> 時給 | C28: =data!OU5 -> 1,172円～1,260円 | G28: =data!OL6 -> 時給 | H28: =data!OU6 -> 1,175円～1,180円 | L28: =data!OL7 -> 月給 | M28: =data!OU7 -> 200,000円～200,000円
B29: =data!NF5 -> パート労働者 | D29: 募集人数 | E29: =data!QJ5 -> 1人 | G29: =data!NF6 -> パート労働者 | I29: 募集人数 | J29: =data!QJ6 -> 2人 | L29: =data!NF7 -> 正社員 | N29: 募集人数 | O29: =data!QJ7 -> 1人
B30: 勤務時間 | C30: =data!PK5 -> (1)9時00分～14時30分 | G30: 勤務時間 | H30: =data!PK6 -> (1)6時30分～9時30分 | L30: 勤務時間 | M30: =data!PK7 -> (1)8時30分～17時30分
C31: =data!PL5 -> 0 | H31: =data!PL6 -> (2)9時00分～13時00分 | M31: =data!PL7 -> 0
C32: =SUBSTITUTE(data!PN5,"又は","") | H32: =SUBSTITUTE(data!PN6,"又は","") -> 6時00分～19時00分の間の4時間程度 | M32: =SUBSTITUTE(data!PN7,"又は","")
B33: 休日 | C33: =data!PU5 -> 日他 | D33: 週休２日制 | E33: =data!PV5 -> その他 | G33: 休日 | H33: =data!PU6 -> 他 | I33: 週休２日制 | J33: =data!PV6 -> その他 | L33: 休日 | M33: =data!PU7 -> 他 | N33: 週休２日制 | O33: =data!PV7 -> 毎 週
B34: 年齢 | C34: =data!NW5 -> 64歳以下 | D34: 年間休日 | E34: =data!PX5 -> 0 | G34: 年齢 | H34: =data!NW6 -> 不問 | I34: 年間休日 | J34: =data!PX6 -> 0 | L34: 年齢 | M34: =data!NW7 -> 18歳～59歳 | N34: 年間休日 | O34: =data!PX7 -> 113日
B35: 資格 | C35: =data!GE5 -> 0 | G35: 資格 | H35: =data!GE6 -> 0 | L35: 資格 | M35: =data!GE7 -> 普通自動車免許（通勤用）
B36: =data!H5 -> 合同会社 アズ | G36: =data!H6 -> 医療法人社団 豊寿会 介護老人保健施設 高嶺の郷 | L36: =data!H7 -> 社会福祉法人 みどリ福祉会 認知症高齢者グループホーム グリーン
B37: 就業場所 | D37: =data!DR5 -> 兵庫県相生市 | G37: 就業場所 | I37: =data!DR6 -> 兵庫県赤穂郡上郡町 | L37: 就業場所 | N37: =data!DR7 -> 兵庫県相生市
B38: 求人番号 | D38: =data!A5 -> 28211- 1547961 | G38: 求人番号 | I38: =data!A6 -> 28211- 1548161 | L38: 求人番号 | N38: =data!A7 -> 28211- 1535561
B40: =data!$CO$8 -> （パ）ゴルフ場／マスター室業務スタッフ | G40: =data!$CO$9 -> 正社員：支援員／６０歳以上の方、応募可能（契約社員） | L40: =data!$CO$10 -> （パ）生活支援員／日常生活のお手伝い
B41: =data!EE8 -> ゴルフ場マスター室業務全般。_x000d_ ・バッグの受け渡し（ポーター業務）_x000d_ ・カートの管理（整備、スタート順配置）_x000d_ ・キャディバッグの積み下ろし、クラブ確認。_x000d_ ・コース内巡回など運行管理補助。_x000d_ _x000d_ _x000d_ 【変更範囲：変更なし】_x000d_ | G41: =data!EE9 -> 支援員業務_x000d_ ※知的障害者の介護支援業務。（入所者約５０人）_x000d_ ※知的障害者の作業の補助。_x000d_ ※食事・入浴・排泄の介助を行っていただきます。_x000d_ ／６０歳以上の方、応募可能（契約社員）_x000d_ ／見学可能です_x000d_ _x000d_ 【変更範囲：変更なし】_x000d_ _x000d_ | L41: =data!EE10 -> 障害者の方が、共同生活をされるグループホーム『グループホームｕｍｉ・凪』にて、利用者さま（１居住区最大５名）が安心して生活していただくように、日常生活のお手伝い（食事つくり）などお願いします。_x000d_ ＊食事の調理について：材料、献立は整っており、家庭のご飯作りができる方であれば大丈夫です_x000d_ ＊６０歳以上の方、応募可能です_x000d_ _x000d_ 【変更範囲：変更なし】
B42: =data!OL8 -> 時給 | C42: =data!OU8 -> 1,172円～1,200円 | G42: =data!OL9 -> 月給 | H42: =data!OU9 -> 165,000円～172,000円 | L42: =data!OL10 -> 時給 | M42: =data!OU10 -> 1,180円～1,180円
B43: =data!NF8 -> パート労働者 | D43: 募集人数 | E43: =data!QJ8 -> 1人 | G43: =data!NF9 -> 正社員 | I43: 募集人数 | J43: =data!QJ9 -> 1人 | L43: =data!NF10 -> パート労働者 | N43: 募集人数 | O43: =data!QJ10 -> 1人
B44: 勤務時間 | C44: =data!PK8 -> 0 | G44: 勤務時間 | H44: =data!PK9 -> (1)7時00分～16時00分 | L44: 勤務時間 | M44: =data!PK10 -> (1)7時00分～9時30分
C45: =data!PL8 -> 0 | H45: =data!PL9 -> (2)8時30分～17時30分 | M45: =data!PL10 -> (2)14時30分～19時00分
C46: =SUBSTITUTE(data!PN8,"又は","") -> 6時30分～16時00分の間の5時間程度 | H46: =SUBSTITUTE(data!PN9,"又は","") | M46: =SUBSTITUTE(data!PN10,"又は","")
B47: 休日 | C47: =data!PU8 -> 他 | D47: 週休２日制 | E47: =data!PV8 -> 毎 週 | G47: 休日 | H47: =data!PU9 -> 他 | I47: 週休２日制 | J47: =data!PV9 -> その他 | L47: 休日 | M47: =data!PU10 -> 他 | N47: 週休２日制 | O47: =data!PV10 -> その他
B48: 年齢 | C48: =data!NW8 -> 不問 | D48: 年間休日 | E48: =data!PX8 -> 0 | G48: 年齢 | H48: =data!NW9 -> 18歳～59歳 | I48: 年間休日 | J48: =data!PX9 -> 113日 | L48: 年齢 | M48: =data!NW10 -> 不問 | N48: 年間休日 | O48: =data!PX10 -> 0
B49: 資格 | C49: =data!GE8 -> 0 | G49: 資格 | H49: =data!GE9 -> 普通自動車免許（通勤用） | L49: 資格 | M49: =data!GE10 -> 0
B50: =data!H8 -> 西播開発 株式会社 | G50: =data!H9 -> 社会福祉法人みどり福祉会 若狭野荘 | L50: =data!H10 -> 社会福祉法人みどり福祉会 障害者グループホーム入野グリーン
B51: 就業場所 | D51: =data!DR8 -> 兵庫県相生市 | G51: 就業場所 | I51: =data!DR9 -> 兵庫県相生市 | L51: 就業場所 | N51: =data!DR10 -> 兵庫県相生市
B52: 求人番号 | D52: =data!A8 -> 28211- 1536461 | G52: 求人番号 | I52: =data!A9 -> 28211- 1538861 | L52: 求人番号 | N52: =data!A10 -> 28211- 1539961
B55: =data!$CO$11 -> （正）介護職員／日曜日休み／デイサービスセンター | G55: =data!$CO$12 -> （正）介護員／特別養護老人ホーム グリーンハウス | L55: =data!$CO$13 -> 送迎バス運転手 （職員送迎・洗車・営繕作業・清掃）
B56: =data!EE11 -> 『グリーンハウスデイサービスセンター』にて、利用者さまへの日常生活の支援（食事・入浴・トイレなど）を行っていただきます。_x000d_ ■パソコンによるデータ入力。（記録入力）_x000d_ ■託児所があります。_x000d_ ■資格の無い方でも応募可能です。_x000d_ ◆６０歳以上の方、応募可能です（契約社員）_x000d_ ◆見学・相談だけでも結構ですので、お気軽にお問合せください。_x000d_ _x000d_ 【変更範囲：変更なし】 | G56: =data!EE12 -> 『特別養護老人ホーム グリーンハウス』で生活される高齢者の方々の日常生活支援（食事介助・排泄介助・入浴介助など）を行います。（７０人程度）_x000d_ ◆６０歳以上の方、応募可能（１年契約社員）_x000d_ 利用者一人ひとりに目的を持っていただき、潤いのある毎日を過ごしていただけるよう、出来る限り個別支援を行います。_x000d_ _x000d_ _x000d_ _x000d_ 【変更範囲：変更なし】 | L56: =data!EE13 -> 定期運航バスの運転やその車両の洗車・清掃。_x000d_ ２９人乗りマイクロバスで相生駅との間を職員送迎１０～１５人病院施設の簡易な営繕作業、建物周辺及び内部の一部清掃。_x000d_ _x000d_ ※タクシーやバス運転手、または企業内での従業員送迎等の経験ある方歓迎します。（６０歳以上の方でも応募可能です）_x000d_ ■見学なども可能です。あらかじめお電話にてご相談ください。_x000d_ _x000d_ 【変更範囲：変更なし】
B57: =data!OL11 -> 月給 | C57: =data!OU11 -> 165,000円～224,000円 | G57: =data!OL12 -> 月給 | H57: =data!OU12 -> 165,000円～224,000円 | L57: =data!OL13 -> 時給 | M57: =data!OU13 -> 1,200円～1,200円
B58: =data!NF11 -> 正社員 | D58: 募集人数 | E58: =data!QJ11 -> 1人 | G58: =data!NF12 -> 正社員 | I58: 募集人数 | J58: =data!QJ12 -> 2人 | L58: =data!NF13 -> パート労働者 | N58: 募集人数 | O58: =data!QJ13 -> 1人
B59: 勤務時間 | C59: =data!PK11 -> (1)8時30分～17時30分 | G59: 勤務時間 | H59: =data!PK12 -> (1)7時15分～16時15分 | L59: 勤務時間 | M59: =data!PK13 -> (1)7時30分～11時30分
C60: =data!PL11 -> 0 | H60: =data!PL12 -> (2)10時00分～19時00分 | M60: =data!PL13 -> 0
C61: =SUBSTITUTE(data!PN11,"又は","") | H61: =SUBSTITUTE(data!PN12,"又は","") -> 9時00分～18時00分の間の8時間 | M61: =SUBSTITUTE(data!PN13,"又は","")
B62: 休日 | C62: =data!PU11 -> 日他 | D62: 週休２日制 | E62: =data!PV11 -> その他 | G62: 休日 | H62: =data!PU12 -> 他 | I62: 週休２日制 | J62: =data!PV12 -> 毎 週 | L62: 休日 | M62: =data!PU13 -> 日祝他 | N62: 週休２日制 | O62: =data!PV13 -> その他
B63: 年齢 | C63: =data!NW11 -> 59歳以下 | D63: 年間休日 | E63: =data!PX11 -> 113日 | G63: 年齢 | H63: =data!NW12 -> 18歳～59歳 | I63: 年間休日 | J63: =data!PX12 -> 113日 | L63: 年齢 | M63: =data!NW13 -> 59歳以下 | N63: 年間休日 | O63: =data!PX13 -> 0
B64: 資格 | C64: =data!GE11 -> 普通自動車免許（通勤用） | G64: 資格 | H64: =data!GE12 -> 普通自動車免許（通勤用） | L64: 資格 | M64: =data!GE13 -> 0
B65: =data!H11 -> 社会福祉法人 みどり福祉会 特別養護老人ホーム グリーンハウス | G65: =data!H12 -> 社会福祉法人 みどり福祉会 特別養護老人ホーム グリーンハウス | L65: =data!H13 -> 魚橋病院（医療法人社団 魚橋会）
B66: 就業場所 | D66: =data!DR11 -> 兵庫県相生市 | G66: 就業場所 | I66: =data!DR12 -> 兵庫県相生市 | L66: 就業場所 | N66: =data!DR13 -> 兵庫県相生市
B67: 求人番号 | D67: =data!A11 -> 28211- 1540361 | G67: 求人番号 | I67: =data!A12 -> 28211- 1541661 | L67: 求人番号 | N67: =data!A13 -> 28211- 1543561
B69: =data!$CO$14 -> （パ）調理補助／まかない付／Ｗワーク可 | G69: =data!$CO$15 -> 運転手：送迎ドライバー／赤穂自動車教習所 | L69: =data!$CO$16 -> 福祉理容師 福祉美容師／洲本市、芦屋市、伊丹市、相生市
B70: =data!EE14 -> 『焼肉レストラン大門』厨房内での調理補助、付帯業務。_x000d_ ＊就業時間は相談に応じます。 まかない付き！_x000d_ ＊学生、６０歳以上の方も応募可能です。_x000d_ _x000d_ 【変更範囲：変更なし】_x000d_ | G70: =data!EE15 -> ＊赤穂自動車教習所の教習生の送迎業務、車両清掃_x000d_ _x000d_ ◎送迎先は、佐用・上郡・和気・日生・相生方面_x000d_ _x000d_ ◎送迎車両は、ハイエース（１４人乗、ＡＴ車）_x000d_ またはノア（７人乗、ＡＴ車）_x000d_ _x000d_ ※詳細は面接時にご説明します。_x000d_ _x000d_ _x000d_ 変更範囲：変更なし | L70: =data!EE16 -> 個人宅・病院・デイサービスセンター・老人保健施設・福祉施設などに訪問し、理美容サービスを提供する社会貢献度の高いお仕事です。_x000d_ _x000d_ _x000d_ 変更範囲：変更なし
B71: =data!OL14 -> 時給 | C71: =data!OU14 -> 1,172円～1,172円 | G71: =data!OL15 -> 時給 | H71: =data!OU15 -> 1,172円～1,200円 | L71: =data!OL16 -> 時給 | M71: =data!OU16 -> 1,800円～2,500円
B72: =data!NF14 -> パート労働者 | D72: 募集人数 | E72: =data!QJ14 -> 1人 | G72: =data!NF15 -> パート労働者 | I72: 募集人数 | J72: =data!QJ15 -> 1人 | L72: =data!NF16 -> パート労働者 | N72: 募集人数 | O72: =data!QJ16 -> 2人
B73: 勤務時間 | C73: =data!PK14 -> 0 | G73: 勤務時間 | H73: =data!PK15 -> (1)20時00分～22時00分 | L73: 勤務時間 | M73: =data!PK16 -> (1)9時00分～18時00分
C74: =data!PL14 -> 0 | H74: =data!PL15 -> 0 | M74: =data!PL16 -> 0
C75: =SUBSTITUTE(data!PN14,"又は","") -> 16時00分～23時00分の間の4時間程度 | H75: =SUBSTITUTE(data!PN15,"又は","") | M75: =SUBSTITUTE(data!PN16,"又は","") -> 9時00分～18時00分の間の2時間以上
B76: 休日 | C76: =data!PU14 -> 火 | D76: 週休２日制 | E76: =data!PV14 -> なし | G76: 休日 | H76: =data!PU15 -> 土日他 | I76: 週休２日制 | J76: =data!PV15 -> 毎 週 | L76: 休日 | M76: =data!PU16 -> 土日祝他 | N76: 週休２日制 | O76: =data!PV16 -> 毎 週
B77: 年齢 | C77: =data!NW14 -> 18歳以上 | D77: 年間休日 | E77: =data!PX14 -> 0 | G77: 年齢 | H77: =data!NW15 -> 不問 | I77: 年間休日 | J77: =data!PX15 -> 0 | L77: 年齢 | M77: =data!NW16 -> 不問 | N77: 年間休日 | O77: =data!PX16 -> 0
B78: 資格 | C78: =data!GE14 -> 0 | G78: 資格 | H78: =data!GE15 -> 0 | L78: 資格 | M78: =data!GE16 -> 0
B79: =data!H14 -> 株式会社 大門 | G79: =data!H15 -> 株式会社オオキコ－ポレ－シヨン | L79: =data!H16 -> 株式会社 シルバーサポートジャパン
B80: 就業場所 | D80: =data!DR14 -> 兵庫県相生市 | G80: 就業場所 | I80: =data!DR15 -> 兵庫県赤穂市 | L80: 就業場所 | N80: 兵庫県相生市
B81: 求人番号 | D81: =data!A14 -> 28211- 1544461 | G81: 求人番号 | I81: =data!A15 -> 28212- 1546561 | L81: 求人番号 | N81: =data!A16 -> 40010-57854661
B83: =data!$CO$17 -> 福祉理容師 福祉美容師／豊岡市、加古川市、赤穂市、西脇市 | G83: =data!$CO$18 -> 福祉理容師 福祉美容師／赤穂郡、佐用郡、美方郡 | L83: =data!$CO$19 -> 福祉理容師 福祉美容師（正）／洲本市、芦屋市、伊丹市、他
B84: =data!EE17 -> 個人宅・病院・デイサービスセンター・老人保健施設・福祉施設などに訪問し、理美容サービスを提供する社会貢献度の高いお仕事です。_x000d_ _x000d_ _x000d_ 変更範囲：変更なし | G84: =data!EE18 -> 個人宅・病院・デイサービスセンター・老人保健施設・福祉施設などに訪問し、理美容サービスを提供する社会貢献度の高いお仕事です。_x000d_ _x000d_ _x000d_ 変更範囲：変更なし | L84: =data!EE19 -> 個人宅・病院・デイサービスセンター・老人保健施設・福祉施設などに訪問し、理美容サービスを提供する社会貢献度の高いお仕事です。_x000d_ _x000d_ _x000d_ 変更範囲：変更なし
B85: =data!OL17 -> 時給 | C85: =data!OU17 -> 1,800円～2,500円 | G85: =data!OL18 -> 時給 | H85: =data!OU18 -> 1,800円～2,500円 | L85: =data!OL19 -> 月給 | M85: =data!OU19 -> 250,000円～500,000円
B86: =data!NF17 -> パート労働者 | D86: 募集人数 | E86: =data!QJ17 -> 2人 | G86: =data!NF18 -> パート労働者 | I86: 募集人数 | J86: =data!QJ18 -> 2人 | L86: =data!NF19 -> 正社員 | N86: 募集人数 | O86: =data!QJ19 -> 2人
B87: 勤務時間 | C87: =data!PK17 -> (1)9時00分～18時00分 | G87: 勤務時間 | H87: =data!PK18 -> (1)9時00分～18時00分 | L87: 勤務時間 | M87: =data!PK19 -> (1)9時00分～18時00分
C88: =data!PL17 -> 0 | H88: =data!PL18 -> 0 | M88: =data!PL19 -> 0
C89: =SUBSTITUTE(data!PN17,"又は","") -> 9時00分～18時00分の間の2時間以上 | H89: =SUBSTITUTE(data!PN18,"又は","") -> 9時00分～18時00分の間の2時間以上 | M89: =SUBSTITUTE(data!PN19,"又は","")
B90: 休日 | C90: =data!PU17 -> 土日祝他 | D90: 週休２日制 | E90: =data!PV17 -> 毎 週 | G90: 休日 | H90: =data!PU18 -> 土日祝他 | I90: 週休２日制 | J90: =data!PV18 -> 毎 週 | L90: 休日 | M90: =data!PU19 -> 土日祝 | N90: 週休２日制 | O90: =data!PV19 -> 毎 週
B91: 年齢 | C91: =data!NW17 -> 不問 | D91: 年間休日 | E91: =data!PX17 -> 0 | G91: 年齢 | H91: =data!NW18 -> 不問 | I91: 年間休日 | J91: =data!PX18 -> 0 | L91: 年齢 | M91: =data!NW19 -> 不問 | N91: 年間休日 | O91: =data!PX19 -> 120日
B92: 資格 | C92: =data!GE17 -> 0 | G92: 資格 | H92: =data!GE18 -> 0 | L92: 資格 | M92: =data!GE19 -> 0
B93: =data!H17 -> 株式会社 シルバーサポートジャパン | G93: =data!H18 -> 株式会社 シルバーサポートジャパン | L93: =data!H19 -> 株式会社 シルバーサポートジャパン
B94: 就業場所 | D94: 兵庫県赤穂市 | G94: 就業場所 | I94: =data!DR18 -> 兵庫県赤穂郡上郡町 | L94: 就業場所 | N94: 兵庫県相生市
B95: 求人番号 | D95: =data!A17 -> 40010-57855261 | G95: 求人番号 | I95: =data!A18 -> 40010-57863261 | L95: 求人番号 | N95: =data!A19 -> 40010-57893161
B98: =data!$CO$20 -> （パ）調理員（介護施設） | G98: =data!$CO$21 -> 正社員：介護員／応募前の職場見学も歓迎！ | L98: =data!$CO$22 -> （パ）介護員／応募前の職場見学も歓迎！
B99: =data!EE20 -> ※高齢者施設での調理担当業務。（清掃含む）_x000d_ ■１日４時間程度。週３～４日程度。_x000d_ ■就業日数については相談には応じます。_x000d_ ■高齢者施設で家庭的な料理を調理するお仕事です。_x000d_ ■未経験の方も歓迎！_x000d_ ■料理の好きな方歓迎！_x000d_ ※詳細については気軽に問い合わせください。_x000d_ _x000d_ 【変更範囲：変更なし】 | G99: =data!EE21 -> 要介護利用者さまの食事・入浴・排泄など、日常動作の介助業務_x000d_ ＊就業時間について：_x000d_ （１） ７：００～１６：００_x000d_ （２） ８：３０～１７：３０_x000d_ （３） １０：００～１９：００_x000d_ （４） １６：３０～ ９：３０_x000d_ ◆就業時間（１）～（４）についてはご相談に応じます_x000d_ ◆６０歳以上の方、応募可能（嘱託職員）_x000d_ ◆託児所随時利用可_x000d_ ◆経験者は優遇します_x000d_ _x000d_ 【変更範囲：変更なし】 | L99: =data!EE22 -> 要介護利用者さまのの食事・入浴・排出など日常動作の介護業務。_x000d_ ◆託児所随時利用可。_x000d_ ◆就業時間については相談に応じます。_x000d_ ◆職場見学可能です。 ◆６０歳以上の方応募可能です。_x000d_ _x000d_ 【変更範囲：変更なし】_x000d_
B100: =data!OL20 -> 時給 | C100: =data!OU20 -> 1,172円～1,172円 | G100: =data!OL21 -> 月給 | H100: =data!OU21 -> 185,000円～185,000円 | L100: =data!OL22 -> 時給 | M100: =data!OU22 -> 1,172円～1,172円
B101: =data!NF20 -> パート労働者 | D101: 募集人数 | E101: =data!QJ20 -> 2人 | G101: =data!NF21 -> 正社員 | I101: 募集人数 | J101: =data!QJ21 -> 3人 | L101: =data!NF22 -> パート労働者 | N101: 募集人数 | O101: =data!QJ22 -> 1人
B102: 勤務時間 | C102: =data!PK20 -> (1)9時00分～13時00分 | G102: 勤務時間 | H102: =data!PK21 -> (1)7時00分～16時00分 | L102: 勤務時間 | M102: =data!PK22 -> (1)8時30分～17時30分
C103: =data!PL20 -> 0 | H103: =data!PL21 -> (2)8時30分～17時30分 | M103: =data!PL22 -> (2)13時00分～18時00分
C104: =SUBSTITUTE(data!PN20,"又は","") -> 8時00分～14時00分の間の4時間程度 | H104: =SUBSTITUTE(data!PN21,"又は","") | M104: =SUBSTITUTE(data!PN22,"又は","")
B105: 休日 | C105: =data!PU20 -> 他 | D105: 週休２日制 | E105: =data!PV20 -> その他 | G105: 休日 | H105: =data!PU21 -> 他 | I105: 週休２日制 | J105: =data!PV21 -> その他 | L105: 休日 | M105: =data!PU22 -> 他 | N105: 週休２日制 | O105: =data!PV22 -> 毎 週
B106: 年齢 | C106: =data!NW20 -> 不問 | D106: 年間休日 | E106: =data!PX20 -> 0 | G106: 年齢 | H106: =data!NW21 -> 18歳～59歳 | I106: 年間休日 | J106: =data!PX21 -> 113日 | L106: 年齢 | M106: =data!NW22 -> 不問 | N106: 年間休日 | O106: =data!PX22 -> 0
B107: 資格 | C107: =data!GE20 -> 0 | G107: 資格 | H107: =data!GE21 -> 0 | L107: 資格 | M107: =data!GE22 -> 0
B108: =data!H20 -> 株式会社佐公間建設工業小規模多機能型居宅介護事業所たんぽぽ | G108: =data!H21 -> 社会福祉法人 みどり福祉会 老人保健施設 ハイマート | L108: =data!H22 -> 社会福祉法人 みどり福祉会 老人保健施設 ハイマート
B109: 就業場所 | D109: =data!DR20 -> 兵庫県相生市 | G109: 就業場所 | I109: =data!DR21 -> 兵庫県相生市 | L109: 就業場所 | N109: =data!DR22 -> 兵庫県相生市
B110: 求人番号 | D110: =data!A20 -> 28211- 1528561 | G110: 求人番号 | I110: =data!A21 -> 28211- 1532361 | L110: 求人番号 | N110: =data!A22 -> 28211- 1533661
B112: =data!$CO$23 -> （パ）調理補助／土日休み／Ｗワーク・兼業・副業可能 | G112: =data!$CO$24 -> （パ）店舗スタッフ（精肉部門）／学生歓迎／相生本店 | L112: =data!$CO$25 -> 【パ】放課後児童保育指導員（代替）６０歳以上の方、応募可
B113: =data!EE23 -> 地域密着型デイサービス施設の昼食の準備。利用者さま（１５名）_x000d_ ・炊飯は施設内で行い、配達されたおかずをセットする。_x000d_ ・利用者さまに合わせて食材を細かくカットする。など_x000d_ ・６０歳以上の方、応募可能_x000d_ ・勤務は２時間程度_x000d_ ・Ｗワーク・兼業・副業可能_x000d_ _x000d_ 【変更範囲：変更なし】_x000d_ _x000d_ _x000d_ _x000d_ | G113: =data!EE24 -> ＊牛・豚・鶏肉の加工・品出し業務_x000d_ ＊パック詰め業務_x000d_ ＊値付け業務、等_x000d_ _x000d_ _x000d_ ＊土・日曜日出勤できる方、歓迎します_x000d_ ＊学生アルバイト可能（時給：１１８５円～１１９０円）_x000d_ _x000d_ 【変更範囲：変更なし】_x000d_ _x000d_ | L113: =data!EE25 -> ＊子どもたちと一緒に遊ぶなど保護者が昼間家にいない小学校児童 の保育。_x000d_ ■保育士、社会福祉士、小中学校教諭、幼稚園教諭_x000d_ ◆令和９年３月３１日（原則更新）_x000d_ ◆６０歳以上の方、応募可能 _x000d_ _x000d_ _x000d_ 【変更範囲：変更なし】 _x000d_ _x000d_ _x000d_ _x000d_
B114: =data!OL23 -> 時給 | C114: =data!OU23 -> 1,172円～1,172円 | G114: =data!OL24 -> 時給 | H114: =data!OU24 -> 1,185円～1,210円 | L114: =data!OL25 -> 時給 | M114: =data!OU25 -> 1,431円～1,431円
B115: =data!NF23 -> パート労働者 | D115: 募集人数 | E115: =data!QJ23 -> 1人 | G115: =data!NF24 -> パート労働者 | I115: 募集人数 | J115: =data!QJ24 -> 1人 | L115: =data!NF25 -> パート労働者 | N115: 募集人数 | O115: =data!QJ25 -> 5人
B116: 勤務時間 | C116: =data!PK23 -> (1)10時00分～12時00分 | G116: 勤務時間 | H116: =data!PK24 -> (1)8時00分～13時00分 | L116: 勤務時間 | M116: =data!PK25 -> 0
C117: =data!PL23 -> (2)10時30分～12時30分 | H117: =data!PL24 -> 0 | M117: =data!PL25 -> 0
C118: =SUBSTITUTE(data!PN23,"又は","") | H118: =SUBSTITUTE(data!PN24,"又は","") | M118: =SUBSTITUTE(data!PN25,"又は","") -> 14時00分～18時30分の間の4時間程度
...

Sheet data
A1: 求人番号 | B1: 事業所番号 | C1: 法人番号 | D1: 設立元号区分 | E1: 設立年 | F1: 資本金 | G1: 従業員数／企業全体 | H1: 事業所名 | I1: 事業所名カナ | J1: 代表者役職 | K1: 代表者名 | L1: 事業所所在地／郵便番号 | M1: 事業所所在地／住所 | N1: 事業所所在地／最寄り駅１／最寄り駅 | O1: 事業所所在地／最寄り駅１／交通手段 | P1: 事業所所在地／最寄り駅１／所要時間 | Q1: 電話番号 | R1: 事業内容 | S1: 派遣事業分類 | T1: 労働者派遣事業許可番号 | U1: 会社の特長 | V1: 労働組合有無 | W1: 職務給制度の有無 | X1: 育児休業取得実績有無 | Y1: 介護休業取得実績有無 | Z1: 看護休暇取得実績有無 | AA1: 復職制度の有無 | AB1: 就業規則フルタイム有無 | AC1: 就業規則パート有無 | AD1: ＨＰアドレス文字列 | AE1: ＰＲロゴマーク等１ | AF1: ＰＲロゴマーク等２ | AG1: ＰＲロゴマーク等３ | AH1: ＰＲロゴマーク等４ | AI1: 産業分類 | AJ1: 住所コード | AK1: ※設立年 | AL1: ※資本金 | AM1: ※従業員数／企業全体 | AN1: ※労働者派遣事業許可番号 | AO1: ※事業所所在地／最寄り駅 | AP1: ※労働組合有無 | AQ1: ※職務給制度の有無 | AR1: ※育児休業取得実績有無 | AS1: ※介護休業取得実績有無 | AT1: ※看護休暇取得実績有無 | AU1: ※復職制度の有無 | AV1: ※就業規則フルタイム有無 | AW1: ※就業規則パート有無 | AX1: ※ＰＲロゴマーク等１ | AY1: ※ＰＲロゴマーク等２ | AZ1: ※ＰＲロゴマーク等３ | BA1: ※ＰＲロゴマーク等４ | BB1: ※産業分類 | BC1: 事業所台帳地図／就業場所／就業場所名称 | BD1: 事業所台帳地図／選考場所／就業場所名称 | BE1: 事業所台帳地図／就業場所／郵便番号 | BF1: 事業所台帳地図／選考場所／郵便番号 | BG1: 事業所台帳地図／就業場所／住所 | BH1: 事業所台帳地図／選考場所／住所 | BI1: 事業所台帳地図／就業場所／最寄り駅１／最寄り駅 | BJ1: 事業所台帳地図／選考場所／最寄り駅１／最寄り駅 | BK1: ※イメージ区分 | BL1: 管轄安定所番号 | BM1: 求人有効年月日 | BN1: 求人区分１ | BO1: 障害者区分 | BP1: 求人区分２ | BQ1: 求人受理年月日 | BR1: 就労継続支援Ａ型事業の利用者募集 | BS1: トライアル雇用併用の希望 | BT1: 公開希望 | BU1: ハローワーク以外への情報公開 | BV1: 保留理由 | BW1: 求人取消理由 | BX1: 紹介期限年月日 | BY1: 識別欄１ | BZ1: 識別欄２ | CA1: 識別欄３ | CB1: 識別欄４ | CC1: 識別欄５ | CD1: 識別欄６ | CE1: 識別欄７ | CF1: 識別欄８ | CG1: 識別欄９ | CH1: 識別欄１０ | CI1: 就業場所住所コード１ | CJ1: 就業場所住所コード２ | CK1: 就業場所住所コード３ | CL1: 就業場所住所コード４ | CM1: 指名求人 | CN1: 求人公開 | CO1: 職種名 | CP1: 職業分類コード１ | CQ1: 職業分類コード２ | CR1: 職業分類コード３ | CS1: 職種／派遣・請負の区分 | CT1: 免許・資格コード１ | CU1: 免許・資格コード２ | CV1: 免許・資格コード３ | CW1: 地図情報用／選考場所／事業所台帳管轄安定所番号 | CX1: 地図情報用／選考場所／事業所番号 | CY1: 地図情報用／選考場所／レコード番号 | CZ1: 地図情報用／就業場所／事業所台帳管轄安定所番号 | DA1: 地図情報用／就業場所／事業所番号 | DB1: 地図情報用／就業場所／レコード番号 | DC1: 求人充足状況区分 | DD1: 求人充足数合計 | DE1: 紹介保留処理／日付時刻 | DF1: 紹介保留処理／ユーザＩＤ | DG1: ※無効表示 | DH1: ※求人区分１ | DI1: ※障害者区分 | DJ1: ※求人受理年月日 | DK1: ※就労継続支援Ａ型事業の利用者募集 | DL1: ※トライアル雇用併用の希望 | DM1: ※公開希望 | DN1: ※ハローワーク以外への情報公開 | DO1: ※求人区分３ | DP1: ※保留理由 | DQ1: ※紹介期限年月日 | DR1: ※就業場所住所－１～３ | DS1: ※就業場所住所名称１ | DT1: ※就業場所住所名称２ | DU1: ※就業場所住所名称３ | DV1: ※就業場所住所名称４ | DW1: ※求人公開 | DX1: ※職種／派遣・請負の区分 | DY1: ※免許・資格名称１ | DZ1: ※免許・資格名称２ | EA1: ※免許・資格名称３ | EB1: ※求人充足状況区分 | EC1: ※求人充足数合計 | ED1: ※紹介保留処理／日付時刻 | EE1: 仕事の内容文字列 | EF1: 雇用形態区分 | EG1: 雇用形態（非正規労働者）文字列 | EH1: 正社員登用の有無 | EI1: 正社員登用の実績 | EJ1: 雇用期間区分 | EK1: 雇用期間開始年月日 | EL1: 雇用期間終了年月日 | EM1: 雇用期間年数 | EN1: 雇用期間月数 | EO1: 雇用期間契約更新有無 | EP1: 契約更新の可能性あり | EQ1: 契約更新の条件 | ER1: 試用期間有無 | ES1: 試用期間の期間 | ET1: 試用期間労働条件区分 | EU1: 試用期間労働条件文字列 | EV1: 就業場所／就業場所選択 | EW1: 就業場所／郵便番号 | EX1: 就業場所／住所 | EY1: 就業場所／もより駅文字列 | EZ1: 就業場所／事業所までの交通手段 | FA1: 就業場所／事業所までの所要時間 | FB1: 就業場所／在宅勤務 | FC1: 就業場所／就業場所に関する特記事項 | FD1: 従業員数／就業場所 | FE1: 従業員数／うち女性 | FF1: 従業員数／うちパート | FG1: 就業場所／受動喫煙対策の有無 | FH1: 就業場所／受動喫煙対策の内容 | FI1: 就業場所／受動喫煙対策に関する特記事項 | FJ1: マイカー通勤可否 | FK1: 駐車場の有無 | FL1: 転勤の可能性の有無 | FM1: 転勤範囲文字列 | FN1: 年齢制限 | FO1: 年齢制限あり／下限 | FP1: 年齢制限あり／上限 | FQ1: 年齢制限該当事由 | FR1: 年齢制限理由文字列 | FS1: 学歴要否 | FT1: 必要学歴／一般 | FU1: 学歴（履修科目）文字列 | FV1: 必要な経験等要否 | FW1: 必要な経験等文字列 | FX1: 必要なＰＣスキル詳細 | FY1: 必要な免許・資格不問 | FZ1: 普通自動車運転免許 | GA1: 普通自動車運転免許種別 | GB1: 免許・資格要否１ | GC1: 免許・資格要否２ | GD1: 免許・資格要否３ | GE1: 必要な免許・資格文字列 | GF1: いずれかの資格を所持で可 | GG1: 賃金形態区分 | GH1: 賃金形態その他文字列 | GI1: 賃金最低額 | GJ1: 賃金最高額 | GK1: 基本給又は時間額最低額 | GL1: 基本給又は時間額最高額 | GM1: 定額手当１／名 | GN1: 定額手当２／名 | GO1: 定額手当３／名 | GP1: 定額手当４／名 | GQ1: 定額手当１／下限 | GR1: 定額手当２／下限 | GS1: 定額手当３／下限 | GT1: 定額手当４／下限 | GU1: 定額手当１／上限 | GV1: 定額手当２／上限 | GW1: 定額手当３／上限 | GX1: 定額手当４／上限 | GY1: 固定残業代有無 | GZ1: 固定残業代／下限 | HA1: 固定残業代／上限 | HB1: 固定残業代に関する特記事項 | HC1: 支給額（ａ＋ｂ）下限 | HD1: 支給額（ａ＋ｂ）上限 | HE1: その他の手当等付記事項 | HF1: 月平均労働日数 | HG1: 通勤手当区分 | HH1: 通勤手当月額日額 | HI1: 通勤手当金額 | HJ1: 賃金締切日区分 | HK1: 賃金締切日／毎月 | HL1: 賃金締切日その他文字列 | HM1: 賃金支払日区分 | HN1: 賃金支払日／毎月／区分 | HO1: 賃金支払日／毎月 | HP1: 賃金支払日その他の支払日 | HQ1: 昇給有無 | HR1: 昇給（前年度実績）の有無 | HS1: 昇給／金額・昇給率 | HT1: 昇給／月額・時給 | HU1: 昇給額下限 | HV1: 昇給額上限 | HW1: 昇給率下限 | HX1: 昇給率上限 | HY1: 賞与有無 | HZ1: 賞与（前年度実績）の有無 | IA1: 賞与回数 | IB1: 賞与／月数・金額 | IC1: 賞与月数 | ID1: 賞与金額下限 | IE1: 賞与金額上限 | IF1: 就業方法区分 | IG1: 変形単位区分 | IH1: 就業時間１始業 | II1: 就業時間２始業 | IJ1: 就業時間３始業 | IK1: 就業時間１終業 | IL1: 就業時間２終業 | IM1: 就業時間３終業 | IN1: 就業時間（又は）始業 | IO1: 就業時間（又は）終業 | IP1: 就業時間（又は）時間 | IQ1: 就業時間（又は）／以上 | IR1: 就業時間（又は）／程度 | IS1: 就業時間に関する特記事項文字列 | IT1: 時間外／有無 | IU1: 時間外／月平均時間（時） | IV1: ３６協定における特別条項の有無 | IW1: 特別な事情・期間 | IX1: 休憩時間（分） | IY1: 週所定労働日数／入力種別 | IZ1: 週所定労働日数／下限 | JA1: 週所定労働日数／上限 | JB1: 週所定労働日数／以上程度以内 | JC1: 週の労働日数 | JD1: 労働日数について相談可 | JE1: 休日／月曜 | JF1: 休日／火曜 | JG1: 休日／水曜 | JH1: 休日／木曜 | JI1: 休日／金曜 | JJ1: 休日／土曜 | JK1: 休日／日曜 | JL1: 休日／祝日 | JM1: 休日／他 | JN1: 週休２日制区分（求人） | JO1: 休日・週休２日制その他の場合文字列 | JP1: 年次有給休暇日数 | JQ1: 年間休日数 | JR1: 加入保険等／事業所情報と条件 | JS1: 加入保険／雇用 | JT1: 加入保険／労災 | JU1: 加入保険／公災 | JV1: 加入保険／健康 | JW1: 加入保険／厚生 | JX1: 加入保険／財形 | JY1: 加入保険／その他 | JZ1: その他の加入保険等 | KA1: 企業年金／事業所情報と条件 | KB1: 企業年金／厚生年金基金 | KC1: 企業年金／確定拠出年金 | KD1: 企業年金／確定給付年金 | KE1: 企業年金／税制適格年金 | KF1: 退職金共済／事業所情報と条件 | KG1: 退職金共済 | KH1: 退職金制度／事業所情報と条件 | KI1: 退職金制度 | KJ1: 退職金制度／勤続年数不問 | KK1: 退職金制度／勤続年数１年未満 | KL1: 退職金勤続年数 | KM1: 定年制有無 | KN1: 定年制一律 | KO1: 定年年齢 | KP1: 再雇用制度／事業所情報と条件 | KQ1: 再雇用制度の有無 | KR1: 再雇用制度／上限年齢の有無 | KS1: 再雇用制度／上限年齢 | KT1: 勤務延長／事業所情報と条件 | KU1: 勤務延長の有無 | KV1: 勤務延長／上限年齢の有無 | KW1: 勤務延長／上限年齢 | KX1: 入居可能住宅／単身用あり | KY1: 入居可能住宅／世帯用あり | KZ1: 入居可能住宅／無 | LA1: 入居可能住宅に関する特記事項文字列 | LB1: 託児所あり | LC1: 託児所に関する特記事項文字列 | LD1: 採用人数 | LE1: 募集理由（任意） | LF1: その他の募集理由 | LG1: 選考方法／面接 | LH1: 選考方法／書類選考 | LI1: 選考方法／筆記試験 | LJ1: 選考方法／その他 | LK1: 面接予定回数（任意） | LL1: 結果通知タイミング／即決 | LM1: 結果通知タイミング／書類選考後 | LN1: 結果通知タイミング／面接選考後 | LO1: 結果通知タイミング／その他 | LP1: 書類選考結果通知／書類到着後 | LQ1: 面接選考結果通知／面接後 | LR1: 通知方法／求職者マイページに連絡 | LS1: 通知方法／郵送 | LT1: 通知方法／電話 | LU1: 通知方法／メール | LV1: 通知方法／その他 | LW1: 選考日時区分 | LX1: 選考日時その他文字列 | LY1: 選考場所区分 | LZ1: 選考場所／郵便番号 | MA1: 選考場所／住所 | MB1: 選考場所／最寄り駅 | MC1: 選考場所／交通手段 | MD1: 選考場所／所要時間 | ME1: 応募書類等／ハローワーク紹介状 | MF1: 応募書類等／履歴書 | MG1: 応募書類等／職務経歴書 | MH1: 応募書類等／ジョブ・カード | MI1: 応募書類等／その他 | MJ1: 応募書類等（その他）文字列 | MK1: 応募書類等／履歴書写真貼付 | ML1: 応募書類送付方法／郵送 | MM1: 応募書類送付方法／メール | MN1: その他の送付方法 | MO1: 郵送の送付場所 | MP1: その他の送付場所 | MQ1: 応募書類の返戻区分 | MR1: 選考に関する特記事項 | MS1: 選考担当者／氏名（漢字）文字列 | MT1: 選考担当者／氏名（カナ）文字列 | MU1: 選考担当者／課係名文字列 | MV1: 選考担当者／事業所登録と電話番号 | MW1: 選考担当者／電話番号 | MX1: 選考担当者／内線 | MY1: 選考担当者／事業所登録とＦＡＸ番号 | MZ1: 選考担当者／ＦＡＸ番号が電話番号に同じ | NA1: 選考担当者／ＦＡＸ番号 | NB1: 選考担当者／メールアドレス | NC1: ＵＩＪターン歓迎 | ND1: 外国人雇用実績の有無 | NE1: 求人に関する特記事項 | NF1: ※雇用形態区分 | NG1: ※正社員登用の有無 | NH1: ※雇用期間区分 | NI1: ※雇用期間開始終了 | NJ1: ※雇用期間年月数 | NK1: ※雇用期間契約更新有無 | NL1: ※試用期間有無 | NM1: ※試用期間労働条件区分 | NN1: ※就業場所／最寄り駅 | NO1: ※就業場所／在宅勤務 | NP1: ※従業員数／就業場所 | NQ1: ※従業員数／うち女性 | NR1: ※従業員数／うちパート | NS1: ※就業場所／受動喫煙対策 | NT1: ※マイカー通勤可否 | NU1: ※駐車場の有無 | NV1: ※転勤の可能性の有無 | NW1: ※年齢制限 | NX1: ※年齢制限該当事由 | NY1: ※学歴要否 | NZ1: ※必要学歴／一般 | OA1: ※学歴（履修科目）文字列 | OB1: ※必要な経験等要否 | OC1: ※必要な経験等文字列 | OD1: ※必要な免許・資格不問 | OE1: ※普通自動車運転免許 | OF1: ※普通自動車運転免許種別 | OG1: ※免許・資格要否１ | OH1: ※免許・資格要否２ | OI1: ※免許・資格要否３ | OJ1: ※必要な免許・資格文字列 | OK1: ※いずれかの資格を所持で可 | OL1: ※賃金形態区分 | OM1: ※賃金最低額 | ON1: ※基本給又は時間額最低額 | OO1: ※定額手当１ | OP1: ※定額手当２ | OQ1: ※定額手当３ | OR1: ※定額手当４ | OS1: ※固定残業代有無 | OT1: ※固定残業代 | OU1: ※支給額（ａ＋ｂ） | OV1: ※月平均労働日数 | OW1: ※通勤手当区分 | OX1: ※通勤手当額 | OY1: ※賃金締切日 | OZ1: ※賃金支払日 | PA1: ※昇給有無 | PB1: ※昇給（前年度実績）の有無 | PC1: ※昇給額 | PD1: ※昇給率 | PE1: ※賞与有無 | PF1: ※賞与（前年度実績）の有無 | PG1: ※賞与回数 | PH1: ※賞与月数 | PI1: ※賞与金額 | PJ1: ※就業方法区分 | PK1: ※就業時間１ | PL1: ※就業時間２ | PM1: ※就業時間３ | PN1: ※就業時間（又は） | PO1: ※時間外／有無 | PP1: ※時間外／月平均時間（時） | PQ1: ※３６協定における特別条項の有無 | PR1: ※休憩時間（分） | PS1: ※週の労働日数 | PT1: ※労働日数について相談可 | PU1: ※休日 | PV1: ※週休２日制区分（求人） | PW1: ※年次有給休暇日数 | PX1: ※年間休日数 | PY1: ※加入保険 | PZ1: ※企業年金 | QA1: ※退職金共済 | QB1: ※退職金制度 | QC1: ※定年年齢 | QD1: ※再雇用制度／上限年齢 | QE1: ※勤務延長／上限年齢 | QF1: ※入居可能住宅／単身用あり | QG1: ※入居可能住宅／世帯用あり | QH1: ※入居可能住宅／無 | QI1: ※託児所あり | QJ1: ※採用人数 | QK1: ※募集理由（任意） | QL1: ※選考方法 | QM1: ※面接予定回数（任意） | QN1: ※結果通知タイミング | QO1: ※書類選考結果通知／書類到着後 | QP1: ※書類選考結果通知／面接後 | QQ1: ※通知方法 | QR1: ※選考日時区分 | QS1: ※選考場所／最寄り駅 | QT1: ※応募書類等 | QU1: ※応募書類送付方法 | QV1: ※応募書類の返戻区分 | QW1: ※ＵＩＪターン歓迎 | QX1: ※外国人雇用実績の有無 | QY1: 管理選考情報／安定所番号１ | QZ1: 管理選考情報／イベント開催年月日１ | RA1: ※管理選考情報／イベント開催年月日１ | RB1: 管理選考情報／安定所番号２ | RC1: 管理選考情報／イベント開催年月日２ | RD1: ※管理選考情報／イベント開催年月日２ | RE1: 管理選考情報／安定所番号３ | RF1: 管理選考情報／イベント開催年月日３ | RG1: ※管理選考情報／イベント開催年月日３ | RH1: 管理選考情報／安定所番号４ | RI1: 管理選考情報／イベント開催年月日４ | RJ1: ※管理選考情報／イベント開催年月日４ | RK1: 管理選考情報／安定所番号５ | RL1: 管理選考情報／イベント開催年月日５ | RM1: ※管理選考情報／イベント開催年月日５ | RN1: 管理選考情報／安定所番号６ | RO1: 管理選考情報／イベント開催年月日６ | RP1: ※管理選考情報／イベント開催年月日６ | RQ1: 管理選考情報／安定所番号７ | RR1: 管理選考情報／イベント開催年月日７ | RS1: ※管理選考情報／イベント開催年月日７ | RT1: 管理選考情報／安定所番号８ | RU1: 管理選考情報／イベント開催年月日８ | RV1: ※管理選考情報／イベント開催年月日８ | RW1: 管理選考情報／安定所番号９ | RX1: 管理選考情報／イベント開催年月日９ | RY1: ※管理選考情報／イベント開催年月日９ | RZ1: 管理選考情報／安定所番号１０ | SA1: 管理選考情報／イベント開催年月日１０ | SB1: ※管理選考情報／イベント開催年月日１０ | SC1: ※紹介人数
A2: 28212- 1549861 | B2: 2821- 6745-1 | D2: 4 | E2: 2006 | G2: 1 | H2: ホワイトライン | I2: ホワイトライン | J2: 代表 | K2: 木谷 政則 | L2: 〒678-0215 | M2: 兵庫県赤穂市御崎１４２７ | N2: ＪＲ赤穂線 播州赤穂 | O2: 2 | P2: 10 | Q2: 090-9094-3881 | R2: ネット通販・営業事業。ヤフオクやメルカリ等を活用した衣類・アパレル雑貨の販売、盆栽のネット販売、および全国福利厚生共済会を活用した福利厚生の営業・導入サポート等の一連の業務。 | U2: 短時間勤務や自由な勤務時間が選べる柔軟な職場です。業務の基礎を習得した後は、自宅でのリモートワークも選べます。全国福利厚生共済会の充実した手当や優待制度が利用できます。 | V2: 0 | W2: 0 | X2: 2 | Y2: 2 | Z2: 2 | AA2: 0 | AB2: 0 | AC2: 0 | AD2: https://selectshop-whit-eline.jimdosite.com | AI2: 611 | AJ2: 28212 | AK2: 平成18年 | AM2: 1人 | AO2: ＪＲ赤穂線 播州赤穂 から 車10分 | AP2: なし | AQ2: なし | AR2: 該当者なし | AS2: 該当者なし | AT2: 該当者なし | AU2: なし | AV2: なし | AW2: なし | BB2: 通信販売・訪問販売小売業 | BL2: 28212 | BM2: 46356 | BN2: 1 | BO2: 0 | BP2: 2 | BQ2: 46295 | BS2: 0 | BT2: 1 | BU2: 1 | CA2: Z88 | CB2: Y19 | CC2: B60 | CG2: B10 | CI2: 28212 | CM2: 0 | CN2: 1 | CO2: 盆栽の手入れや庭木の手入れ | CP2: 064-05 | CS2: 3 | DC2: 3 | DD2: 0 | DH2: （パートタイム） | DJ2: 46295 | DM2: 事業所名等を含む求人情報を公開する | DN2: 地方自治体、民間人材ビジネス共に可 | DR2: 兵庫県赤穂市 | DS2: 兵庫県赤穂市 | DX2: 派遣・請負ではない | EB2: 未充足 | EC2: 0人 | EE2: 盆栽や庭木の管理・お手入れ全般をお任せします。_x000d_ _x000d_ 【具体的な業務内容】_x000d_ ・主に盆栽の手入れ_x000d_ その他_x000d_ ・盆栽や庭木への水やり_x000d_ ・敷地内の植木の剪定、枝切り、形整え_x000d_ ・お庭の草抜き、草むしり、清掃、ゴミまとめ_x000d_ ・その他、付随するお庭の軽作業_x000d_ _x000d_ ※盆栽の育成・手入れに関する知識や、ご趣味・実務での経験がある方を歓迎いたします。 変更範囲：変更なし | EF2: 5 | EH2: 0 | EJ2: 1 | ER2: 0 | EV2: 3 | EW2: 〒678-0216 | EX2: 兵庫県赤穂市正保橋町２－５ | EY2: ＪＲ赤穂線 播州赤穂 | EZ2: 2 | FA2: 10 | FB2: 0 | FD2: 1 | FE2: 0 | FF2: 0 | FG2: 2 | FI2: 屋外に喫煙場所設置 | FJ2: 1 | FK2: 1 | FL2: 0 | FN2: 1 | FS2: 3 | FV2: 2 | FW2: 盆栽の手入れ等の経験がある方 | FY2: 1 | GA2: 1 | GF2: 0 | GG2: 4 | GK2: 1200 | GL2: 1200 | GY2: 0 | HC2: 1200 | HD2: 1200 | HE2: 盆栽手入れの経験・能力に応じ別途手当支給 | HG2: 3 | HJ2: 2 | HM2: 1 | HN2: 2 | HO2: 1 | HQ2: 0 | HY2: 0 | IN2: 900 | IO2: 1700 | IP2: 3 | IQ2: 0 | IR2: 1 | IS2: ◎就業時間の相談可能です_x000d_ 週１日～、１時間～もＯＫ！！ | IT2: 0 | IV2: 0 | IX2: 10 | IY2: 1 | IZ2: 1 | JA2: 3 | JD2: 1 | JE2: 0 | JF2: 0 | JG2: 0 | JH2: 0 | JI2: 0 | JJ2: 0 | JK2: 0 | JL2: 0 | JM2: 1 | JN2: 1 | JR2: 0 | JS2: 0 | JT2: 1 | JU2: 0 | JV2: 0 | JW2: 0 | JX2: 0 | JY2: 0 | KB2: 0 | KC2: 0 | KD2: 0 | KF2: 1 | KG2: 0 | KH2: 1 | KI2: 0 | KJ2: 0 | KK2: 0 | KM2: 0 | KP2: 1 | KQ2: 0 | KT2: 1 | KU2: 0 | KX2: 0 | KY2: 0 | LB2: 0 | LD2: 1 | LG2: 1 | LH2: 0 | LI2: 0 | LJ2: 0 | LK2: 1 | LL2: 0 | LM2: 0 | LN2: 1 | LO2: 0 | LQ2: 7 | LR2: 0 | LS2: 1 | LT2: 1 | LU2: 1 | LV2: 0 | LW2: 1 | LY2: 3 | LZ2: 〒678-0239 | MA2: 兵庫県赤穂市加里屋２１８８番地１８（花岳寺通り）_x000d_ 赤穂市立加里屋まちづくり会館 | MB2: 播州赤穂駅 | MC2: 2 | MD2: 5 | ME2: 1 | MF2: 1 | MG2: 0 | MH2: 0 | MI2: 0 | MK2: 1 | ML2: 0 | MM2: 0 | MN2: 面接時に持参 | MQ2: 1 | MU2: 代表 ※ＨＷ以外の職業紹介事業者_x000d_ からの営業はお断り | MV2: 0 | MW2: 090-5129-8625 | MY2: 1 | MZ2: 0 | NC2: 0 | NE2: 当社では、スタッフの皆様が安心して長く働ける環境づくりに力を_x000d_ 入れています。_x000d_ _x000d_ ◆圧倒的な働きやすさ週１日・１日１時間から、ご自身の生活スタ_x000d_ イルに合わせて勤務時間を自由に選択できます。「家事の合間に」_x000d_ 「副業として」など、無理のない働き方が可能です。_x000d_ _x000d_ ◆充実の福利厚生「全国福利厚生共済会」に加入しており、大企業_x000d_ 並みの充実した福利厚生（各種お祝い金、レジャー、グルメの割引_x000d_ 、ライフサポートなど）をパートスタッフの方も利用できます。_x000d_ _x000d_ 「プライベートを大切にしながら、安心して働きたい」そんなあな_x000d_ たを応援します。まずはお気軽にご応募・ご相談ください。_x000d_ _x000d_ _x000d_ ＊加入保険、年次有給休暇は、労働条件により法定通り加入、付与_x000d_ _x000d_ ◎副業可！ | NF2: パート労働者 | NG2: なし | NH2: 雇用期間の定めなし | NL2: なし | NN2: ＪＲ赤穂線 播州赤穂 から 車10分 | NP2: 3人 | NQ2: 0人 | NR2: 0人 | NS2: その他 | NT2: 可 | NU2: 駐車場 あり | NV2: なし | NW2: 不問 | NX2: 不問 | NY2: 不問 | OB2: あれば尚可 | OC2: 盆栽の手入れ等の経験がある方 | OD2: 不問 | OF2: （AT限定可） | OL2: 時給 | ON2: 1,200円～1,200円 | OS2: なし | OU2: =IF(OM2<>"",OM2,ON2) -> 1,200円～1,200円 | OW2: なし | OY2: 月末 | OZ2: 毎月1日 翌月払い | PA2: 昇給なし | PE2: 賞与なし | PN2: 又は9時00分～17時00分の間の3時間程度 | PO2: なし | PQ2: なし | PR2: 10分 | PS2: 週1日～週3日 | PT2: 労働日数について相談可 | PU2: 他 | PV2: 毎 週 | PY2: 労災 | QB2: なし | QC2: なし | QD2: なし | QE2: なし | QJ2: 1人 | QL2: 面接 | QM2: 1回 | QN2: 面接選考後 | QP2: 7日以内 | QQ2: 郵送・電話・Ｅメール | QR2: 随時 | QS2: 播州赤穂駅 から 車5分 | QT2: ハローワーク紹介状・履歴書（写真貼付） | QV2: 選考後は返却 | QX2: 外国人雇用実績 | SC2: 0人
A3: 40010-58247161 | B3: 4001-639074-0 | C3: 9290001088626 | D3: 5 | E3: 2020 | F3: 800 | G3: 47 | H3: 株式会社 シルバーサポートジャパン | I3: カブシキガイシャ シルバーサポートジャパン | J3: 代表取締役社長 | K3: 高木 元 | L3: 〒810-0052 | M3: 福岡県福岡市中央区大濠１－７－３４ | N3: 地下鉄大濠公園 | Q3: 092-406-0018 | R3: 個人宅、病院、デイサービス、老人保健施設などに訪問し、理美容サービスを提供する社会貢献度の高い仕事です。 | U3: お体のご都合や色々なご事情で理美容院などに行く事が出来ない方のご自宅や福祉施設全般に伺い、出張理美容サービスを行うお仕事です。幅広い年齢層の方が活躍されています。 | V3: 0 | W3: 1 | X3: 1 | Y3: 2 | Z3: 2 | AA3: 0 | AB3: 1 | AC3: 1 | AI3: 789 | AJ3: 40133 | AK3: 令和2年 | AL3: 800万円 | AM3: 47人 | AO3: 地下鉄大濠公園 | AP3: なし | AQ3: あり | AR3: あり | AS3: 該当者なし | AT3: 該当者なし | AU3: なし | AV3: あり | AW3: あり | BB3: その他の洗濯・理容・美容・浴場業 | BL3: 40010 | BM3: 46356 | BN3: 1 | BO3: 0 | BP3: 1 | BQ3: 46295 | BS3: 0 | BT3: 1 | BU3: 1 | BY3: Z54 | BZ3: B60 | CA3: B65 | CI3: 28481 | CJ3: 28501 | CK3: 28585 | CL3: 28586 | CM3: 0 | CN3: 1 | CO3: 福祉理容師 福祉美容師（正）／赤穂郡上郡町、佐用町、他 | CP3: 053-01 | CQ3: 053-02 | CS3: 3 | CT3: 4301 | CU3: 4303 | DC3: 3 | DD3: 0 | DH3: （フルタイム） | DJ3: 46295 | DM3: 事業所名等を含む求人情報を公開する | DN3: 地方自治体、民間人材ビジネス共に可 | DR3: 兵庫県赤穂郡上郡町 | DS3: 兵庫県赤穂郡上郡町 | DT3: 兵庫県佐用郡佐用町 | DU3: 兵庫県美方郡香美町 | DV3: 兵庫県美方郡新温泉町 | DX3: 派遣・請負ではない | DY3: 理容師 | DZ3: 美容師 | EB3: 未充足 | EC3: 0人 | EE3: 個人宅・病院・デイサービスセンター・老人保健施設・福祉施設などに訪問し、理美容サービスを提供する社会貢献度の高いお仕事です。_x000d_ _x000d_ _x000d_ 変更範囲：変更なし | EF3: 1 | EJ3: 1 | ER3: 1 | ES3: ３ヶ月間（延長あり） | ET3: 1 | EV3: 3 | EW3: 〒678-1200 | EX3: 兵庫県赤穂郡上郡町、佐用町、香美町、新温泉町 | FB3: 0 | FC3: 直行直帰のお仕事になります。 | FD3: 3 | FE3: 1 | FF3: 1 | FG3: 1 | FH3: 1 | FJ3: 1 | FK3: 0 | FL3: 0 | FN3: 1 | FS3: 3 | FV3: 3 | FY3: 0 | FZ3: 1 | GA3: 1 | GB3: 1 | GC3: 1 | GF3: 1 | GG3: 1 | GK3: 250000 | GL3: 500000 | GY3: 0 | HC3: 250000 | HD3: 500000 | HE3: 交通費全額支給（ガソリン代現金支給） | HF3: 20.4 | HG3: 4 | HJ3: 2 | HM3: 1 | HN3: 2 | HO3: 20 | HQ3: 1 | HR3: 1 | HS3: 1 | HT3: 1 | HU3: 30000 | HV3: 320000 | HY3: 1 | HZ3: 1 | IA3: 2 | IB3: 1 | IC3: 2 | IH3: 900 | IK3: 1800 | IQ3: 0 | IR3: 0 | IS3: 直行、直帰のお仕事になります。 | IT3: 0 | IV3: 0 | IX3: 60 | JD3: 0 | JE3: 0 | JF3: 0 | JG3: 0 | JH3: 0 | JI3: 0 | JJ3: 1 | JK3: 1 | JL3: 1 | JM3: 0 | JN3: 1 | JP3: 10 | JQ3: 120 | JR3: 1 | JS3: 1 | JT3: 1 | JU3: 0 | JV3: 1 | JW3: 1 | JX3: 0 | JY3: 0 | KB3: 0 | KC3: 0 | KD3: 0 | KF3: 1 | KG3: 0 | KH3: 1 | KI3: 0 | KJ3: 0 | KK3: 0 | KM3: 0 | KP3: 1 | KQ3: 0 | KT3: 1 | KU3: 0 | KX3: 0 | KY3: 0 | LB3: 0 | LD3: 2 | LE3: 2 | LG3: 1 | LH3: 0 | LI3: 0 | LJ3: 1 | LK3: 1 | LL3: 0 | LM3: 0 | LN3: 1 | LO3: 0 | LQ3: 7 | LR3: 0 | LS3: 0 | LT3: 1 | LU3: 0 | LV3: 0 | LW3: 1 | LY3: 3 | LZ3: 〒678-1200 | MA3: 兵庫県赤穂郡上郡町、佐用町、香美町、新温泉町近隣地域にて面接 | ME3: 1 | MF3: 1 | MG3: 0 | MH3: 0 | MI3: 0 | MK3: 1 | ML3: 0 | MM3: 0 | MN3: 面接時持参 | MQ3: 2 | MR3: 技術選考がある場合がある | MU3: 人事採用係 | MV3: 0 | MW3: 0942-27-8778 | MY3: 1 | MZ3: 0 | NA3: 092-791-6323 | NC3: 0 | NE3: ・兵庫県全域でのお仕事になります。基本的に現地に赴きサービスをご提供するお仕事になります。_x000d_ お問合せなどがありましたらご連絡をいただけたら幸いです。_x000d_ 「生涯現役支援求人」 | NF3: 正社員 | NH3: 雇用期間の定めなし | NL3: あり | NM3: 変更なし | NP3: 3人 | NQ3: 1人 | NR3: 1人 | NS3: あり（屋内禁煙） | NT3: 可 | NU3: 駐車場 なし | NV3: なし | NW3: 不問 | NX3: 不問 | NY3: 不問 | OB3: 不問 | OE3: 普通自動車運転免許 必須 | OF3: （AT限定可） | OG3: 必須 | OH3: 必須 | OK3: いずれかの免許・資格所持で可 | OL3: 月給 | ON3: 250,000円～500,000円 | OS3: なし | OU3: =IF(OM3<>"",OM3,ON3) -> 250,000円～500,000円 | OV3: 20.4日 | OW3: 実費支給（上限なし） | OY3: 月末 | OZ3: 毎月20日 翌月払い | PA3: 昇給あり | PB3: 前年度実績 あり | PC3: 30,000円～320,000円 | PE3: 賞与あり | PF3: 前年度実績 あり | PG3: 年2回（前年度実績） | PH3: 2.00ヶ月分 | PK3: (1)9時00分～18時00分 | PO3: なし | PQ3: なし | PR3: 60分 | PU3: 土日祝 | PV3: 毎 週 | PW3: 10日 | PX3: 120日 | PY3: 雇用・労災・健康・厚生 | QB3: なし | QC3: なし | QD3: なし | QE3: なし | QJ3: 2人 | QK3: 増員 | QL3: 面接・その他 | QM3: 1回 | QN3: 面接選考後 | QP3: 7日以内 | QQ3: 電話 | QR3: 随時 | QT3: ハローワーク紹介状・履歴書（写真貼付） | QV3: 求人者の責任にて廃棄 | QX3: 外国人雇用実績 | SC3: 0人
A4: 28211- 1546861 | B4: 2821- 2719-9 | C4: 6000020284815 | G4: 315 | H4: 上郡町役場 | I4: カミゴオリチヨウヤクバ | J4: 町長 | K4: 梅田 修作 | L4: 〒678-1233 | M4: 兵庫県赤穂郡上郡町大持２７８ | N4: ＪＲ山陽本線 上郡 | O4: 2 | P4: 8 | Q4: 0791-52-1111 | R4: 地方行政 | U4: 地方自治体 | V4: 0 | W4: 0 | X4: 1 | Y4: 1 | Z4: 0 | AA4: 0 | AB4: 1 | AC4: 1 | AD4: http://www.town.kamigori.hyogo.jp | AI4: 982 | AJ4: 28481 | AM4: 315人 | AO4: ＪＲ山陽本線 上郡 から 車8分 | AP4: なし | AQ4: なし | AR4: あり | AS4: あり | AT4: なし | AU4: なし | AV4: あり | AW4: あり | BB4: 市町村の機関 | BE4: 〒678-1233 | BF4: 〒678-1233 | BG4: 兵庫県赤穂郡上郡町大持２７８ | BH4: 兵庫県赤穂郡上郡町大持２７８ | BI4: ＪＲ山陽本線 上郡 | BJ4: ＪＲ山陽本線 上郡 | BL4: 28211 | BM4: 46356 | BN4: 1 | BO4: 0 | BP4: 2 | BQ4: 46294 | BS4: 0 | BT4: 1 | BU4: 2 | CD4: B10 | CE4: Y60 | CF4: Y61 | CI4: 28481 | CM4: 0 | CN4: 1 | CO4: （パ）事務補助／上郡町役場／育休代替職員 | CP4: 035-99 | CQ4: 034-01 | CS4: 3 | CW4: 2821 | CX4: 2821- 2719-9 | CY4: 0 | CZ4: 2821 | DA4: 2821- 2719-9 | DB4: 0 | DC4: 3 | DD4: 0 | DH4: （パートタイム） | DJ4: 46294 | DM4: 事業所名等を含む求人情報を公開する | DN4: 地方自治体のみ可 | DR4: 兵庫県赤穂郡上郡町 | DS4: 兵庫県赤穂郡上郡町 | DX4: 派遣・請負ではない | EB4: 未充足 | EC4: 0人 | EE4: 上郡町役場「国保介護支援課」（育休代替職員）_x000d_ 町民のための行政サービス（介護保険事業に関する業務）事務・窓口業務・電話対応・書類整理など_x000d_ 令和８年１０月１日～令和９年２月２６日まで（更新なし） _x000d_ _x000d_ _x000d_ 【変更範囲：行政の定める業務】_x000d_ | EF4: 5 | EH4: 0 | EJ4: 2 | EK4: 46296 | EL4: 46444 | EO4: 0 | ER4: 1 | ES4: １か月 | ET4: 1 | EV4: 1 | EW4: 〒678-1233 | EX4: 兵庫県赤穂郡上郡町大持２７８ | EY4: ＪＲ山陽本線 上郡 | EZ4: 2 | FA4: 8 | FB4: 0 | FD4: 175 | FE4: 80 | FF4: 50 | FG4: 1 | FH4: 1 | FJ4: 1 | FK4: 1 | FL4: 0 | FN4: 1 | FS4: 3 | FV4: 3 | FX4: Ｗｏｒｄ、Ｅｘｃｅｌのできる方 | FY4: 1 | GA4: 1 | GF4: 0 | GG4: 4 | GK4: 1203 | GL4: 1223 | GY4: 0 | HC4: 1203 | HD4: 1223 | HG4: 1 | HH4: 1 | HI4: 38700 | HJ4: 2 | HM4: 1 | HN4: 1 | HO4: 21 | HQ4: 1 | HR4: 0 | HY4: 1 | HZ4: 1 | IA4: 1 | IB4: 1 | IC4: 2.3 | IH4: 900 | IK4: 1700 | IQ4: 0 | IR4: 0 | IT4: 0 | IV4: 0 | IX4: 60 | IY4: 2 | JB4: 2 | JC4: 5 | JD4: 0 | JE4: 0 | JF4: 0 | JG4: 0 | JH4: 0 | JI4: 0 | JJ4: 1 | JK4: 1 | JL4: 1 | JM4: 1 | JN4: 1 | JO4: 年末年始 １２月２９日～１月３日 | JR4: 0 | JS4: 1 | JT4: 0 | JU4: 1 | JV4: 1 | JW4: 1 | JX4: 0 | JY4: 0 | KB4: 0 | KC4: 0 | KD4: 0 | KF4: 0 | KG4: 0 | KH4: 0 | KI4: 0 | KJ4: 0 | KK4: 0 | KM4: 0 | KP4: 0 | KQ4: 0 | KT4: 0 | KU4: 0 | KX4: 0 | KY4: 0 | KZ4: 1 | LB4: 0 | LD4: 1 | LE4: 4 | LF4: 育休代替職員 | LG4: 1 | LH4: 0 | LI4: 0 | LJ4: 0 | LK4: 1 | LL4: 0 | LM4: 0 | LN4: 1 | LO4: 0 | LQ4: 7 | LR4: 0 | LS4: 0 | LT4: 1 | LU4: 0 | LV4: 0 | LW4: 1 | LY4: 1 | LZ4: 〒678-1233 | MA4: 兵庫県赤穂郡上郡町大持２７８ | MB4: ＪＲ山陽本線 上郡 | MC4: 2 | MD4: 8 | ME4: 1 | MF4: 1 | MG4: 0 | MH4: 0 | MI4: 1 | MJ4: 郵送 | MK4: 1 | ML4: 1 | MM4: 0 | MO4: 1 | MQ4: 2 | MS4: 国保介護支援課 | MU4: 求人掲載に関する営業電話はお断り！ | MV4: 0 | MW4: 0791-52-1152 | MY4: 0 | MZ4: 0 | NC4: 0 | NE4: ・勤務にあたっては、地方公務員法に基づき服務に関する義務等を_x000d_ 負います。_x000d_ _x000d_ ・賞与月額は条例、規則の定めるところにより在職期間に応じた月_x000d_ 数分を支給します。_x000d_ _x000d_ ・通勤手当は、月額３８，７００円を上限として通勤経路に応じた_x000d_ 金額を支給します。_x000d_ _x000d_ ・具体的な業務内容については、協議により決定します。_x000d_ _x000d_ ・加入保険、年次有給休暇など条例、規則の定めるところによる_x000d_ _x000d_ ・事前に「ハローワーク紹介状」「履歴書（写真貼付）」を_x000d_ 郵送してください。_x000d_ 後日、面接日をご案内します。 | NF4: パート労働者 | NG4: なし | NH4: 雇用期間の定めあり | NI4: 令和8年10月1日～令和9年2月26日 | NK4: 契約更新の可能性なし | NL4: あり | NM4: 変更なし | NN4: ＪＲ山陽本線 上郡 から 車8分 | NP4: 175人 | NQ4: 80人 | NR4: 50人 | NS4: あり（屋内禁煙） | NT4: 可 | NU4: 駐車場 あり | NV4: なし | NW4: 不問 | NX4: 不問 | NY4: 不問 | OB4: 不問 | OD4: 不問 | OF4: （AT限定可） | OL4: 時給 | ON4: 1,203円～1,223円 | OS4: なし | OU4: =IF(OM4<>"",OM4,ON4) -> 1,203円～1,223円 | OW4: 実費支給（上限あり） | OX4: 月額 38,700円まで | OY4: 月末 | OZ4: 毎月21日 当月払い | PA4: 昇給あり | PB4: 前年度実績 なし | PE4: 賞与あり | PF4: 前年度実績 あり | PG4: 年1回（前年度実績） | PH4: 2.30ヶ月分 | PK4: (1)9時00分～17時00分 | PO4: なし | PQ4: なし | PR4: 60分 | PS4: 週5日程度 | PU4: 土日祝他 | PV4: 毎 週 | PY4: 雇用・公災・健康・厚生 | QB4: なし | QC4: なし | QD4: なし | QE4: なし | QH4: なし | QJ4: 1人 | QK4: その他 | QL4: 面接 | QM4: 1回 | QN4: 面接選考後 | QP4: 7日以内 | QQ4: 電話 | QR4: 随時 | QS4: ＪＲ山陽本線 上郡 から 車8分 | QT4: ハローワーク紹介状・履歴書（写真貼付）・その他 | QU4: 郵送 | QV4: 求人者の責任にて廃棄 | QX4: 外国人雇用実績 | SC4: 0人
A5: 28211- 1547961 | B5: 2821- 4906-5 | C5: 6140003009655 | D5: 4 | E5: 2014 | F5: 300 | G5: 41 | H5: 合同会社 アズ | I5: ゴウドウガイシャ アズ | J5: 代表社員 | K5: 藤田 明典 | L5: 〒678-0031 | M5: 兵庫県相生市旭３丁目１１－４ ウイング相生壱番館１Ｆ | N5: ＪＲ相生 | O5: 1 | P5: 17 | Q5: 0791-23-4799 | R5: 障害者就労支援施設にて障害者作業員へのサポート、自立支援のお手伝いを行っています。 | U5: 個々の個性がいかせるような形の事業所を目指しています。_x000d_ | V5: 0 | W5: 0 | X5: 0 | Y5: 0 | Z5: 0 | AA5: 0 | AB5: 1 | AC5: 1 | AI5: 855 | AJ5: 28208 | AK5: 平成26年 | AL5: 300万円 | AM5: 41人 | AO5: ＪＲ相生 から 徒歩17分 | AP5: なし | AQ5: なし | AR5: なし | AS5: なし | AT5: なし | AU5: なし | AV5: あり | AW5: あり | BB5: 障害者福祉事業 | BE5: 〒678-0031 | BF5: 〒678-0031 | BG5: 兵庫県相生市旭３丁目１１－４ ウイング相生壱番館１Ｆ | BH5: 兵庫県相生市旭３丁目１１－４ ウイング相生壱番館１Ｆ | BI5: ＪＲ相生 | BJ5: ＪＲ相生 | BL5: 28211 | BM5: 46356 | BN5: 1 | BO5: 0 | BP5: 2 | BQ5: 46294 | BS5: 0 | BT5: 1 | BU5: 2 | CB5: Y19 | CC5: B10 | CD5: Y60 | CE5: B60 | CI5: 28208 | CM5: 0 | CN5: 1 | CO5: （パ）障害者就労指導員（Ｗワーク可能） | CP5: 049-04 | CS5: 3 | CW5: 2821 | CX5: 2821- 4906-5 | CY5: 0 | CZ5: 2821 | DA5: 2821- 4906-5 | DB5: 0 | DC5: 3 | DD5: 0 | DH5: （パートタイム） | DJ5: 46294 | DM5: 事業所名等を含む求人情報を公開する | DN5: 地方自治体のみ可 | DR5: 兵庫県相生市 | DS5: 兵庫県相生市 | DX5: 派遣・請負ではない | EB5: 未充足 | EC5: 0人 | EE5: 【障害者就労指導員】 ＊障害者就労支援事業にて障害者作業員へのサポート、自立支援のお手伝いをお願いします。作業同行あり。細かな指導、サポート を行います。_x000d_ ＊社有車（ワゴン車 ＡＴ車）を使用します。主に相生市内です。_x000d_ ＊Ｗワーク可能です。（許可申請、必要）_x000d_ _x000d_ 【変更範囲：変更なし】 | EF5: 5 | EH5: 1 | EI5: １人 | EJ5: 1 | ER5: 1 | ES5: １ヶ月 | ET5: 1 | EV5: 1 | EW5: 〒678-0031 | EX5: 兵庫県相生市旭３丁目１１－４ ウイング相生壱番館１Ｆ | EY5: ＪＲ相生 | EZ5: 1 | FA5: 17 | FB5: 0 | FD5: 40 | FE5: 13 | FF5: 36 | FG5: 1 | FH5: 1 | FJ5: 1 | FK5: 1 | FL5: 0 | FN5: 2 | FP5: 64 | FQ5: 21 | FR5: 定年が６５歳の為 | FS5: 3 | FV5: 3 | FY5: 0 | FZ5: 1 | GA5: 1 | GF5: 0 | GG5: 4 | GK5: 1172 | GL5: 1260 | GY5: 0 | HC5: 1172 | HD5: 1260 | HG5: 1 | HH5: 1 | HI5: 7000 | HJ5: 2 | HM5: 1 | HN5: 2 | HO5: 21 | HQ5: 1 | HR5: 1 | HS5: 1 | HT5: 2 | HU5: 100 | HV5: 100 | HY5: 1 | HZ5: 1 | IA5: 1 | IB5: 2 | ID5: 35000 | IE5: 40000 | IH5: 900 | IK5: 1430 | IQ5: 0 | IR5: 0 | IT5: 0 | IV5: 0 | IX5: 75 | IY5: 1 | IZ5: 3 | JA5: 6 | JD5: 1 | JE5: 0 | JF5: 0 | JG5: 0 | JH5: 0 | JI5: 0 | JJ5: 0 | JK5: 1 | JL5: 0 | JM5: 1 | JN5: 3 | JO5: 会社カレンダーによる。 土曜日・祝日は不定期（月８日の休日）年末年始 | JR5: 0 | JS5: 0 | JT5: 1 | JU5: 0 | JV5: 0 | JW5: 0 | JX5: 0 | JY5: 0 | KA5: 1 | KB5: 0 | KC5: 0 | KD5: 0 | KF5: 1 | KG5: 0 | KH5: 1 | KI5: 0 | KJ5: 0 | KK5: 0 | KM5: 1 | KN5: 1 | KO5: 65 | KP5: 1 | KQ5: 1 | KR5: 1 | KS5: 70 | KT5: 1 | KU5: 0 | KX5: 0 | KY5: 0 | KZ5: 1 | LB5: 0 | LD5: 1 | LE5: 2 | LG5: 1 | LH5: 0 | LI5: 0 | LJ5: 0 | LK5: 1 | LL5: 0 | LM5: 0 | LN5: 1 | LO5: 0 | LQ5: 7 | LR5: 0 | LS5: 1 | LT5: 1 | LU5: 0 | LV5: 0 | LW5: 1 | LY5: 1 | LZ5: 〒678-0031 | MA5: 兵庫県相生市旭３丁目１１－４ ウイング相生壱番館１Ｆ | MB5: ＪＲ相生 | MC5: 1 | MD5: 17 | ME5: 1 | MF5: 1 | MG5: 0 | MH5: 0 | MI5: 0 | MK5: 1 | ML5: 0 | MM5: 0 | MN5: 面接時に持参 | MQ5: 1 | MS5: 採用担当者 | MU5: 求人掲載に関する営業電話はお断り | MV5: 1 | MW5: 0791-23-4799 | MY5: 1 | MZ5: 0 | NA5: 0791-23-4818 | NC5: 0 | NE5: ＊加入保険・有給休暇は法定どおり。_x000d_ _x000d_ ＊労働日数、相談可能です。_x000d_ _x000d_ ＊駐車場有り。駐車料金無料。_x000d_ _x000d_ ＊業務経験がない方も歓迎します。_x000d_ _x000d_ ＊丁寧に指導を行いますので、安心してご応募ください。_x000d_ _x000d_ ＊定年は６５歳です。６５歳以上の雇用については１年毎の_x000d_ 契約更新になります。賃金については変更になります。_x000d_ _x000d_ ＊経験等不問です。障害者就労事業所に興味がある方は見学も_x000d_ していただけますのでぜひ来所下さい。_x000d_ 入社後は、仕事内容の説明からＯＪＴ（職場で教育や研修を行う こと）まで担当者が丁寧におこないます。_x000d_ _x000d_ | NF5: パート労働者 | NG5: あり | NH5: 雇用期間の定めなし | NL5: あり | NM5: 変更なし | NN5: ＪＲ相生 から 徒歩17分 | NP5: 40人 | NQ5: 13人 | NR5: 36人 | NS5: あり（屋内禁煙） | NT5: 可 | NU5: 駐車場 あり | NV5: なし | NW5: 64歳以下 | NX5: 定年を上限 | NY5: 不問 | OB5: 不問 | OE5: 普通自動車運転免許 必須 | OF5: （AT限定可） | OL5: 時給 | ON5: 1,172円～1,260円 | OS5: なし | OU5: =IF(OM5<>"",OM5,ON5) -> 1,172円～1,260円 | OW5: 実費支給（上限あり） | OX5: 月額 7,000円まで | OY5: 月末 | OZ5: 毎月21日 翌月払い | PA5: 昇給あり | PB5: 前年度実績 あり | PC5: 100円～100円 | PE5: 賞与あり | PF5: 前年度実績 あり | PG5: 年1回（前年度実績） | PI5: 35,000円～40,000円 | PK5: (1)9時00分～14時30分 | PO5: なし | PQ5: なし | PR5: 75分 | PS5: 週3日～週6日 | PT5: 労働日数について相談可 | PU5: 日他 | PV5: その他 | PY5: 労災 | QB5: なし | QC5: あり 一律 65歳 | QD5: あり 上限 70歳まで | QE5: なし | QH5: なし | QJ5: 1人 | QK5: 増員 | QL5: 面接 | QM5: 1回 | QN5: 面接選考後 | QP5: 7日以内 | QQ5: 郵送・電話 | QR5: 随時 | QS5: ＪＲ相生 から 徒歩17分 | QT5: ハローワーク紹介状・履歴書（写真貼付） | QV5: 選考後は返却 | QX5: 外国人雇用実績 | SC5: 0人
A6: 28211- 1548161 | B6: 2821-911056-3 | C6: 2140005007586 | D6: 4 | E6: 2000 | F6: 5000 | G6: 320 | H6: 医療法人社団 豊寿会 介護老人保健施設 高嶺の郷 | I6: イリョウホウジンシャダン ホウジュカイ カイゴロウジンホケンシセツ タカミネノサト | J6: 理事長 | K6: 菅原 暁 | L6: 〒678-1241 | M6: 兵庫県赤穂郡上郡町山野里２３０５－１ | N6: ＪＲ上郡 | O6: 1 | P6: 10 | Q6: 0791-57-3250 | R6: 介護老人保健施設 | U6: 医療法人豊寿会の一つで上郡町の中心部、山野里に位置し、都市型の利便性と静けさが調和した施設です。 | V6: 0 | W6: 0 | X6: 1 | Y6: 1 | Z6: 2 | AA6: 0 | AB6: 1 | AC6: 1 | AD6: https://youandi.takaminefukushikai.com/ | AI6: 854 | AJ6: 28481 | AK6: 平成12年 | AL6: 5,000万円 | AM6: 320人 | AO6: ＪＲ上郡 から 徒歩10分 | AP6: なし | AQ6: なし | AR6: あり | AS6: あり | AT6: 該当者なし | AU6: なし | AV6: あり | AW6: あり | BB6: 老人福祉・介護事業 | BE6: 〒678-1241 | BF6: 〒678-1241 | BG6: 兵庫県赤穂郡上郡町山野里２３０５－１ | BH6: 兵庫県赤穂郡上郡町山野里２３０５－１ | BI6: ＪＲ上郡 | BJ6: ＪＲ上郡 | BK6: （静） | BL6: 28211 | BM6: 46356 | BN6: 1 | BO6: 0 | BP6: 2 | BQ6: 46294 | BS6: 0 | BT6: 1 | BU6: 2 | CB6: Z88 | CC6: B10 | CD6: Z54 | CE6: B60 | CF6: Y60 | CG6: Y61 | CI6: 28481 | CM6: 0 | CN6: 1 | CO6: （パ）調理員／上郡町／未経験者歓迎◎丁寧にサポートします | CP6: 055-07 | CQ6: 099-03 | CR6: 055-08 | CS6: 3 | CW6: 2821 | CX6: 2821-911056-3 | CY6: 0 | CZ6: 2821 | DA6: 2821-911056-3 | DB6: 0 | DC6: 3 | DD6: 0 | DH6: （パートタイム） | DJ6: 46294 | DM6: 事業所名等を含む求人情報を公開する | DN6: 地方自治体のみ可 | DR6: 兵庫県赤穂郡上郡町 | DS6: 兵庫県赤穂郡上郡町 | DX6: 派遣・請負ではない | EB6: 未充足 | EC6: 0人 | EE6: ◆介護老人保健施設、入所者・デイサービス利用者さまへの厨房業務全般。（約１８０食）_x000d_ ◆１食材の準備 ２下処理 ３調理補助 ４盛付 ５洗浄_x000d_ （１項目から覚えていただきます。）_x000d_ ◆上記、５項目の仕事について、１項目でもできる方は、相談に応じます。_x000d_ ◆経験のない方でも丁寧にサポートします。_x000d_ _x000d_ 【変更範囲：変更なし】 | EF6: 5 | EH6: 0 | EJ6: 1 | ER6: 1 | ES6: ３ヶ月 | ET6: 1 | EV6: 1 | EW6: 〒678-1241 | EX6: 兵庫県赤穂郡上郡町山野里２３０５－１ | EY6: ＪＲ上郡 | EZ6: 1 | FA6: 10 | FB6: 0 | FD6: 110 | FE6: 73 | FF6: 48 | FG6: 1 | FH6: 1 | FI6: 屋内全面禁煙 屋外に喫煙所あり | FJ6: 1 | FK6: 1 | FL6: 0 | FN6: 1 | FS6: 3 | FV6: 3 | FY6: 1 | GA6: 1 | GF6: 0 | GG6: 4 | GK6: 1175 | GL6: 1180 | GY6: 0 | HC6: 1175 | HD6: 1180 | HE6: 早出手当（朝６時～） ２００円／回 | HG6: 1 | HH6: 1 | HI6: 20000 | HJ6: 1 | HK6: 15 | HM6: 1 | HN6: 1 | HO6: 28 | HQ6: 1 | HR6: 1 | HS6: 1 | HT6: 2 | HU6: 15 | HV6: 30 | HY6: 0 | IF6: 2 | IH6: 630 | II6: 900 | IJ6: 1300 | IK6: 930 | IL6: 1300 | IM6: 1630 | IN6: 600 | IO6: 1900 | IP6: 4 | IQ6: 0 | IR6: 1 | IS6: 応相談 | IT6: 0 | IV6: 0 | IX6: 0 | IY6: 2 | JB6: 2 | JC6: 3 | JD6: 1 | JE6: 0 | JF6: 0 | JG6: 0 | JH6: 0 | JI6: 0 | JJ6: 0 | JK6: 0 | JL6: 0 | JM6: 1 | JN6: 3 | JR6: 0 | JS6: 0 | JT6: 1 | JU6: 0 | JV6: 0 | JW6: 0 | JX6: 0 | JY6: 0 | KB6: 0 | KC6: 0 | KD6: 0 | KF6: 0 | KG6: 0 | KH6: 0 | KI6: 0 | KJ6: 0 | KK6: 0 | KM6: 0 | KP6: 0 | KQ6: 0 | KT6: 0 | KU6: 0 | KX6: 0 | KY6: 0 | KZ6: 1 | LB6: 0 | LD6: 2 | LE6: 1 | LG6: 1 | LH6: 0 | LI6: 0 | LJ6: 0 | LK6: 1 | LL6: 0 | LM6: 0 | LN6: 1 | LO6: 0 | LQ6: 10 | LR6: 0 | LS6: 0 | LT6: 1 | LU6: 1 | LV6: 0 | LW6: 1 | LY6: 1 | LZ6: 〒678-1241 | MA6: 兵庫県赤穂郡上郡町山野里２３０５－１ | MB6: ＪＲ上郡 | MC6: 1 | MD6: 10 | ME6: 1 | MF6: 1 | MG6: 1 | MH6: 0 | MI6: 0 | MK6: 1 | ML6: 0 | MM6: 0 | MN6: 面接時に持参 | MQ6: 1 | MS6: 採用担当者 | MT6: サイヨウタントウシャ | MU6: 総務 | MV6: 1 | MW6: 0791-57-3250 | MY6: 1 | MZ6: 0 | NA6: 0791-57-3253 | NB6: takaminenosato@wind.ocn.ne.jp | NC6: 1 | ND6: 0 | NE6: ■加入保険・有給休暇は法定どおり。_x000d_ _x000d_ ■駐車場有り。駐車料金無料。_x000d_ _x000d_ ◆６５歳以上の方応募可能です。_x000d_ _x000d_ ◆経験のない方でも指導します。_x000d_ _x000d_ ◆５項目の仕事については、１項目でもできる方_x000d_ 相談に応じます。_x000d_ 洗浄・下処理・切込み・調理・盛付 | NF6: パート労働者 | NG6: なし | NH6: 雇用期間の定めなし | NL6: あり | NM6: 変更なし | NN6: ＪＲ上郡 から 徒歩10分 | NP6: 110人 | NQ6: 73人 | NR6: 48人 | NS6: あり（屋内禁煙） | NT6: 可 | NU6: 駐車場 あり | NV6: なし | NW6: 不問 | NX6: 不問 | NY6: 不問 | OB6: 不問 | OD6: 不問 | OF6: （AT限定可） | OL6: 時給 | ON6: 1,175円～1,180円 | OS6: なし | OU6: =IF(OM6<>"",OM6,ON6) -> 1,175円～1,180円 | OW6: 実費支給（上限あり） | OX6: 月額 20,000円まで | OY6: 毎月15日 | OZ6: 毎月28日 当月払い | PA6: 昇給あり | PB6: 前年度実績 あり | PC6: 15円～30円 | PE6: 賞与なし | PJ6: 交替制あり | PK6: (1)6時30分～9時30分 | PL6: (2)9時00分～13時00分 | PM6: (3)13時00分～16時30分 | PN6: 又は6時00分～19時00分の間の4時間程度 | PO6: なし | PQ6: なし | PR6: 0分 | PS6: 週3日程度 | PT6: 労働日数について相談可 | PU6: 他 | PV6: その他 | PY6: 労災 | QB6: なし | QC6: なし | QD6: なし | QE6: なし | QH6: なし | QJ6: 2人 | QK6: 欠員補充 | QL6: 面接 | QM6: 1回 | QN6: 面接選考後 | QP6: 10日以内 | QQ6: 電話・Ｅメール | QR6: 随時 | QS6: ＪＲ上郡 から 徒歩10分 | QT6: ハローワーク紹介状・履歴書（写真貼付）・職務経歴書 | QV6: 選考後は返却 | QW6: ＵＩＪターン歓迎 | QX6: 外国人雇用実績なし | SC6: 0人
A7: 28211- 1535561 | B7: 2821- 3272-3 | C7: 7140005007516 | D7: 4 | E7: 1990 | G7: 436 | H7: 社会福祉法人 みどリ福祉会 認知症高齢者グループホーム グリーン | I7: シヤカイフクシホウジンミドリフクシカイ ニンチショウコウレイシヤグループホーム グリーン | J7: 理事長 | K7: 魚橋 哲夫 | L7: 〒678-0081 | M7: 兵庫県相生市若狭野町入野５５４－１ | N7: 山陽本線相生 | O7: 2 | P7: 15 | Q7: 0791-28-0085 | R7: 認知症対応型共同生活介護事業 | U7: 入所者９名の日常生活の援助や介護を行う。 | V7: 0 | W7: 1 | X7: 1 | Y7: 0 | Z7: 0 | AA7: 0 | AB7: 1 | AC7: 1 | AI7: 854 | AJ7: 28208 | AK7: 平成2年 | AM7: 436人 | AO7: 山陽本線相生 から 車15分 | AP7: なし | AQ7: あり | AR7: あり | AS7: なし | AT7: なし | AU7: なし | AV7: あり | AW7: あり | BB7: 老人福祉・介護事業 | BE7: 〒678-0081 | BF7: 〒678-0081 | BG7: 兵庫県相生市若狭野町入野５５４－１ | BH7: 兵庫県相生市若狭野町入野５５４－１ | BI7: 山陽本線相生 | BJ7: 山陽本線相生 | BK7: （静） | BL7: 28211 | BM7: 46356 | BN7: 1 | BO7: 0 | BP7: 1 | BQ7: 46293 | BS7: 0 | BT7: 1 | BU7: 2 | CC7: B10 | CD7: B60 | CE7: Y60 | CF7: Y61 | CI7: 28208 | CM7: 0 | CN7: 1 | CO7: 正社員：施設介護員（介護）／６５歳以上の方、応募可能 | CP7: 050-01 | CQ7: 055-07 | CR7: 096-01 | CS7: 3 | CT7: 2313 | CW7: 2821 | CX7: 2821- 3272-3 | CY7: 0 | CZ7: 2821 | DA7: 2821- 3272-3 | DB7: 0 | DC7: 3 | DD7: 0 | DH7: （フルタイム） | DJ7: 46293 | DM7: 事業所名等を含む求人情報を公開する | DN7: 地方自治体のみ可 | DR7: 兵庫県相生市 | DS7: 兵庫県相生市 | DX7: 派遣・請負ではない | DY7: 介護職員初任者研修修了者 | EB7: 未充足 | EC7: 0人 | EE7: ＊認知症のある方の施設内での日常的介護業務および調理。_x000d_ （家事活動が多く含まれます。） ■９人の介護及び調理を行って頂きます。_x000d_ ・介護 食事の介助・トイレの付き添い等。_x000d_ ・調理 昼食・夕食食。_x000d_ ・清掃 廊下・階段・リビング・トイレ・お風呂場等。 _x000d_ ◆６５歳以上の方、応募可能（契約社員）_x000d_ ＊職場見学可能です。_x000d_ _x000d_ 【変更範囲：変更なし】 | EF7: 1 | EJ7: 1 | ER7: 1 | ES7: ３ケ月 | ET7: 1 | EV7: 1 | EW7: 〒678-0081 | EX7: 兵庫県相生市若狭野町入野５５４－１ | EY7: 山陽本線相生 | EZ7: 2 | FA7: 15 | FB7: 0 | FD7: 8 | FE7: 7 | FF7: 4 | FG7: 1 | FH7: 1 | FJ7: 1 | FK7: 1 | FL7: 0 | FN7: 2 | FO7: 18 | FP7: 59 | FQ7: 22 | FR7: 夜勤業務があるため 定年が６０歳の為 | FS7: 3 | FV7: 1 | FW7: 福祉施設での経験等 | FY7: 0 | FZ7: 1 | GA7: 1 | GB7: 2 | GE7: 普通自動車免許（通勤用） | GF7: 0 | GG7: 1 | GK7: 200000 | GL7: 200000 | GY7: 0 | HC7: 200000 | HD7: 200000 | HE7: 夜勤手当１回８，０００円_x000d_ 資格手当５，０００円 処遇改善手当 １０，０００円 | HF7: 21 | HG7: 1 | HH7: 1 | HI7: 30000 | HJ7: 1 | HK7: 20 | HM7: 1 | HN7: 1 | HO7: 29 | HQ7: 1 | HR7: 1 | HS7: 1 | HT7: 1 | HU7: 1500 | HV7: 4000 | HY7: 1 | HZ7: 1 | IA7: 2 | IB7: 1 | IC7: 3 | IF7: 2 | IH7: 830 | IK7: 1730 | IQ7: 0 | IR7: 0 | IS7: 夜勤 １６時３０分～９時３０分 休憩２時間 | IT7: 1 | IU7: 10 | IV7: 0 | IX7: 60 | JD7: 0 | JE7: 0 | JF7: 0 | JG7: 0 | JH7: 0 | JI7: 0 | JJ7: 0 | JK7: 0 | JL7: 0 | JM7: 1 | JN7: 1 | JO7: 会社カレンダーによる | JP7: 10 | JQ7: 113 | JR7: 1 | JS7: 1 | JT7: 1 | JU7: 0 | JV7: 1 | JW7: 1 | JX7: 0 | JY7: 0 | KA7: 1 | KB7: 0 | KC7: 0 | KD7: 0 | KF7: 1 | KG7: 1 | KH7: 1 | KI7: 1 | KJ7: 0 | KK7: 0 | KL7: 1 | KM7: 1 | KN7: 1 | KO7: 60 | KP7: 1 | KQ7: 1 | KR7: 1 | KS7: 70 | KT7: 1 | KU7: 1 | KV7: 1 | KW7: 70 | KX7: 0 | KY7: 0 | KZ7: 1 | LB7: 0 | LD7: 1 | LG7: 1 | LH7: 0 | LI7: 0 | LJ7: 0 | LK7: 1 | LL7: 0 | LM7: 0 | LN7: 1 | LO7: 0 | LQ7: 7 | LR7: 0 | LS7: 0 | LT7: 1 | LU7: 0 | LV7: 0 | LW7: 1 | LY7: 1 | LZ7: 〒678-0081 | MA7: 兵庫県相生市若狭野町入野５５４－１ | MB7: 山陽本線相生 | MC7: 2 | MD7: 15 | ME7: 1 | MF7: 1 | MG7: 0 | MH7: 0 | MI7: 0 | MK7: 1 | ML7: 0 | MM7: 0 | MN7: 面接時に持参 | MQ7: 2 | MS7: 採用担当者 | MU7: 求人に関する営業電話はお断り | MV7: 1 | MW7: 0791-28-0085 | MY7: 0 | MZ7: 0 | NC7: 0 | NE7: ■６５歳以上の方応募可能。_x000d_ _x000d_ ■駐車場有り。駐車料金無料。 | NF7: 正社員 | NH7: 雇用期間の定めなし | NL7: あり | NM7: 変更なし | NN7: 山陽本線相生 から 車15分 | NP7: 8人 | NQ7: 7人 | NR7: 4人 | NS7: あり（屋内禁煙） | NT7: 可 | NU7: 駐車場 あり | NV7: なし | NW7: 18歳～59歳 | NX7: 法令の規定により年齢制限がある | NY7: 不問 | OB7: 必須 | OC7: 福祉施設での経験等 | OE7: 普通自動車運転免許 必須 | OF7: （AT限定可） | OG7: あれば尚可 | OJ7: 普通自動車免許（通勤用） | OL7: 月給 | ON7: 200,000円～200,000円 | OS7: なし | OU7: =IF(OM7<>"",OM7,ON7) -> 200,000円～200,000円 | OV7: 21.0日 | OW7: 実費支給（上限あり） | OX7: 月額 30,000円まで | OY7: 毎月20日 | OZ7: 毎月29日 当月払い | PA7: 昇給あり | PB7: 前年度実績 あり | PC7: 1,500円～4,000円 | PE7: 賞与あり | PF7: 前年度実績 あり | PG7: 年2回（前年度実績） | PH7: 3.00ヶ月分 | PJ7: 交替制あり | PK7: (1)8時30分～17時30分 | PO7: あり | PP7: 10時間 | PQ7: なし | PR7: 60分 | PU7: 他 | PV7: 毎 週 | PW7: 10日 | PX7: 113日 | PY7: 雇用・労災・健康・厚生 | QA7: 退職金共済 | QB7: あり （勤続 1年以上） | QC7: あり 一律 60歳 | QD7: あり 上限 70歳まで | QE7: あり 上限 70歳まで | QH7: なし | QJ7: 1人 | QL7: 面接 | QM7: 1回 | QN7: 面接選考後 | QP7: 7日以内 | QQ7: 電話 | QR7: 随時 | QS7: 山陽本線相生 から 車15分 | QT7: ハローワーク紹介状・履歴書（写真貼付） | QV7: 求人者の責任にて廃棄 | QX7: 外国人雇用実績 | SC7: 0人
A8: 28211- 1536461 | B8: 2821- 2775-0 | C8: 6140001039844 | D8: 3 | E8: 1960 | F8: 15000 | G8: 69 | H8: 西播開発 株式会社 | I8: セイバンカイハツ カブシキガイシヤ | J8: 支配人 | K8: 大浦秀幸 | L8: 〒678-0011 | M8: 兵庫県相生市那波野２７８ | N8: 山陽本線相生 | O8: 2 | P8: 5 | Q8: 0791-22-1010 | R8: 土地開発経営・ゴルフ場建設経営 _x000d_ _x000d_ | U8: 開場６４年の歴史あるゴルフ場_x000d_ | V8: 0 | W8: 0 | X8: 0 | Y8: 0 | Z8: 0 | AA8: 0 | AB8: 1 | AC8: 1 | AD8: https://aioicc.com/ | AI8: 804 | AJ8: 28208 | AK8: 昭和35年 | AL8: 1億5,000万円 | AM8: 69人 | AO8: 山陽本線相生 から 車5分 | AP8: なし | AQ8: なし | AR8: なし | AS8: なし | AT8: なし | AU8: なし | AV8: あり | AW8: あり | BB8: スポーツ施設提供業 | BE8: 〒678-0011 | BF8: 〒678-0011 | BG8: 兵庫県相生市那波野２７８ | BH8: 兵庫県相生市那波野２７８ | BI8: 山陽本線相生 | BJ8: 山陽本線相生 | BL8: 28211 | BM8: 46356 | BN8: 1 | BO8: 0 | BP8: 2 | BQ8: 46293 | BS8: 0 | BT8: 1 | BU8: 2 | CC8: B10 | CD8: B60 | CE8: Y60 | CF8: Y61 | CI8: 28208 | CM8: 0 | CN8: 1 | CO8: （パ）ゴルフ場／マスター室業務スタッフ | CP8: 056-08 | CQ8: 040-99 | CS8: 3 | CW8: 2821 | CX8: 2821- 2775-0 | CY8: 0 | CZ8: 2821 | DA8: 2821- 2775-0 | DB8: 0 | DC8: 3 | DD8: 0 | DH8: （パートタイム） | DJ8: 46293 | DM8: 事業所名等を含む求人情報を公開する | DN8: 地方自治体のみ可 | DR8: 兵庫県相生市 | DS8: 兵庫県相生市 | DX8: 派遣・請負ではない | EB8: 未充足 | EC8: 0人 | EE8: ゴルフ場マスター室業務全般。_x000d_ ・バッグの受け渡し（ポーター業務）_x000d_ ・カートの管理（整備、スタート順配置）_x000d_ ・キャディバッグの積み下ろし、クラブ確認。_x000d_ ・コース内巡回など運行管理補助。_x000d_ _x000d_ _x000d_ 【変更範囲：変更なし】_x000d_ | EF8: 5 | EH8: 0 | EJ8: 2 | EM8: 1 | EN8: 0 | EO8: 1 | EP8: 1 | ER8: 1 | ES8: ３ヶ月 | ET8: 1 | EV8: 1 | EW8: 〒678-0011 | EX8: 兵庫県相生市那波野２７８ | EY8: 山陽本線相生 | EZ8: 2 | FA8: 5 | FB8: 0 | FD8: 41 | FE8: 25 | FF8: 23 | FG8: 1 | FH8: 1 | FJ8: 1 | FK8: 1 | FL8: 0 | FN8: 1 | FS8: 3 | FV8: 2 | FW8: ゴルフの知識がある方 | FY8: 0 | FZ8: 1 | GA8: 1 | GF8: 0 | GG8: 4 | GK8: 1172 | GL8: 1200 | GY8: 0 | HC8: 1172 | HD8: 1200 | HG8: 1 | HH8: 1 | HI8: 20000 | HJ8: 2 | HM8: 1 | HN8: 2 | HO8: 25 | HQ8: 1 | HR8: 0 | HY8: 0 | IF8: 2 | IN8: 630 | IO8: 1600 | IP8: 5 | IQ8: 0 | IR8: 1 | IS8: 勤務時間応相談、短時間勤務も可能 | IT8: 1 | IU8: 5 | IV8: 0 | IX8: 0 | IY8: 2 | JB8: 2 | JC8: 4 | JD8: 1 | JE8: 0 | JF8: 0 | JG8: 0 | JH8: 0 | JI8: 0 | JJ8: 0 | JK8: 0 | JL8: 0 | JM8: 1 | JN8: 1 | JR8: 0 | JS8: 1 | JT8: 1 | JU8: 0 | JV8: 0 | JW8: 0 | JX8: 0 | JY8: 0 | KA8: 1 | KB8: 0 | KC8: 0 | KD8: 0 | KF8: 1 | KG8: 0 | KH8: 0 | KI8: 0 | KJ8: 0 | KK8: 0 | KM8: 0 | KP8: 0 | KQ8: 0 | KT8: 0 | KU8: 0 | KX8: 0 | KY8: 0 | KZ8: 1 | LB8: 0 | LD8: 1 | LE8: 1 | LG8: 1 | LH8: 0 | LI8: 0 | LJ8: 0 | LK8: 1 | LL8: 0 | LM8: 0 | LN8: 1 | LO8: 0 | LQ8: 4 | LR8: 0 | LS8: 0 | LT8: 1 | LU8: 0 | LV8: 0 | LW8: 1 | LY8: 1 | LZ8: 〒678-0011 | MA8: 兵庫県相生市那波野２７８ | MB8: 山陽本線相生 | MC8: 2 | MD8: 5 | ME8: 1 | MF8: 1 | MG8: 0 | MH8: 0 | MI8: 0 | MK8: 1 | ML8: 0 | MM8: 0 | MN8: 面接時に持参 | MQ8: 2 | MS8: 採用担当者 | MU8: 求人掲載に関する営業電話はお断り | MV8: 1 | MW8: 0791-22-1010 | MY8: 0 | MZ8: 0 | NB8: arai@aioicc.com | NC8: 0 | NE8: ■加入保険・有給休暇は法定どおり_x000d_ _x000d_ ■駐車場有り。駐車料金無料_x000d_ _x000d_ ■１年毎の契約更新になります_x000d_ _x000d_ ■６０歳以上の方応募可能です_x000d_ _x000d_ 開場６５年の歴史あるゴルフ場マスター室のお仕事です。_x000d_ _x000d_ ゴルフ好きの方歓迎 練習、プレー優待あります。_x000d_ _x000d_ 働きやすいアットホームな職場環境！_x000d_ _x000d_ _x000d_ 【ハローワーク以外の職業相談・事業所からの営業お断り】 | NF8: パート労働者 | NG8: なし | NH8: 雇用期間の定めあり | NJ8: 1年 | NK8: 契約更新の可能性あり（原則更新） | NL8: あり | NM8: 変更なし | NN8: 山陽本線相生 から 車5分 | NP8: 41人 | NQ8: 25人 | NR8: 23人 | NS8: あり（屋内禁煙） | NT8: 可 | NU8: 駐車場 あり | NV8: なし | NW8: 不問 | NX8: 不問 | NY8: 不問 | OB8: あれば尚可 | OC8: ゴルフの知識がある方 | OE8: 普通自動車運転免許 必須 | OF8: （AT限定可） | OL8: 時給 | ON8: 1,172円～1,200円 | OS8: なし | OU8: =IF(OM8<>"",OM8,ON8) -> 1,172円～1,200円 | OW8: 実費支給（上限あり） | OX8: 月額 20,000円まで | OY8: 月末 | OZ8: 毎月25日 翌月払い | PA8: 昇給あり | PB8: 前年度実績 なし | PE8: 賞与なし | PJ8: 交替制あり | PN8: 又は6時30分～16時00分の間の5時間程度 | PO8: あり | PP8: 5時間 | PQ8: なし | PR8: 0分 | PS8: 週4日程度 | PT8: 労働日数について相談可 | PU8: 他 | PV8: 毎 週 | PY8: 雇用・労災 | QB8: なし | QC8: なし | QD8: なし | QE8: なし | QH8: なし | QJ8: 1人 | QK8: 欠員補充 | QL8: 面接 | QM8: 1回 | QN8: 面接選考後 | QP8: 4日以内 | QQ8: 電話 | QR8: 随時 | QS8: 山陽本線相生 から 車5分 | QT8: ハローワーク紹介状・履歴書（写真貼付） | QV8: 求人者の責任にて廃棄 | QX8: 外国人雇用実績 | SC8: 0人
A9: 28211- 1538861 | B9: 2821- 3025-8 | C9: 7140005007516 | D9: 4 | E9: 1990 | G9: 436 | H9: 社会福祉法人みどり福祉会 若狭野荘 | I9: シャカイフクシホウジンミドリフクシカイ ワカサノソウ | J9: 理事長 | K9: 魚橋 哲夫 | L9: 〒678-0081 | M9: 兵庫県相生市若狭野町若狭野２３５－４４ | N9: ＪＲ相生 | O9: 2 | P9: 10 | Q9: 0791-28-1510 | R9: 障害者支援施設（生活介護・施設入所支援） | U9: 家族的な雰囲気です。 | V9: 0 | W9: 0 | X9: 1 | Y9: 0 | Z9: 0 | AA9: 0 | AB9: 1 | AC9: 1 | AD9: http://www.midori-fukushi.com | AI9: 855 | AJ9: 28208 | AK9: 平成2年 | AM9: 436人 | AO9: ＪＲ相生 から 車10分 | AP9: なし | AQ9: なし | AR9: あり | AS9: なし | AT9: なし | AU9: なし | AV9: あり | AW9: あり | BB9: 障害者福祉事業 | BE9: 〒678-0081 | BF9: 〒678-0081 | BG9: 兵庫県相生市若狭野町若狭野２３５－４４ | BH9: 兵庫県相生市若狭野町若狭野２３５－４４ | BI9: ＪＲ相生 | BJ9: ＪＲ相生 | BK9: （静） | BL9: 28211 | BM9: 46356 | BN9: 1 | BO9: 0 | BP9: 1 | BQ9: 46293 | BS9: 0 | BT9: 1 | BU9: 2 | CB9: Z88 | CC9: B10 | CD9: B60 | CE9: Y60 | CF9: Y61 | CI9: 28208 | CM9: 0 | CN9: 1 | CO9: 正社員：支援員／６０歳以上の方、応募可能（契約社員） | CP9: 049-04 | CQ9: 050-03 | CS9: 3 | CW9: 2821 | CX9: 2821- 3025-8 | CY9: 0 | CZ9: 2821 | DA9: 2821- 3025-8 | DB9: 0 | DC9: 3 | DD9: 0 | DH9: （フルタイム） | DJ9: 46293 | DM9: 事業所名等を含む求人情報を公開する | DN9: 地方自治体のみ可 | DR9: 兵庫県相生市 | DS9: 兵庫県相生市 | DX9: 派遣・請負ではない | EB9: 未充足 | EC9: 0人 | EE9: 支援員業務_x000d_ ※知的障害者の介護支援業務。（入所者約５０人）_x000d_ ※知的障害者の作業の補助。_x000d_ ※食事・入浴・排泄の介助を行っていただきます。_x000d_ ／６０歳以上の方、応募可能（契約社員）_x000d_ ／見学可能です_x000d_ _x000d_ 【変更範囲：変更なし】_x000d_ _x000d_ | EF9: 1 | EJ9: 1 | ER9: 1 | ES9: ３ヶ月 | ET9: 1 | EV9: 1 | EW9: 〒678-0081 | EX9: 兵庫県相生市若狭野町若狭野２３５－４４ | EY9: ＪＲ相生 | EZ9: 2 | FA9: 10 | FB9: 0 | FD9: 48 | FE9: 32 | FF9: 19 | FG9: 1 | FH9: 1 | FJ9: 1 | FK9: 1 | FL9: 1 | FM9: 法人内施設 | FN9: 2 | FO9: 18 | FP9: 59 | FQ9: 21 | FR9: 深夜業務がある為 定年が６０歳の為 | FS9: 1 | FT9: 3 | FV9: 3 | FY9: 0 | FZ9: 1 | GA9: 1 | GE9: 普通自動車免許（通勤用） | GF9: 0 | GG9: 1 | GK9: 165000 | GL9: 172000 | GM9: 処遇 | GQ9: 60000 | GU9: 60000 | GY9: 0 | HC9: 225000 | HD9: 232000 | HE9: 夜勤手当 ８，０００円／１回 （月４回程度） 介護福祉士 ５０００円_x000d_ 社会福祉士 １５、０００円 | HF9: 21 | HG9: 1 | HH9: 1 | HI9: 30000 | HJ9: 1 | HK9: 20 | HM9: 1 | HN9: 1 | HO9: 29 | HQ9: 1 | HR9: 1 | HS9: 1 | HT9: 1 | HU9: 1000 | HV9: 2000 | HY9: 1 | HZ9: 1 | IA9: 2 | IB9: 1 | IC9: 4.2 | IF9: 2 | IH9: 700 | II9: 830 | IJ9: 930 | IK9: 1600 | IL9: 1730 | IM9: 1830 | IQ9: 0 | IR9: 0 | IS9: ※就業時間： （４）１１：００～２０：００_x000d_ （５）１６：００～０９：３０「夜勤」_x000d_ （月４回程度です） | IT9: 0 | IV9: 0 | IX9: 60 | JD9: 0 | JE9: 0 | JF9: 0 | JG9: 0 | JH9: 0 | JI9: 0 | JJ9: 0 | JK9: 0 | JL9: 0 | JM9: 1 | JN9: 3 | JO9: ＊会社カレンダーによる。_x000d_ | JP9: 10 | JQ9: 113 | JR9: 1 | JS9: 1 | JT9: 1 | JU9: 0 | JV9: 1 | JW9: 1 | JX9: 0 | JY9: 0 | KA9: 1 | KB9: 0 | KC9: 0 | KD9: 1 | KF9: 1 | KG9: 1 | KH9: 1 | KI9: 1 | KJ9: 0 | KK9: 0 | KL9: 1 | KM9: 1 | KN9: 1 | KO9: 60 | KP9: 0 | KQ9: 1 | KR9: 1 | KS9: 70 | KT9: 0 | KU9: 1 | KV9: 1 | KW9: 70 | KX9: 0 | KY9: 0 | KZ9: 1 | LB9: 1 | LD9: 1 | LE9: 1 | LG9: 1 | LH9: 0 | LI9: 0 | LJ9: 0 | LK9: 1 | LL9: 0 | LM9: 0 | LN9: 1 | LO9: 0 | LQ9: 7 | LR9: 0 | LS9: 0 | LT9: 1 | LU9: 0 | LV9: 0 | LW9: 1 | LY9: 1 | LZ9: 〒678-0081 | MA9: 兵庫県相生市若狭野町若狭野２３５－４４ | MB9: ＪＲ相生 | MC9: 2 | MD9: 10 | ME9: 1 | MF9: 1 | MG9: 0 | MH9: 0 | MI9: 0 | MK9: 1 | ML9: 0 | MM9: 0 | MN9: 面接時に持参 | MQ9: 2 | MS9: 採用担当者 | MU9: 求人掲載に関する営業電話はお断り | MV9: 1 | MW9: 0791-28-1510 | MY9: 0 | MZ9: 0 | NC9: 0 | ND9: 1 | NE9: _x000d_ ■駐車場有り。駐車料金無料。_x000d_ _x000d_ ■定年は６０歳です。６０歳以上の雇用については１年毎の契約_x000d_ 更新になります。賃金については変更になります。_x000d_ _x000d_ ／６０歳以上の方、応募可能（契約社員）_x000d_ _x000d_ ／見学可能です_x000d_ | NF9: 正社員 | NH9: 雇用期間の定めなし | NL9: あり | NM9: 変更なし | NN9: ＪＲ相生 から 車10分 | NP9: 48人 | NQ9: 32人 | NR9: 19人 | NS9: あり（屋内禁煙） | NT9: 可 | NU9: 駐車場 あり | NV9: あり | NW9: 18歳～59歳 | NX9: 定年を上限 | NY9: 必須 | NZ9: 高校 | OB9: 不問 | OE9: 普通自動車運転免許 必須 | OF9: （AT限定可） | OJ9: 普通自動車免許（通勤用） | OL9: 月給 | ON9: 165,000円～172,000円 | OO9: 処遇手当60,000円～60,000円 | OS9: なし | OU9: =IF(OM9<>"",OM9,ON9) -> 165,000円～172,000円 | OV9: 21.0日 | OW9: 実費支給（上限あり） | OX9: 月額 30,000円まで | OY9: 毎月20日 | OZ9: 毎月29日 当月払い | PA9: 昇給あり | PB9: 前年度実績 あり | PC9: 1,000円～2,000円 | PE9: 賞与あり | PF9: 前年度実績 あり | PG9: 年2回（前年度実績） | PH9: 4.20ヶ月分 | PJ9: 交替制あり | PK9: (1)7時00分～16時00分 | PL9: (2)8時30分～17時30分 | PM9: (3)9時30分～18時30分 | PO9: なし | PQ9: なし | PR9: 60分 | PU9: 他 | PV9: その他 | PW9: 10日 | PX9: 113日 | PY9: 雇用・労災・健康・厚生 | PZ9: 給付 | QA9: 退職金共済 | QB9: あり （勤続 1年以上） | QC9: あり 一律 60歳 | QD9: あり 上限 70歳まで | QE9: あり 上限 70歳まで | QH9: なし | QI9: あり | QJ9: 1人 | QK9: 欠員補充 | QL9: 面接 | QM9: 1回 | QN9: 面接選考後 | QP9: 7日以内 | QQ9: 電話 | QR9: 随時 | QS9: ＪＲ相生 から 車10分 | QT9: ハローワーク紹介状・履歴書（写真貼付） | QV9: 求人者の責任にて廃棄 | QX9: 外国人雇用実績あり | SC9: 0人
A10: 28211- 1539961 | B10: 2821-912566-1 | C10: 7140005007516 | D10: 4 | E10: 1990 | G10: 436 | H10: 社会福祉法人みどり福祉会 障害者グループホーム入野グリーン | I10: シャカイフクシホウジンミドリフクシカイ ショウガイシャグループホームイリノグリーン | J10: 理事長 | K10: 魚橋 哲夫 | L10: 〒678-0081 | M10: 兵庫県相生市若狭野町入野５５４－１ | N10: ＪＲ相生 | O10: 2 | P10: 15 | Q10: 0791-28-0085 | R10: 障害者グループホーム | U10: 障害者の方が共同生活をされるホーム（入居者５名（６名））での日常生活や食事等の支援を行う | V10: 0 | W10: 0 | X10: 2 | Y10: 0 | Z10: 0 | AA10: 0 | AB10: 1 | AC10: 1 | AI10: 855 | AJ10: 28208 | AK10: 平成2年 | AM10: 436人 | AO10: ＪＲ相生 から 車15分 | AP10: なし | AQ10: なし | AR10: 該当者なし | AS10: なし | AT10: なし | AU10: なし | AV10: あり | AW10: あり | BB10: 障害者福祉事業 | BF10: 〒678-0081 | BH10: 兵庫県相生市若狭野町入野５５４－１ | BJ10: ＪＲ相生 | BL10: 28211 | BM10: 46356 | BN10: 1 | BO10: 0 | BP10: 2 | BQ10: 46293 | BS10: 0 | BT10: 1 | BU10: 2 | CC10: B10 | CD10: B60 | CE10: Y60 | CF10: Y61 | CI10: 28208 | CM10: 0 | CN10: 1 | CO10: （パ）生活支援員／日常生活のお手伝い | CP10: 050-03 | CQ10: 052-01 | CR10: 055-07 | CS10: 3 | CW10: 2821 | CX10: 2821-912566-1 | CY10: 0 | DC10: 3 | DD10: 0 | DH10: （パートタイム） | DJ10: 46293 | DM10: 事業所名等を含む求人情報を公開する | DN10: 地方自治体のみ可 | DR10: 兵庫県相生市 | DS10: 兵庫県相生市 | DX10: 派遣・請負ではない | EB10: 未充足 | EC10: 0人 | EE10: 障害者の方が、共同生活をされるグループホーム『グループホームｕｍｉ・凪』にて、利用者さま（１居住区最大５名）が安心して生活していただくように、日常生活のお手伝い（食事つくり）などお願いします。_x000d_ ＊食事の調理について：材料、献立は整っており、家庭のご飯作りができる方であれば大丈夫です_x000d_ ＊６０歳以上の方、応募可能です_x000d_ _x000d_ 【変更範囲：変更なし】 | EF10: 5 | EH10: 0 | EJ10: 2 | EM10: 1 | EO10: 1 | EP10: 2 | EQ10: 勤務態度や能力等により判断します。 | ER10: 1 | ES10: １ヵ月 | ET10: 1 | EV10: 3 | EW10: 〒678-0051 | EX10: 兵庫県相生市那波大浜町２４－４_x000d_ 『グループホームｕｍｉ・凪』 | EY10: ＪＲ相生 | EZ10: 1 | FA10: 10 | FB10: 0 | FD10: 9 | FE10: 9 | FF10: 9 | FG10: 1 | FH10: 1 | FJ10: 1 | FK10: 1 | FL10: 0 | FN10: 1 | FS10: 3 | FV10: 2 | FW10: 福祉施設での勤務経験 | FY10: 1 | GA10: 1 | GF10: 0 | GG10: 4 | GK10: 1180 | GL10: 1180 | GY10: 0 | HC10: 1180 | HD10: 1180 | HG10: 1 | HH10: 1 | HI10: 30000 | HJ10: 1 | HK10: 20 | HM10: 1 | HN10: 1 | HO10: 29 | HQ10: 0 | HY10: 0 | IF10: 2 | IH10: 700 | II10: 1430 | IJ10: 830 | IK10: 930 | IL10: 1900 | IM10: 1430 | IQ10: 0 | IR10: 0 | IS10: （１）（２）の交替制ですが、柔軟に対応します_x000d_ （３）の勤務は、土日祝日及び年末年始のみ（休憩時間３０分）_x000d_ 勤務時間・労働日数等は相談に応じます | IT10: 0 | IV10: 0 | IX10: 0 | IY10: 1 | IZ10: 2 | JA10: 3 | JD10: 1 | JE10: 0 | JF10: 0 | JG10: 0 | JH10: 0 | JI10: 0 | JJ10: 0 | JK10: 0 | JL10: 0 | JM10: 1 | JN10: 3 | JO10: 勤務表による_x000d_ | JR10: 0 | JS10: 0 | JT10: 1 | JU10: 0 | JV10: 0 | JW10: 0 | JX10: 0 | JY10: 0 | KB10: 0 | KC10: 0 | KD10: 0 | KF10: 0 | KG10: 0 | KH10: 0 | KI10: 0 | KJ10: 0 | KK10: 0 | KM10: 0 | KP10: 0 | KQ10: 0 | KT10: 0 | KU10: 0 | KX10: 0 | KY10: 0 | LB10: 0 | LD10: 1 | LE10: 1 | LG10: 1 | LH10: 0 | LI10: 0 | LJ10: 0 | LK10: 1 | LL10: 0 | LM10: 0 | LN10: 1 | LO10: 0 | LQ10: 7 | LR10: 0 | LS10: 0 | LT10: 1 | LU10: 0 | LV10: 0 | LW10: 1 | LY10: 1 | LZ10: 〒678-0081 | MA10: 兵庫県相生市若狭野町入野５５４－１ | MB10: ＪＲ相生 | MC10: 2 | MD10: 15 | ME10: 1 | MF10: 1 | MG10: 0 | MH10: 0 | MI10: 0 | MK10: 1 | ML10: 0 | MM10: 0 | MN10: 面接時に持参 | MQ10: 1 | MS10: 採用担当者 | MU10: 求人掲載に関する営業電話はお断り | MV10: 1 | MW10: 0791-28-0085 | MY10: 0 | MZ10: 0 | NC10: 0 | NE10: 障害者の方が、共同生活をされるグループホームにて、利用者さま（１居住区最大５名）が安心して生活していただくように、日常生活のお手伝い（食事つくり）などお願いします。_x000d_ ＊食事の調理について：材料、献立は整っており、家庭のご飯作りができる方であれば大丈夫です_x000d_ ＊６０歳以上の方、応募可能です_x000d_ ＊勤務時間、日数など、相談に応じます_x000d_ ＊加入保険、年次有給休暇等、法定どおりです_x000d_ _x000d_ ＊面接時「ハローワーク紹介状」「履歴書（写真貼付）」を_x000d_ 持参してください_x000d_ | NF10: パート労働者 | NG10: なし | NH10: 雇用期間の定めあり | NJ10: 1年 | NK10: 契約更新の可能性あり（条件あり） | NL10: あり | NM10: 変更なし | NN10: ＪＲ相生 から 徒歩10分 | NP10: 9人 | NQ10: 9人 | NR10: 9人 | NS10: あり（屋内禁煙） | NT10: 可 | NU10: 駐車場 あり | NV10: なし | NW10: 不問 | NX10: 不問 | NY10: 不問 | OB10: あれば尚可 | OC10: 福祉施設での勤務経験 | OD10: 不問 | OF10: （AT限定可） | OL10: 時給 | ON10: 1,180円～1,180円 | OS10: なし | OU10: =IF(OM10<>"",OM10,ON10) -> 1,180円～1,180円 | OW10: 実費支給（上限あり） | OX10: 月額 30,000円まで | OY10: 毎月20日 | OZ10: 毎月29日 当月払い | PA10: 昇給なし | PE10: 賞与なし | PJ10: 交替制あり | PK10: (1)7時00分～9時30分 | PL10: (2)14時30分～19時00分 | PM10: (3)8時30分～14時30分 | PO10: なし | PQ10: なし | PR10: 0分 | PS10: 週2日～週3日 | PT10: 労働日数について相談可 | PU10: 他 | PV10: その他 | PY10: 労災 | QB10: なし | QC10: なし | QD10: なし | QE10: なし | QJ10: 1人 | QK10: 欠員補充 | QL10: 面接 | QM10: 1回 | QN10: 面接選考後 | QP10: 7日以内 | QQ10: 電話 | QR10: 随時 | QS10: ＪＲ相生 から 車15分 | QT10: ハローワーク紹介状・履歴書（写真貼付） | QV10: 選考後は返却 | QX10: 外国人雇用実績 | SC10: 0人
A11: 28211- 1540361 | B11: 2821- 3115-0 | C11: 7140005007516 | D11: 4 | E11: 1990 | G11: 436 | H11: 社会福祉法人 みどり福祉会 特別養護老人ホーム グリーンハウス | I11: シャカイフクシホウジン ミドリフクシカイ トクベツヨウゴロウジンホーム グリーンハウス | J11: 理事長 | K11: 魚橋 哲夫 | L11: 〒678-0081 | M11: 兵庫県相生市若狭野町雨内８００－１４６ | N11: 山陽本線相生 | O11: 2 | P11: 15 | Q11: 0791-28-1756 | R11: ６５才以上の高齢者の施設介護 | U11: 介護保険制度のサービス提供施設として需要は多く、将来安定した職場として期待されています。 | V11: 0 | W11: 0 | X11: 1 | Y11: 0 | Z11: 0 | AA11: 0 | AB11: 1 | AC11: 1 | AI11: 854 | AJ11: 28208 | AK11: 平成2年 | AM11: 436人 | AO11: 山陽本線相生 から 車15分 | AP11: なし | AQ11: なし | AR11: あり | AS11: なし | AT11: なし | AU11: なし | AV11: あり | AW11: あり | BB11: 老人福祉・介護事業 | BK11: （静） | BL11: 28211 | BM11: 46356 | BN11: 1 | BO11: 0 | BP11: 1 | BQ11: 46293 | BS11: 0 | BT11: 1 | BU11: 2 | CC11: B10 | CD11: B60 | CE11: Y60 | CF11: Y61 | CI11: 28208 | CM11: 0 | CN11: 1 | CO11: （正）介護職員／日曜日休み／デイサービスセンター | CP11: 050-01 | CQ11: 050-99 | CS11: 3 | CT11: 2302 | DC11: 3 | DD11: 0 | DH11: （フルタイム） | DJ11: 46293 | DM11: 事業所名等を含む求人情報を公開する | DN11: 地方自治体のみ可 | DR11: 兵庫県相生市 | DS11: 兵庫県相生市 | DX11: 派遣・請負ではない | DY11: 介護福祉士 | EB11: 未充足 | EC11: 0人 | EE11: 『グリーンハウスデイサービスセンター』にて、利用者さまへの日常生活の支援（食事・入浴・トイレなど）を行っていただきます。_x000d_ ■パソコンによるデータ入力。（記録入力）_x000d_ ■託児所があります。_x000d_ ■資格の無い方でも応募可能です。_x000d_ ◆６０歳以上の方、応募可能です（契約社員）_x000d_ ◆見学・相談だけでも結構ですので、お気軽にお問合せください。_x000d_ _x000d_ 【変更範囲：変更なし】 | EF11: 1 | EJ11: 1 | ER11: 1 | ES11: ３ヶ月 | ET11: 1 | EV11: 3 | EW11: 〒678-0081 | EX11: 兵庫県相生市若狭野町雨内８００－１４６_x000d_ みどり福祉会 グリーンハウスデイサービスセンター | EY11: 山陽本線相生 | EZ11: 2 | FA11: 10 | FB11: 0 | FD11: 82 | FE11: 66 | FF11: 31 | FG11: 1 | FH11: 1 | FJ11: 1 | FK11: 1 | FL11: 1 | FM11: 法人内の事業所 | FN11: 2 | FP11: 59 | FQ11: 21 | FR11: 定年が６０歳のため ＊特記事項 | FS11: 3 | FV11: 2 | FW11: ＊高齢者の介護業務 | FX11: ＊記録入力の為、ＰＣの基礎知識と簡単な文章入力が出来るスキル_x000d_ | FY11: 0 | FZ11: 1 | GA11: 1 | GB11: 2 | GE11: 普通自動車免許（通勤用） | GF11: 0 | GG11: 1 | GK11: 165000 | GL11: 224000 | GM11: 処遇 | GQ11: 35000 | GU11: 55000 | GY11: 0 | HC11: 200000 | HD11: 279000 | HF11: 21 | HG11: 1 | HH11: 1 | HI11: 30000 | HJ11: 1 | HK11: 20 | HM11: 1 | HN11: 1 | HO11: 29 | HQ11: 1 | HR11: 1 | HS11: 1 | HT11: 1 | HU11: 1000 | HV11: 2500 | HY11: 1 | HZ11: 1 | IA11: 2 | IB11: 1 | IC11: 3.8 | IH11: 830 | IK11: 1730 | IQ11: 0 | IR11: 0 | IT11: 0 | IV11: 0 | IX11: 60 | JD11: 0 | JE11: 0 | JF11: 0 | JG11: 0 | JH11: 0 | JI11: 0 | JJ11: 0 | JK11: 1 | JL11: 0 | JM11: 1 | JN11: 3 | JP11: 10 | JQ11: 113 | JR11: 1 | JS11: 1 | JT11: 1 | JU11: 0 | JV11: 1 | JW11: 1 | JX11: 0 | JY11: 0 | KA11: 1 | KB11: 0 | KC11: 0 | KD11: 0 | KF11: 1 | KG11: 1 | KH11: 1 | KI11: 1 | KJ11: 0 | KK11: 0 | KL11: 1 | KM11: 1 | KN11: 1 | KO11: 60 | KP11: 1 | KQ11: 1 | KR11: 1 | KS11: 65 | KT11: 1 | KU11: 0 | KX11: 0 | KY11: 0 | KZ11: 1 | LB11: 1 | LC11: 関連病院の託児所 | LD11: 1 | LE11: 1 | LG11: 1 | LH11: 0 | LI11: 0 | LJ11: 0 | LK11: 1 | LL11: 0 | LM11: 0 | LN11: 1 | LO11: 0 | LQ11: 7 | LR11: 1 | LS11: 1 | LT11: 1 | LU11: 1 | LV11: 0 | LW11: 1 | LY11: 3 | LZ11: 〒678-0081 | MA11: 兵庫県相生市若狭野町雨内８００－１４６_x000d_ みどり福祉会 グリーンハウスデイサービスセンター | MB11: 山陽本線相生 | MC11: 2 | MD11: 10 | ME11: 1 | MF11: 1 | MG11: 1 | MH11: 0 | MI11: 1 | MJ11: 資格者証のコピー | MK11: 1 | ML11: 0 | MM11: 1 | MN11: 面接時に持参 | MQ11: 2 | MS11: 採用担当者 | MU11: 求人掲載の営業はお断り | MV11: 1 | MW11: 0791-28-1756 | MY11: 0 | MZ11: 0 | NB11: m-green@eos.ocn.ne.jp | NC11: 1 | NE11: ■加入保険・有給休暇は法定どおり。_x000d_ ■駐車場有り。駐車料金無料。_x000d_ ■託児所があります。_x000d_ ■資格の無い方でも応募可能です。_x000d_ ◆６０歳以上の方、応募可能です（契約社員）_x000d_ ◆見学・相談だけでも結構ですので、お気軽にお問合せください。_x000d_ | NF11: 正社員 | NH11: 雇用期間の定めなし | NL11: あり | NM11: 変更なし | NN11: 山陽本線相生 から 車10分 | NP11: 82人 | NQ11: 66人 | NR11: 31人 | NS11: あり（屋内禁煙） | NT11: 可 | NU11: 駐車場 あり | NV11: あり | NW11: 59歳以下 | NX11: 定年を上限 | NY11: 不問 | OB11: あれば尚可 | OC11: ＊高齢者の介護業務 | OE11: 普通自動車運転免許 必須 | OF11: （AT限定可） | OG11: あれば尚可 | OJ11: 普通自動車免許（通勤用） | OL11: 月給 | ON11: 165,000円～224,000円 | OO11: 処遇手当35,000円～55,000円 | OS11: なし | OU11: =IF(OM11<>"",OM11,ON11) -> 165,000円～224,000円 | OV11: 21.0日 | OW11: 実費支給（上限あり） | OX11: 月額 30,000円まで | OY11: 毎月20日 | OZ11: 毎月29日 当月払い | PA11: 昇給あり | PB11: 前年度実績 あり | PC11: 1,000円～2,500円 | PE11: 賞与あり | PF11: 前年度実績 あり | PG11: 年2回（前年度実績） | PH11: 3.80ヶ月分 | PK11: (1)8時30分～17時30分 | PO11: なし | PQ11: なし | PR11: 60分 | PU11: 日他 | PV11: その他 | PW11: 10日 | PX11: 113日 | PY11: 雇用・労災・健康・厚生 | QA11: 退職金共済 | QB11: あり （勤続 1年以上） | QC11: あり 一律 60歳 | QD11: あり 上限 65歳まで | QE11: なし | QH11: なし | QI11: あり | QJ11: 1人 | QK11: 欠員補充 | QL11: 面接 | QM11: 1回 | QN11: 面接選考後 | QP11: 7日以内 | QQ11: 求職者マイページに連絡・郵送・電話・Ｅメール | QR11: 随時 | QS11: 山陽本線相生 から 車10分 | QT11: ハローワーク紹介状・履歴書（写真貼付）・職務経歴書・その他 | QU11: 求職者マイページ・Ｅメール | QV11: 求人者の責任にて廃棄 | QW11: ＵＩＪターン歓迎 | QX11: 外国人雇用実績 | SC11: 0人
A12: 28211- 1541661 | B12: 2821- 3115-0 | C12: 7140005007516 | D12: 4 | E12: 1990 | G12: 436 | H12: 社会福祉法人 みどり福祉会 特別養護老人ホーム グリーンハウス | I12: シャカイフクシホウジン ミドリフクシカイ トクベツヨウゴロウジンホーム グリーンハウス | J12: 理事長 | K12: 魚橋 哲夫 | L12: 〒678-0081 | M12: 兵庫県相生市若狭野町雨内８００－１４６ | N12: 山陽本線相生 | O12: 2 | P12: 15 | Q12: 0791-28-1756 | R12: ６５才以上の高齢者の施設介護 | U12: 介護保険制度のサービス提供施設として需要は多く、将来安定した職場として期待されています。 | V12: 0 | W12: 0 | X12: 1 | Y12: 0 | Z12: 0 | AA12: 0 | AB12: 1 | AC12: 1 | AI12: 854 | AJ12: 28208 | AK12: 平成2年 | AM12: 436人 | AO12: 山陽本線相生 から 車15分 | AP12: なし | AQ12: なし | AR12: あり | AS12: なし | AT12: なし | AU12: なし | AV12: あり | AW12: あり | BB12: 老人福祉・介護事業 | BE12: 〒678-0081 | BF12: 〒678-0081 | BG12: 兵庫県相生市若狭野町雨内８００－１４６ | BH12: 兵庫県相生市若狭野町雨内８００－１４６ | BI12: 山陽本線相生 | BJ12: 山陽本線相生 | BK12: （静） | BL12: 28211 | BM12: 46356 | BN12: 1 | BO12: 0 | BP12: 1 | BQ12: 46293 | BS12: 0 | BT12: 1 | BU12: 2 | CC12: B10 | CD12: B60 | CE12: Y60 | CF12: Y61 | CI12: 28208 | CM12: 0 | CN12: 1 | CO12: （正）介護員／特別養護老人ホーム グリーンハウス | CP12: 050-01 | CQ12: 050-99 | CS12: 3 | CT12: 2302 | CU12: 2313 | CW12: 2821 | CX12: 2821- 3115-0 | CY12: 0 | CZ12: 2821 | DA12: 2821- 3115-0 | DB12: 0 | DC12: 3 | DD12: 0 | DH12: （フルタイム） | DJ12: 46293 | DM12: 事業所名等を含む求人情報を公開する | DN12: 地方自治体のみ可 | DR12: 兵庫県相生市 | DS12: 兵庫県相生市 | DX12: 派遣・請負ではない | DY12: 介護福祉士 | DZ12: 介護職員初任者研修修了者 | EB12: 未充足 | EC12: 0人 | EE12: 『特別養護老人ホーム グリーンハウス』で生活される高齢者の方々の日常生活支援（食事介助・排泄介助・入浴介助など）を行います。（７０人程度）_x000d_ ◆６０歳以上の方、応募可能（１年契約社員）_x000d_ 利用者一人ひとりに目的を持っていただき、潤いのある毎日を過ごしていただけるよう、出来る限り個別支援を行います。_x000d_ _x000d_ _x000d_ _x000d_ 【変更範囲：変更なし】 | EF12: 1 | EJ12: 1 | ER12: 1 | ES12: ３ヶ月 | ET12: 1 | EV12: 1 | EW12: 〒678-0081 | EX12: 兵庫県相生市若狭野町雨内８００－１４６ | EY12: 山陽本線相生 | EZ12: 2 | FA12: 15 | FB12: 0 | FD12: 82 | FE12: 66 | FF12: 31 | FG12: 1 | FH12: 1 | FJ12: 1 | FK12: 1 | FL12: 0 | FN12: 2 | FO12: 18 | FP12: 59 | FQ12: 21 | FR12: 深夜業務がある為 定年が６０歳の為 | FS12: 3 | FV12: 2 | FW12: 介護経験、又は介護福祉士など | FX12: 簡単な文章入力程度。指導もさせていただきます。_x000d_ | FY12: 0 | FZ12: 1 | GA12: 1 | GB12: 2 | GC12: 2 | GE12: 普通自動車免許（通勤用） | GF12: 0 | GG12: 1 | GK12: 165000 | GL12: 224000 | GM12: 処遇 | GQ12: 40000 | GU12: 60000 | GY12: 0 | HC12: 205000 | HD12: 284000 | HE12: 資格手当 ５，０００円／月_x000d_ 年末年始、扶養手当、住居手当など_x000d_ 夜勤手当 ８，０００円／回 | HF12: 21 | HG12: 1 | HH12: 1 | HI12: 30000 | HJ12: 1 | HK12: 20 | HM12: 1 | HN12: 1 | HO12: 29 | HQ12: 1 | HR12: 1 | HS12: 1 | HT12: 1 | HU12: 1000 | HV12: 2500 | HY12: 1 | HZ12: 1 | IA12: 2 | IB12: 1 | IC12: 3.8 | IF12: 2 | IH12: 715 | II12: 1000 | IJ12: 1200 | IK12: 1615 | IL12: 1900 | IM12: 2100 | IN12: 900 | IO12: 1800 | IP12: 8 | IQ12: 0 | IR12: 0 | IS12: 夜勤は１６時００分～９時３０分（休憩２時間） | IT12: 1 | IU12: 3 | IV12: 0 | IX12: 60 | JD12: 0 | JE12: 0 | JF12: 0 | JG12: 0 | JH12: 0 | JI12: 0 | JJ12: 0 | JK12: 0 | JL12: 0 | JM12: 1 | JN12: 1 | JO12: 休日は、月９休（シフト表による） | JP12: 10 | JQ12: 113 | JR12: 1 | JS12: 1 | JT12: 1 | JU12: 0 | JV12: 1 | JW12: 1 | JX12: 0 | JY12: 0 | KA12: 1 | KB12: 0 | KC12: 0 | KD12: 0 | KF12: 1 | KG12: 1 | KH12: 1 | KI12: 1 | KJ12: 0 | KK12: 0 | KL12: 1 | KM12: 1 | KN12: 1 | KO12: 60 | KP12: 1 | KQ12: 1 | KR12: 1 | KS12: 65 | KT12: 1 | KU12: 0 | KX12: 0 | KY12: 0 | KZ12: 1 | LB12: 1 | LC12: 関連病院の託児所 | LD12: 2 | LE12: 1 | LG12: 1 | LH12: 0 | LI12: 0 | LJ12: 0 | LK12: 1 | LL12: 0 | LM12: 0 | LN12: 1 | LO12: 0 | LQ12: 7 | LR12: 1 | LS12: 1 | LT12: 1 | LU12: 1 | LV12: 0 | LW12: 1 | LY12: 1 | LZ12: 〒678-0081 | MA12: 兵庫県相生市若狭野町雨内８００－１４６ | MB12: 山陽本線相生 | MC12: 2 | MD12: 15 | ME12: 1 | MF12: 1 | MG12: 0 | MH12: 0 | MI12: 1 | MJ12: 各資格者証のコピー有る方 | MK12: 1 | ML12: 0 | MM12: 0 | MN12: 面接時に持参 | MQ12: 2 | MS12: 採用担当者 | MU12: 求人掲載に関する営業電話はお断り | MV12: 1 | MW12: 0791-28-1756 | MY12: 0 | MZ12: 0 | NB12: m-green@eos.ocn.ne.jp | NC12: 1 | NE12: ■土日曜日の休日については相談に応じます。_x000d_ ■夜勤月５～７回程度です。_x000d_ ■定年は６０歳です。６０歳以上の雇用については１年毎の_x000d_ 契約更新になります。賃金については変更になります。 | NF12: 正社員 | NH12: 雇用期間の定めなし | NL12: あり | NM12: 変更なし | NN12: 山陽本線相生 から 車15分 | NP12: 82人 | NQ12: 66人 | NR12: 31人 | NS12: あり（屋内禁煙） | NT12: 可 | NU12: 駐車場 あり | NV12: なし | NW12: 18歳～59歳 | NX12: 定年を上限 | NY12: 不問 | OB12: あれば尚可 | OC12: 介護経験、又は介護福祉士など | OE12: 普通自動車運転免許 必須 | OF12: （AT限定可） | OG12: あれば尚可 | OH12: あれば尚可 | OJ12: 普通自動車免許（通勤用） | OL12: 月給 | ON12: 165,000円～224,000円 | OO12: 処遇手当40,000円～60,000円 | OS12: なし | OU12: =IF(OM12<>"",OM12,ON12) -> 165,000円～224,000円 | OV12: 21.0日 | OW12: 実費支給（上限あり） | OX12: 月額 30,000円まで | OY12: 毎月20日 | OZ12: 毎月29日 当月払い | PA12: 昇給あり | PB12: 前年度実績 あり | PC12: 1,000円～2,500円 | PE12: 賞与あり | PF12: 前年度実績 あり | PG12: 年2回（前年度実績） | PH12: 3.80ヶ月分 | PJ12: 交替制あり | PK12: (1)7時15分～16時15分 | PL12: (2)10時00分～19時00分 | PM12: (3)12時00分～21時00分 | PN12: 又は9時00分～18時00分の間の8時間 | PO12: あり | PP12: 3時間 | PQ12: なし | PR12: 60分 | PU12: 他 | PV12: 毎 週 | PW12: 10日 | PX12: 113日 | PY12: 雇用・労災・健康・厚生 | QA12: 退職金共済 | QB12: あり （勤続 1年以上） | QC12: あり 一律 60歳 | QD12: あり 上限 65歳まで | QE12: なし | QH12: なし | QI12: あり | QJ12: 2人 | QK12: 欠員補充 | QL12: 面接 | QM12: 1回 | QN12: 面接選考後 | QP12: 7日以内 | QQ12: 求職者マイページに連絡・郵送・電話・Ｅメール | QR12: 随時 | QS12: 山陽本線相生 から 車15分 | QT12: ハローワーク紹介状・履歴書（写真貼付）・その他 | QU12: 求職者マイページ | QV12: 求人者の責任にて廃棄 | QW12: ＵＩＪターン歓迎 | QX12: 外国人雇用実績 | SC12: 0人
A13: 28211- 1543561 | B13: 2821- 3211-8 | C13: 9140005007530 | D13: 3 | E13: 1981 | G13: 300 | H13: 魚橋病院（医療法人社団 魚橋会） | I13: ウオハシビョウイン（イリョウホウジンシャダン ウオハシカイ） | J13: 理事長 | K13: 魚橋 哲夫 | L13: 〒678-0081 | M13: 兵庫県相生市若狭野町若狭野２３５－２６ | N13: ＪＲ相生 | O13: 2 | P13: 10 | Q13: 0791-28-1395 | R13: 病院 | U13: 内科、神経内科、精神科、ベッ卜３７４ | V13: 0 | W13: 0 | X13: 1 | Y13: 0 | Z13: 0 | AA13: 0 | AB13: 1 | AC13: 1 | AI13: 831 | AJ13: 28208 | AK13: 昭和56年 | AM13: 300人 | AO13: ＪＲ相生 から 車10分 | AP13: なし | AQ13: なし | AR13: あり | AS13: なし | AT13: なし | AU13: なし | AV13: あり | AW13: あり | BB13: 病院 | BE13: 〒678-0081 | BF13: 〒678-0081 | BG13: 兵庫県相生市若狭野町若狭野２３５－２６ | BH13: 兵庫県相生市若狭野町若狭野２３５－２６ | BI13: ＪＲ相生 | BJ13: ＪＲ相生 | BK13: （静） | BL13: 28211 | BM13: 46356 | BN13: 1 | BO13: 0 | BP13: 2 | BQ13: 46293 | BS13: 0 | BT13: 1 | BU13: 2 | CC13: B10 | CD13: B60 | CE13: Y60 | CF13: Y61 | CI13: 28208 | CM13: 0 | CN13: 1 | CO13: 送迎バス運転手 （職員送迎・洗車・営繕作業・清掃） | CP13: 084-02 | CS13: 3 | CT13: 4801 | CW13: 2821 | CX13: 2821- 3211-8 | CY13: 0 | CZ13: 2821 | DA13: 2821- 3211-8 | DB13: 0 | DC13: 3 | DD13: 0 | DH13: （パートタイム） | DJ13: 46293 | DM13: 事業所名等を含む求人情報を公開する | DN13: 地方自治体のみ可 | DR13: 兵庫県相生市 | DS13: 兵庫県相生市 | DX13: 派遣・請負ではない | DY13: 大型自動車免許 | EB13: 未充足 | EC13: 0人 | EE13: 定期運航バスの運転やその車両の洗車・清掃。_x000d_ ２９人乗りマイクロバスで相生駅との間を職員送迎１０～１５人病院施設の簡易な営繕作業、建物周辺及び内部の一部清掃。_x000d_ _x000d_ ※タクシーやバス運転手、または企業内での従業員送迎等の経験ある方歓迎します。（６０歳以上の方でも応募可能です）_x000d_ ■見学なども可能です。あらかじめお電話にてご相談ください。_x000d_ _x000d_ 【変更範囲：変更なし】 | EF13: 5 | EH13: 1 | EI13: なし | EJ13: 1 | ER13: 1 | ES13: ３ヶ月 | ET13: 1 | EV13: 1 | EW13: 〒678-0081 | EX13: 兵庫県相生市若狭野町若狭野２３５－２６ | EY13: ＪＲ相生 | EZ13: 2 | FA13: 10 | FB13: 0 | FD13: 295 | FE13: 220 | FF13: 55 | FG13: 1 | FH13: 1 | FI13: 敷地内禁煙 | FJ13: 1 | FK13: 1 | FL13: 0 | FN13: 2 | FP13: 59 | FQ13: 21 | FR13: 定年のため | FS13: 3 | FV13: 1 | FW13: タクシーやバス運転手、または企業内従業員送迎等（２９人乗り程度の大型車両の運転経験）_x000d_ | FX13: 勤怠管理システムを導入しています。簡単なマウス、キーボード操作は必要です。 | FY13: 0 | FZ13: 1 | GA13: 1 | GB13: 1 | GF13: 0 | GG13: 4 | GK13: 1200 | GL13: 1200 | GY13: 0 | HC13: 1200 | HD13: 1200 | HG13: 1 | HH13: 1 | HI13: 20000 | HJ13: 1 | HK13: 20 | HM13: 1 | HN13: 1 | HO13: 29 | HQ13: 1 | HR13: 1 | HS13: 1 | HT13: 2 | HU13: 0 | HV13: 50 | HY13: 1 | HZ13: 1 | IA13: 2 | IB13: 1 | IC13: 1 | IF13: 2 | IH13: 730 | IK13: 1130 | IQ13: 0 | IR13: 0 | IT13: 0 | IV13: 0 | IX13: 0 | IY13: 1 | IZ13: 4 | JA13: 6 | JD13: 0 | JE13: 0 | JF13: 0 | JG13: 0 | JH13: 0 | JI13: 0 | JJ13: 0 | JK13: 1 | JL13: 1 | JM13: 1 | JN13: 3 | JO13: 会社カレンダーによる_x000d_ | JR13: 0 | JS13: 0 | JT13: 1 | JU13: 0 | JV13: 0 | JW13: 0 | JX13: 0 | JY13: 0 | KA13: 1 | KB13: 0 | KC13: 0 | KD13: 0 | KF13: 1 | KG13: 1 | KH13: 1 | KI13: 1 | KJ13: 0 | KK13: 0 | KL13: 4 | KM13: 1 | KN13: 1 | KO13: 60 | KP13: 0 | KQ13: 0 | KT13: 0 | KU13: 0 | KX13: 0 | KY13: 0 | KZ13: 1 | LB13: 0 | LD13: 1 | LE13: 2 | LG13: 1 | LH13: 0 | LI13: 0 | LJ13: 0 | LK13: 1 | LL13: 0 | LM13: 0 | LN13: 1 | LO13: 0 | LQ13: 7 | LR13: 0 | LS13: 1 | LT13: 1 | LU13: 0 | LV13: 0 | LW13: 1 | LY13: 1 | LZ13: 〒678-0081 | MA13: 兵庫県相生市若狭野町若狭野２３５－２６ | MB13: ＪＲ相生 | MC13: 2 | MD13: 10 | ME13: 1 | MF13: 1 | MG13: 1 | MH13: 0 | MI13: 0 | MK13: 1 | ML13: 1 | MM13: 0 | MO13: 1 | MQ13: 1 | MS13: 採用担当者 | MU13: 求人掲載に関する営業電話はお断り | MV13: 1 | MW13: 0791-28-1395 | MY13: 0 | MZ13: 0 | NB13: h-uohashi@abeam.ocn.ne.jp | NC13: 0 | NE13: ■加入保険、年次有給休暇など法定通り_x000d_ _x000d_ ■駐車場有り。駐車料金無料。_x000d_ _x000d_ ■事前にハローワーク紹介状・履歴書・職務経歴書を郵送_x000d_ して下さい。後日面接日時をご連絡致します。_x000d_ _x000d_ ・職員送迎のバスを運転していただく予定です。_x000d_ ・上記以外に病院周辺地域を回るルート（患者さまが乗車する病院へのシャトルバス）の運行を担っていただく予定です。_x000d_ ・入職初期は２週間程度の研修を予定しています。_x000d_ ・現在５名の方が従事されています。_x000d_ ・見学なども可能です。あらかじめお電話にてご相談ください。 | NF13: パート労働者 | NG13: あり | NH13: 雇用期間の定めなし | NL13: あり | NM13: 変更なし | NN13: ＪＲ相生 から 車10分 | NP13: 295人 | NQ13: 220人 | NR13: 55人 | NS13: あり（屋内禁煙） | NT13: 可 | NU13: 駐車場 あり | NV13: なし | NW13: 59歳以下 | NX13: 定年を上限 | NY13: 不問 | OB13: 必須 | OC13: タクシーやバス運転手、または企業内従業員送迎等（２９人乗り程度の大型車両の運転経験）_x000d_ | OE13: 普通自動車運転免許 必須 | OF13: （AT限定可） | OG13: 必須 | OL13: 時給 | ON13: 1,200円～1,200円 | OS13: なし | OU13: =IF(OM13<>"",OM13,ON13) -> 1,200円～1,200円 | OW13: 実費支給（上限あり） | OX13: 月額 20,000円まで | OY13: 毎月20日 | OZ13: 毎月29日 当月払い | PA13: 昇給あり | PB13: 前年度実績 あり | PC13: 0円～50円 | PE13: 賞与あり | PF13: 前年度実績 あり | PG13: 年2回（前年度実績） | PH13: 1.00ヶ月分 | PJ13: 交替制あり | PK13: (1)7時30分～11時30分 | PO13: なし | PQ13: なし | PR13: 0分 | PS13: 週4日～週6日 | PU13: 日祝他 | PV13: その他 | PY13: 労災 | QA13: 退職金共済 | QB13: あり （勤続 4年以上） | QC13: あり 一律 60歳 | QD13: なし | QE13: なし | QH13: なし | QJ13: 1人 | QK13: 増員 | QL13: 面接 | QM13: 1回 | QN13: 面接選考後 | QP13: 7日以内 | QQ13: 郵送・電話 | QR13: 随時 | QS13: ＪＲ相生 から 車10分 | QT13: ハローワーク紹介状・履歴書（写真貼付）・職務経歴書 | QU13: 郵送 | QV13: 選考後は返却 | QX13: 外国人雇用実績 | SC13: 0人
A14: 28211- 1544461 | B14: 2821- 3134-9 | C14: 3140001100377 | D14: 3 | E14: 1976 | G14: 7 | H14: 株式会社 大門 | I14: カブシキカイシャ ダイモン | J14: 代表取締役 | K14: 白川 美紀 | L14: 〒678-0031 | M14: 兵庫県相生市旭１丁目１６－７ | N14: ＪＲ相生 | O14: 2 | P14: 10 | Q14: 0791-25-1073 | R14: 焼肉レストラン | U14: 店舗は、相生にあり、家族だんらんで利用されています。 | V14: 0 | W14: 0 | X14: 2 | Y14: 2 | Z14: 2 | AA14: 0 | AB14: 1 | AC14: 1 | AI14: 761 | AJ14: 28208 | AK14: 昭和51年 | AM14: 7人 | AO14: ＪＲ相生 から 車10分 | AP14: なし | AQ14: なし | AR14: 該当者なし | AS14: 該当者なし | AT14: 該当者なし | AU14: なし | AV14: あり | AW14: あり | BB14: 食堂，レストラン（専門料理店を除く） | BK14: （静） | BL14: 28211 | BM14: 46356 | BN14: 1 | BO14: 0 | BP14: 2 | BQ14: 46293 | BS14: 0 | BT14: 1 | BU14: 2 | CA14: Y19 | CD14: B60 | CE14: Y60 | CF14: Y61 | CI14: 28208 | CM14: 0 | CN14: 1 | CO14: （パ）調理補助／まかない付／Ｗワーク可 | CP14: 055-08 | CQ14: 055-03 | CS14: 3 | DC14: 3 | DD14: 0 | DH14: （パートタイム） | DJ14: 46293 | DM14: 事業所名等を含む求人情報を公開する | DN14: 地方自治体のみ可 | DR14: 兵庫県相生市 | DS14: 兵庫県相生市 | DX14: 派遣・請負ではない | EB14: 未充足 | EC14: 0人 | EE14: 『焼肉レストラン大門』厨房内での調理補助、付帯業務。_x000d_ ＊就業時間は相談に応じます。 まかない付き！_x000d_ ＊学生、６０歳以上の方も応募可能です。_x000d_ _x000d_ 【変更範囲：変更なし】_x000d_ | EF14: 5 | EH14: 1 | EI14: なし | EJ14: 1 | ER14: 1 | ES14: ３か月 | ET14: 1 | EV14: 3 | EW14: 〒678-0031 | EX14: 兵庫県相生市旭１丁目８－１３ | FB14: 0 | FD14: 6 | FE14: 2 | FF14: 0 | FG14: 1 | FH14: 1 | FJ14: 1 | FK14: 1 | FL14: 0 | FN14: 2 | FO14: 18 | FQ14: 22 | FR14: 深夜勤務があるため | FS14: 3 | FV14: 3 | FY14: 1 | GA14: 1 | GF14: 0 | GG14: 4 | GK14: 1172 | GL14: 1172 | GY14: 0 | HC14: 1172 | HD14: 1172 | HG14: 3 | HJ14: 1 | HK14: 25 | HM14: 2 | HQ14: 0 | HY14: 0 | IN14: 1600 | IO14: 2300 | IP14: 4 | IQ14: 0 | IR14: 1 | IS14: ※就業時間は相談に応じます。_x000d_ | IT14: 0 | IV14: 0 | IX14: 0 | IY14: 2 | JB14: 2 | JC14: 3 | JD14: 1 | JE14: 0 | JF14: 1 | JG14: 0 | JH14: 0 | JI14: 0 | JJ14: 0 | JK14: 0 | JL14: 0 | JM14: 0 | JN14: 4 | JR14: 0 | JS14: 0 | JT14: 1 | JU14: 0 | JV14: 0 | JW14: 0 | JX14: 0 | JY14: 0 | KB14: 0 | KC14: 0 | KD14: 0 | KF14: 0 | KG14: 0 | KH14: 0 | KI14: 0 | KJ14: 0 | KK14: 0 | KM14: 0 | KP14: 1 | KQ14: 0 | KT14: 1 | KU14: 0 | KX14: 0 | KY14: 0 | KZ14: 1 | LB14: 0 | LD14: 1 | LE14: 2 | LG14: 1 | LH14: 0 | LI14: 0 | LJ14: 0 | LK14: 1 | LL14: 0 | LM14: 0 | LN14: 1 | LO14: 0 | LQ14: 7 | LR14: 0 | LS14: 0 | LT14: 1 | LU14: 0 | LV14: 1 | LW14: 1 | LY14: 3 | LZ14: 〒678-0031 | MA14: 兵庫県相生市旭１‐８‐１３ | MB14: ＪＲ相生 | MC14: 2 | MD14: 10 | ME14: 1 | MF14: 1 | MG14: 0 | MH14: 0 | MI14: 0 | MK14: 1 | ML14: 0 | MM14: 0 | MN14: 面接時持参 | MQ14: 1 | MS14: 採用担当者 | MU14: 求人掲載の営業はお断り | MV14: 0 | MW14: 0791-23-2073 | MY14: 0 | MZ14: 0 | NC14: 0 | NE14: ＊制服支給あり。食事（まかない）付。_x000d_ _x000d_ ＊加入保険、年次有給休暇は、労働条件により法定通り加入、付与_x000d_ _x000d_ ＊学生、６０歳以上の方、応募可能です。 | NF14: パート労働者 | NG14: あり | NH14: 雇用期間の定めなし | NL14: あり | NM14: 変更なし | NP14: 6人 | NQ14: 2人 | NR14: 0人 | NS14: あり（屋内禁煙） | NT14: 可 | NU14: 駐車場 あり | NV14: なし | NW14: 18歳以上 | NX14: 法令の規定により年齢制限がある | NY14: 不問 | OB14: 不問 | OD14: 不問 | OF14: （AT限定可） | OL14: 時給 | ON14: 1,172円～1,172円 | OS14: なし | OU14: =IF(OM14<>"",OM14,ON14) -> 1,172円～1,172円 | OW14: なし | OY14: 毎月25日 | OZ14: 月末 | PA14: 昇給なし | PE14: 賞与なし | PN14: 又は16時00分～23時00分の間の4時間程度 | PO14: なし | PQ14: なし | PR14: 0分 | PS14: 週3日程度 | PT14: 労働日数について相談可 | PU14: 火 | PV14: なし | PY14: 労災 | QB14: なし | QC14: なし | QD14: なし | QE14: なし | QH14: なし | QJ14: 1人 | QK14: 増員 | QL14: 面接 | QM14: 1回 | QN14: 面接選考後 | QP14: 7日以内 | QQ14: 電話・その他 | QR14: 随時 | QS14: ＪＲ相生 から 車10分 | QT14: ハローワーク紹介状・履歴書（写真貼付） | QV14: 選考後は返却 | QX14: 外国人雇用実績 | SC14: 0人
A15: 28212- 1546561 | B15: 2821- 3710-6 | C15: 6140001040026 | D15: 3 | E15: 1962 | F15: 8000 | G15: 29 | H15: 株式会社オオキコ－ポレ－シヨン | I15: カブシキガイシヤ オオキコーポレーシヨン | J15: 代表取締役 | K15: 大木 仁詞 | L15: 〒678-0175 | M15: 兵庫県赤穂市北野中１１ | N15: ＪＲ赤穂線 坂越 | O15: 1 | P15: 15 | Q15: 0791-48-0133 | R15: 自動車教習所、化粧品卸売、太陽光発電 | U15: 地域に密着した企業です。１．赤穂自動車教習所 ２．化粧品卸売 ３．北野中太陽光発電所 | V15: 0 | W15: 0 | X15: 1 | Y15: 0 | Z15: 0 | AA15: 0 | AB15: 1 | AC15: 1 | AI15: 552 | AJ15: 28212 | AK15: 昭和37年 | AL15: 8,000万円 | AM15: 29人 | AO15: ＪＲ赤穂線 坂越 から 徒歩15分 | AP15: なし | AQ15: なし | AR15: あり | AS15: なし | AT15: なし | AU15: なし | AV15: あり | AW15: あり | BB15: 医薬品・化粧品等卸売業 | BK15: （静） | BL15: 28212 | BM15: 46356 | BN15: 1 | BO15: 0 | BP15: 2 | BQ15: 46294 | BS15: 0 | BT15: 2 | BU15: 2 | BY15: Y12 | CA15: Z88 | CC15: B60 | CG15: B10 | CI15: 28212 | CM15: 0 | CN15: 1 | CO15: 運転手：送迎ドライバー／赤穂自動車教習所 | CP15: 085-02 | CQ15: 084-02 | CS15: 3 | CT15: 4817 | DC15: 3 | DD15: 0 | DH15: （パートタイム） | DJ15: 46294 | DM15: ハローワークの求職者に限定し、事業所名等を含む求人情報を公開する | DN15: 地方自治体のみ可 | DR15: 兵庫県赤穂市 | DS15: 兵庫県赤穂市 | DX15: 派遣・請負ではない | DY15: 中型自動車免許 | EB15: 未充足 | EC15: 0人 | EE15: ＊赤穂自動車教習所の教習生の送迎業務、車両清掃_x000d_ _x000d_ ◎送迎先は、佐用・上郡・和気・日生・相生方面_x000d_ _x000d_ ◎送迎車両は、ハイエース（１４人乗、ＡＴ車）_x000d_ またはノア（７人乗、ＡＴ車）_x000d_ _x000d_ ※詳細は面接時にご説明します。_x000d_ _x000d_ _x000d_ 変更範囲：変更なし | EF15: 5 | EH15: 0 | EJ15: 2 | EM15: 1 | EO15: 1 | EP15: 1 | ER15: 1 | ES15: ３ヶ月 | ET15: 1 | EV15: 3 | EW15: 〒678-0175 | EX15: 兵庫県赤穂市北野中３５９－６_x000d_ 赤穂自動車教習所 | EY15: ＪＲ赤穂線 播州赤穂 | EZ15: 1 | FA15: 15 | FB15: 0 | FD15: 26 | FE15: 5 | FF15: 11 | FG15: 1 | FH15: 1 | FJ15: 1 | FK15: 1 | FL15: 0 | FN15: 1 | FS15: 3 | FV15: 3 | FY15: 0 | FZ15: 1 | GA15: 1 | GB15: 2 | GF15: 0 | GG15: 4 | GK15: 1172 | GL15: 1200 | GY15: 0 | HC15: 1172 | HD15: 1200 | HG15: 4 | HJ15: 1 | HK15: 20 | HM15: 1 | HN15: 1 | HO15: 28 | HQ15: 1 | HR15: 0 | HY15: 0 | IF15: 2 | IH15: 2000 | IK15: 2200 | IQ15: 0 | IR15: 0 | IS15: ＊状況により、就業時間を超える場合があります。_x000d_ | IT15: 0 | IV15: 0 | IX15: 0 | IY15: 1 | IZ15: 5 | JA15: 6 | JD15: 1 | JE15: 0 | JF15: 0 | JG15: 0 | JH15: 0 | JI15: 0 | JJ15: 1 | JK15: 1 | JL15: 0 | JM15: 1 | JN15: 1 | JO15: ＊教習所の休校日（年末年始や夏季休暇など）は休み | JP15: 10 | JR15: 0 | JS15: 0 | JT15: 1 | JU15: 0 | JV15: 0 | JW15: 0 | JX15: 0 | JY15: 0 | KB15: 0 | KC15: 0 | KD15: 0 | KF15: 0 | KG15: 0 | KH15: 0 | KI15: 0 | KJ15: 0 | KK15: 0 | KM15: 0 | KP15: 0 | KQ15: 0 | KT15: 0 | KU15: 0 | KX15: 0 | KY15: 0 | KZ15: 1 | LB15: 0 | LD15: 1 | LE15: 1 | LG15: 1 | LH15: 1 | LI15: 0 | LJ15: 1 | LK15: 1 | LL15: 0 | LM15: 1 | LN15: 1 | LO15: 0 | LP15: 7 | LQ15: 7 | LR15: 0 | LS15: 1 | LT15: 1 | LU15: 0 | LV15: 0 | LW15: 1 | LY15: 3 | LZ15: 〒678-0175 | MA15: 兵庫県赤穂市北野中３５９－６_x000d_ 赤穂自動車教習所 | MB15: ＪＲ赤穂線 播州赤穂 | MC15: 1 | MD15: 15 | ME15: 1 | MF15: 1 | MG15: 0 | MH15: 0 | MI15: 0 | MK15: 1 | ML15: 1 | MM15: 0 | MO15: 2 | MQ15: 1 | MS15: 採用担当者 | MU15: 赤穂自動車教習所 | MV15: 0 | MW15: 0791-43-2529 | MY15: 0 | MZ15: 0 | NC15: 0 | NE15: ＊就業時間により、各種保険・有給休暇は法定通り_x000d_ _x000d_ _x000d_ ○事前連絡の上、「履歴書（写真貼付）」「ハローワーク紹介状」 を≪就業場所≫へ郵送して下さい。_x000d_ 書類選考後、面接日時等を事業所より応募者へ連絡いたします。_x000d_ _x000d_ _x000d_ ◎長く勤めることができる方希望！_x000d_ _x000d_ ◎中型自動車免許の保有者優遇 | NF15: パート労働者 | NG15: なし | NH15: 雇用期間の定めあり | NJ15: 1年 | NK15: 契約更新の可能性あり（原則更新） | NL15: あり | NM15: 変更なし | NN15: ＪＲ赤穂線 播州赤穂 から 徒歩15分 | NP15: 26人 | NQ15: 5人 | NR15: 11人 | NS15: あり（屋内禁煙） | NT15: 可 | NU15: 駐車場 あり | NV15: なし | NW15: 不問 | NX15: 不問 | NY15: 不問 | OB15: 不問 | OE15: 普通自動車運転免許 必須 | OF15: （AT限定可） | OG15: あれば尚可 | OL15: 時給 | ON15: 1,172円～1,200円 | OS15: なし | OU15: =IF(OM15<>"",OM15,ON15) -> 1,172円～1,200円 | OW15: 実費支給（上限なし） | OY15: 毎月20日 | OZ15: 毎月28日 当月払い | PA15: 昇給あり | PB15: 前年度実績 なし | PE15: 賞与なし | PJ15: 交替制あり | PK15: (1)20時00分～22時00分 | PO15: なし | PQ15: なし | PR15: 0分 | PS15: 週5日～週6日 | PT15: 労働日数について相談可 | PU15: 土日他 | PV15: 毎 週 | PW15: 10日 | PY15: 労災 | QB15: なし | QC15: なし | QD15: なし | QE15: なし | QH15: なし | QJ15: 1人 | QK15: 欠員補充 | QL15: 面接・書類選考・その他 | QM15: 1回 | QN15: 書類選考後・面接選考後 | QO15: 7日以内 | QP15: 7日以内 | QQ15: 郵送・電話 | QR15: 随時 | QS15: ＪＲ赤穂線 播州赤穂 から 徒歩15分 | QT15: ハローワーク紹介状・履歴書（写真貼付） | QU15: 郵送 | QV15: 選考後は返却 | QX15: 外国人雇用実績 | SC15: 1人
A16: 40010-57854661 | B16: 4001-639074-0 | C16: 9290001088626 | D16: 5 | E16: 2020 | F16: 800 | G16: 47 | H16: 株式会社 シルバーサポートジャパン | I16: カブシキガイシャ シルバーサポートジャパン | J16: 代表取締役社長 | K16: 高木 元 | L16: 〒810-0052 | M16: 福岡県福岡市中央区大濠１－７－３４ | N16: 地下鉄大濠公園 | Q16: 092-406-0018 | R16: 個人宅、病院、デイサービス、老人保健施設などに訪問し、理美容サービスを提供する社会貢献度の高い仕事です。 | U16: お体のご都合や色々なご事情で理美容院などに行く事が出来ない方のご自宅や福祉施設全般に伺い、出張理美容サービスを行うお仕事です。幅広い年齢層の方が活躍されています。 | V16: 0 | W16: 1 | X16: 1 | Y16: 2 | Z16: 2 | AA16: 0 | AB16: 1 | AC16: 1 | AI16: 789 | AJ16: 40133 | AK16: 令和2年 | AL16: 800万円 | AM16: 47人 | AO16: 地下鉄大濠公園 | AP16: なし | AQ16: あり | AR16: あり | AS16: 該当者なし | AT16: 該当者なし | AU16: なし | AV16: あり | AW16: あり | BB16: その他の洗濯・理容・美容・浴場業 | BL16: 40010 | BM16: 46356 | BN16: 1 | BO16: 0 | BP16: 2 | BQ16: 46293 | BS16: 0 | BT16: 1 | BU16: 1 | BY16: Z54 | BZ16: B60 | CA16: B65 | CI16: 28205 | CJ16: 28206 | CK16: 28207 | CL16: 28208 | CM16: 0 | CN16: 1 | CO16: 福祉理容師 福祉美容師／洲本市、芦屋市、伊丹市、相生市 | CP16: 053-01 | CQ16: 053-02 | CS16: 3 | CT16: 4301 | CU16: 4303 | DC16: 3 | DD16: 0 | DH16: （パートタイム） | DJ16: 46293 | DM16: 事業所名等を含む求人情報を公開する | DN16: 地方自治体、民間人材ビジネス共に可 | DR16: 兵庫県洲本市 | DS16: 兵庫県洲本市 | DT16: 兵庫県芦屋市 | DU16: 兵庫県伊丹市 | DV16: 兵庫県相生市 | DX16: 派遣・請負ではない | DY16: 理容師 | DZ16: 美容師 | EB16: 未充足 | EC16: 0人 | EE16: 個人宅・病院・デイサービスセンター・老人保健施設・福祉施設などに訪問し、理美容サービスを提供する社会貢献度の高いお仕事です。_x000d_ _x000d_ _x000d_ 変更範囲：変更なし | EF16: 5 | EH16: 1 | EI16: １人 | EJ16: 1 | ER16: 1 | ES16: ３ヶ月間（延長あり） | ET16: 1 | EV16: 3 | EW16: 〒656-0000 | EX16: 兵庫県洲本市、芦屋市、伊丹市、相生市 | FB16: 0 | FC16: 直行直帰のお仕事になります。 | FD16: 3 | FE16: 1 | FF16: 1 | FG16: 1 | FH16: 1 | FJ16: 1 | FK16: 0 | FL16: 0 | FN16: 1 | FS16: 3 | FV16: 3 | FY16: 0 | FZ16: 1 | GA16: 1 | GB16: 1 | GC16: 1 | GF16: 1 | GG16: 4 | GK16: 1800 | GL16: 2500 | GY16: 0 | HC16: 1800 | HD16: 2500 | HE16: 交通費全額支給（ガソリン代現金支給） | HG16: 4 | HJ16: 2 | HM16: 1 | HN16: 2 | HO16: 20 | HQ16: 1 | HR16: 1 | HS16: 1 | HT16: 2 | HU16: 50 | HV16: 1200 | HY16: 0 | IH16: 900 | IK16: 1800 | IN16: 900 | IO16: 1800 | IP16: 2 | IQ16: 1 | IR16: 0 | IS16: 直行、直帰のお仕事になります。好きな曜日、時間で働けます。 | IT16: 0 | IV16: 0 | IX16: 60 | IY16: 1 | IZ16: 1 | JA16: 5 | JD16: 1 | JE16: 0 | JF16: 0 | JG16: 0 | JH16: 0 | JI16: 0 | JJ16: 1 | JK16: 1 | JL16: 1 | JM16: 1 | JN16: 1 | JO16: 希望の休日が取れます | JR16: 0 | JS16: 0 | JT16: 1 | JU16: 0 | JV16: 0 | JW16: 0 | JX16: 0 | JY16: 0 | KB16: 0 | KC16: 0 | KD16: 0 | KF16: 1 | KG16: 0 | KH16: 1 | KI16: 0 | KJ16: 0 | KK16: 0 | KM16: 0 | KP16: 1 | KQ16: 0 | KT16: 1 | KU16: 0 | KX16: 0 | KY16: 0 | LB16: 0 | LD16: 2 | LE16: 2 | LG16: 1 | LH16: 0 | LI16: 0 | LJ16: 1 | LK16: 1 | LL16: 0 | LM16: 0 | LN16: 1 | LO16: 0 | LQ16: 7 | LR16: 0 | LS16: 0 | LT16: 1 | LU16: 0 | LV16: 0 | LW16: 1 | LY16: 3 | LZ16: 〒656-0000 | MA16: 兵庫県洲本市、芦屋市、伊丹市、相生市近隣地域にて面接 | ME16: 1 | MF16: 1 | MG16: 0 | MH16: 0 | MI16: 0 | MK16: 1 | ML16: 0 | MM16: 0 | MN16: 面接時持参 | MQ16: 2 | MR16: 技術選考がある場合がある | MU16: 人事採用係 | MV16: 0 | MW16: 0942-27-8778 | MY16: 1 | MZ16: 0 | NA16: 092-791-6323 | NC16: 0 | NE16: ・兵庫県全域でのお仕事になります。基本的に現地に赴きサービスをご提供するお仕事になります。お仕事場所が遠い場合などや、_x000d_ 都合が悪い場合などは、ご自身の働きやすい状況でお仕事をする事が出来ます。_x000d_ お問合せなどがありましたらご連絡をいただけたら幸いです。_x000d_ 就労条件により加入保険変動あり。有給休暇は労基法上の日数_x000d_ 「生涯現役支援求人」 | NF16: パート労働者 | NG16: あり | NH16: 雇用期間の定めなし | NL16: あり | NM16: 変更なし | NP16: 3人 | NQ16: 1人 | NR16: 1人 | NS16: あり（屋内禁煙） | NT16: 可 | NU16: 駐車場 なし | NV16: なし | NW16: 不問 | NX16: 不問 | NY16: 不問 | OB16: 不問 | OE16: 普通自動車運転免許 必須 | OF16: （AT限定可） | OG16: 必須 | OH16: 必須 | OK16: いずれかの免許・資格所持で可 | OL16: 時給 | ON16: 1,800円～2,500円 | OS16: なし | OU16: =IF(OM16<>"",OM16,ON16) -> 1,800円～2,500円 | OW16: 実費支給（上限なし） | OY16: 月末 | OZ16: 毎月20日 翌月払い | PA16: 昇給あり | PB16: 前年度実績 あり | PC16: 50円～1,200円 | PE16: 賞与なし | PK16: (1)9時00分～18時00分 | PN16: 又は9時00分～18時00分の間の2時間以上 | PO16: なし | PQ16: なし | PR16: 60分 | PS16: 週1日～週5日 | PT16: 労働日数について相談可 | PU16: 土日祝他 | PV16: 毎 週 | PY16: 労災 | QB16: なし | QC16: なし | QD16: なし | QE16: なし | QJ16: 2人 | QK16: 増員 | QL16: 面接・その他 | QM16: 1回 | QN16: 面接選考後 | QP16: 7日以内 | QQ16: 電話 | QR16: 随時 | QT16: ハローワーク紹介状・履歴書（写真貼付） | QV16: 求人者の責任にて廃棄 | QX16: 外国人雇用実績 | SC16: 0人
A17: 40010-57855261 | B17: 4001-639074-0 | C17: 9290001088626 | D17: 5 | E17: 2020 | F17: 800 | G17: 47 | H17: 株式会社 シルバーサポートジャパン | I17: カブシキガイシャ シルバーサポートジャパン | J17: 代表取締役社長 | K17: 高木 元 | L17: 〒810-0052 | M17: 福岡県福岡市中央区大濠１－７－３４ | N17: 地下鉄大濠公園 | Q17: 092-406-0018 | R17: 個人宅、病院、デイサービス、老人保健施設などに訪問し、理美容サービスを提供する社会貢献度の高い仕事です。 | U17: お体のご都合や色々なご事情で理美容院などに行く事が出来ない方のご自宅や福祉施設全般に伺い、出張理美容サービスを行うお仕事です。幅広い年齢層の方が活躍されています。 | V17: 0 | W17: 1 | X17: 1 | Y17: 2 | Z17: 2 | AA17: 0 | AB17: 1 | AC17: 1 | AI17: 789 | AJ17: 40133 | AK17: 令和2年 | AL17: 800万円 | AM17: 47人 | AO17: 地下鉄大濠公園 | AP17: なし | AQ17: あり | AR17: あり | AS17: 該当者なし | AT17: 該当者なし | AU17: なし | AV17: あり | AW17: あり | BB17: その他の洗濯・理容・美容・浴場業 | BL17: 40010 | BM17: 46356 | BN17: 1 | BO17: 0 | BP17: 2 | BQ17: 46293 | BS17: 0 | BT17: 1 | BU17: 1 | BY17: Z54 | BZ17: B60 | CA17: B65 | CI17: 28209 | CJ17: 28210 | CK17: 28212 | CL17: 28213 | CM17: 0 | CN17: 1 | CO17: 福祉理容師 福祉美容師／豊岡市、加古川市、赤穂市、西脇市 | CP17: 053-01 | CQ17: 053-02 | CS17: 3 | CT17: 4301 | CU17: 4303 | DC17: 3 | DD17: 0 | DH17: （パートタイム） | DJ17: 46293 | DM17: 事業所名等を含む求人情報を公開する | DN17: 地方自治体、民間人材ビジネス共に可 | DR17: 兵庫県豊岡市 | DS17: 兵庫県豊岡市 | DT17: 兵庫県加古川市 | DU17: 兵庫県赤穂市 | DV17: 兵庫県西脇市 | DX17: 派遣・請負ではない | DY17: 理容師 | DZ17: 美容師 | EB17: 未充足 | EC17: 0人 | EE17: 個人宅・病院・デイサービスセンター・老人保健施設・福祉施設などに訪問し、理美容サービスを提供する社会貢献度の高いお仕事です。_x000d_ _x000d_ _x000d_ 変更範囲：変更なし | EF17: 5 | EH17: 1 | EI17: １人 | EJ17: 1 | ER17: 1 | ES17: ３ヶ月間（延長あり） | ET17: 1 | EV17: 3 | EW17: 〒668-0000 | EX17: 兵庫県豊岡市、加古川市、赤穂市、西脇市 | FB17: 0 | FC17: 直行直帰のお仕事になります。 | FD17: 3 | FE17: 1 | FF17: 1 | FG17: 1 | FH17: 1 | FJ17: 1 | FK17: 0 | FL17: 0 | FN17: 1 | FS17: 3 | FV17: 3 | FY17: 0 | FZ17: 1 | GA17: 1 | GB17: 1 | GC17: 1 | GF17: 1 | GG17: 4 | GK17: 1800 | GL17: 2500 | GY17: 0 | HC17: 1800 | HD17: 2500 | HE17: 交通費全額支給（ガソリン代現金支給） | HG17: 4 | HJ17: 2 | HM17: 1 | HN17: 2 | HO17: 20 | HQ17: 1 | HR17: 1 | HS17: 1 | HT17: 2 | HU17: 50 | HV17: 1200 | HY17: 0 | IH17: 900 | IK17: 1800 | IN17: 900 | IO17: 1800 | IP17: 2 | IQ17: 1 | IR17: 0 | IS17: 直行、直帰のお仕事になります。好きな曜日、時間で働けます。 | IT17: 0 | IV17: 0 | IX17: 60 | IY17: 1 | IZ17: 1 | JA17: 5 | JD17: 1 | JE17: 0 | JF17: 0 | JG17: 0 | JH17: 0 | JI17: 0 | JJ17: 1 | JK17: 1 | JL17: 1 | JM17: 1 | JN17: 1 | JO17: 希望の休日が取れます | JR17: 0 | JS17: 0 | JT17: 1 | JU17: 0 | JV17: 0 | JW17: 0 | JX17: 0 | JY17: 0 | KB17: 0 | KC17: 0 | KD17: 0 | KF17: 1 | KG17: 0 | KH17: 1 | KI17: 0 | KJ17: 0 | KK17: 0 | KM17: 0 | KP17: 1 | KQ17: 0 | KT17: 1 | KU17: 0 | KX17: 0 | KY17: 0 | LB17: 0 | LD17: 2 | LE17: 2 | LG17: 1 | LH17: 0 | LI17: 0 | LJ17: 1 | LK17: 1 | LL17: 0 | LM17: 0 | LN17: 1 | LO17: 0 | LQ17: 7 | LR17: 0 | LS17: 0 | LT17: 1 | LU17: 0 | LV17: 0 | LW17: 1 | LY17: 3 | LZ17: 〒668-0000 | MA17: 兵庫県豊岡市、加古川市、赤穂市、西脇市近隣地域にて面接 | ME17: 1 | MF17: 1 | MG17: 0 | MH17: 0 | MI17: 0 | MK17: 1 | ML17: 0 | MM17: 0 | MN17: 面接時持参 | MQ17: 2 | MR17: 技術選考がある場合がある | MU17: 人事採用係 | MV17: 0 | MW17: 0942-27-8778 | MY17: 1 | MZ17: 0 | NA17: 092-791-6323 | NC17: 0 | NE17: ・兵庫県全域でのお仕事になります。基本的に現地に赴きサービスをご提供するお仕事になります。お仕事場所が遠い場合などや、_x000d_ 都合が悪い場合などは、ご自身の働きやすい状況でお仕事をする事が出来ます。_x000d_ お問合せなどがありましたらご連絡をいただけたら幸いです。_x000d_ 就労条件により加入保険変動あり。有給休暇は労基法上の日数_x000d_ 「生涯現役支援求人」 | NF17: パート労働者 | NG17: あり | NH17: 雇用期間の定めなし | NL17: あり | NM17: 変更なし | NP17: 3人 | NQ17: 1人 | NR17: 1人 | NS17: あり（屋内禁煙） | NT17: 可 | NU17: 駐車場 なし | NV17: なし | NW17: 不問 | NX17: 不問 | NY17: 不問 | OB17: 不問 | OE17: 普通自動車運転免許 必須 | OF17: （AT限定可） | OG17: 必須 | OH17: 必須 | OK17: いずれかの免許・資格所持で可 | OL17: 時給 | ON17: 1,800円～2,500円 | OS17: なし | OU17: =IF(OM17<>"",OM17,ON17) -> 1,800円～2,500円 | OW17: 実費支給（上限なし） | OY17: 月末 | OZ17: 毎月20日 翌月払い | PA17: 昇給あり | PB17: 前年度実績 あり | PC17: 50円～1,200円 | PE17: 賞与なし | PK17: (1)9時00分～18時00分 | PN17: 又は9時00分～18時00分の間の2時間以上 | PO17: なし | PQ17: なし | PR17: 60分 | PS17: 週1日～週5日 | PT17: 労働日数について相談可 | PU17: 土日祝他 | PV17: 毎 週 | PY17: 労災 | QB17: なし | QC17: なし | QD17: なし | QE17: なし | QJ17: 2人 | QK17: 増員 | QL17: 面接・その他 | QM17: 1回 | QN17: 面接選考後 | QP17: 7日以内 | QQ17: 電話 | QR17: 随時 | QT17: ハローワーク紹介状・履歴書（写真貼付） | QV17: 求人者の責任にて廃棄 | QX17: 外国人雇用実績 | SC17: 0人
A18: 40010-57863261 | B18: 4001-639074-0 | C18: 9290001088626 | D18: 5 | E18: 2020 | F18: 800 | G18: 47 | H18: 株式会社 シルバーサポートジャパン | I18: カブシキガイシャ シルバーサポートジャパン | J18: 代表取締役社長 | K18: 高木 元 | L18: 〒810-0052 | M18: 福岡県福岡市中央区大濠１－７－３４ | N18: 地下鉄大濠公園 | Q18: 092-406-0018 | R18: 個人宅、病院、デイサービス、老人保健施設などに訪問し、理美容サービスを提供する社会貢献度の高い仕事です。 | U18: お体のご都合や色々なご事情で理美容院などに行く事が出来ない方のご自宅や福祉施設全般に伺い、出張理美容サービスを行うお仕事です。幅広い年齢層の方が活躍されています。 | V18: 0 | W18: 1 | X18: 1 | Y18: 2 | Z18: 2 | AA18: 0 | AB18: 1 | AC18: 1 | AI18: 789 | AJ18: 40133 | AK18: 令和2年 | AL18: 800万円 | AM18: 47人 | AO18: 地下鉄大濠公園 | AP18: なし | AQ18: あり | AR18: あり | AS18: 該当者なし | AT18: 該当者なし | AU18: なし | AV18: あり | AW18: あり | BB18: その他の洗濯・理容・美容・浴場業 | BL18: 40010 | BM18: 46356 | BN18: 1 | BO18: 0 | BP18: 2 | BQ18: 46293 | BS18: 0 | BT18: 1 | BU18: 1 | BY18: Z54 | BZ18: B60 | CA18: B65 | CI18: 28481 | CJ18: 28501 | CK18: 28585 | CL18: 28586 | CM18: 0 | CN18: 1 | CO18: 福祉理容師 福祉美容師／赤穂郡、佐用郡、美方郡 | CP18: 053-01 | CQ18: 053-02 | CS18: 3 | CT18: 4301 | CU18: 4303 | DC18: 3 | DD18: 0 | DH18: （パートタイム） | DJ18: 46293 | DM18: 事業所名等を含む求人情報を公開する | DN18: 地方自治体、民間人材ビジネス共に可 | DR18: 兵庫県赤穂郡上郡町 | DS18: 兵庫県赤穂郡上郡町 | DT18: 兵庫県佐用郡佐用町 | DU18: 兵庫県美方郡香美町 | DV18: 兵庫県美方郡新温泉町 | DX18: 派遣・請負ではない | DY18: 理容師 | DZ18: 美容師 | EB18: 未充足 | EC18: 0人 | EE18: 個人宅・病院・デイサービスセンター・老人保健施設・福祉施設などに訪問し、理美容サービスを提供する社会貢献度の高いお仕事です。_x000d_ _x000d_ _x000d_ 変更範囲：変更なし | EF18: 5 | EH18: 1 | EI18: １人 | EJ18: 1 | ER18: 1 | ES18: ３ヶ月間（延長あり） | ET18: 1 | EV18: 3 | EW18: 〒678-1200 | EX18: 兵庫県赤穂郡上郡町、佐用郡佐用町、美方郡香美町、美方郡新温泉町 | FB18: 0 | FC18: 直行直帰のお仕事になります。 | FD18: 3 | FE18: 1 | FF18: 1 | FG18: 1 | FH18: 1 | FJ18: 1 | FK18: 0 | FL18: 0 | FN18: 1 | FS18: 3 | FV18: 3 | FY18: 0 | FZ18: 1 | GA18: 1 | GB18: 1 | GC18: 1 | GF18: 1 | GG18: 4 | GK18: 1800 | GL18: 2500 | GY18: 0 | HC18: 1800 | HD18: 2500 | HE18: 交通費全額支給（ガソリン代現金支給） | HG18: 4 | HJ18: 2 | HM18: 1 | HN18: 2 | HO18: 20 | HQ18: 1 | HR18: 1 | HS18: 1 | HT18: 2 | HU18: 50 | HV18: 1200 | HY18: 0 | IH18: 900 | IK18: 1800 | IN18: 900 | IO18: 1800 | IP18: 2 | IQ18: 1 | IR18: 0 | IS18: 直行、直帰のお仕事になります。好きな曜日、時間で働けます。 | IT18: 0 | IV18: 0 | IX18: 60 | IY18: 1 | IZ18: 1 | JA18: 5 | JD18: 1 | JE18: 0 | JF18: 0 | JG18: 0 | JH18: 0 | JI18: 0 | JJ18: 1 | JK18: 1 | JL18: 1 | JM18: 1 | JN18: 1 | JO18: 希望の休日が取れます | JR18: 0 | JS18: 0 | JT18: 1 | JU18: 0 | JV18: 0 | JW18: 0 | JX18: 0 | JY18: 0 | KB18: 0 | KC18: 0 | KD18: 0 | KF18: 1 | KG18: 0 | KH18: 1 | KI18: 0 | KJ18: 0 | KK18: 0 | KM18: 0 | KP18: 1 | KQ18: 0 | KT18: 1 | KU18: 0 | KX18: 0 | KY18: 0 | LB18: 0 | LD18: 2 | LE18: 2 | LG18: 1 | LH18: 0 | LI18: 0 | LJ18: 1 | LK18: 1 | LL18: 0 | LM18: 0 | LN18: 1 | LO18: 0 | LQ18: 7 | LR18: 0 | LS18: 0 | LT18: 1 | LU18: 0 | LV18: 0 | LW18: 1 | LY18: 3 | LZ18: 〒678-1200 | MA18: 兵庫県赤穂郡上郡町、佐用町、香美町、新温泉町近隣地域にて面接 | ME18: 1 | MF18: 1 | MG18: 0 | MH18: 0 | MI18: 0 | MK18: 1 | ML18: 0 | MM18: 0 | MN18: 面接時持参 | MQ18: 2 | MR18: 技術選考がある場合がある | MU18: 人事採用係 | MV18: 0 | MW18: 0942-27-8778 | MY18: 1 | MZ18: 0 | NA18: 092-791-6323 | NC18: 0 | NE18: ・兵庫県全域でのお仕事になります。基本的に現地に赴きサービスをご提供するお仕事になります。お仕事場所が遠い場合などや、_x000d_ 都合が悪い場合などは、ご自身の働きやすい状況でお仕事をする事が出来ます。_x000d_ お問合せなどがありましたらご連絡をいただけたら幸いです。_x000d_ 就労条件により加入保険変動あり。有給休暇は労基法上の日数_x000d_ 「生涯現役支援求人」 | NF18: パート労働者 | NG18: あり | NH18: 雇用期間の定めなし | NL18: あり | NM18: 変更なし | NP18: 3人 | NQ18: 1人 | NR18: 1人 | NS18: あり（屋内禁煙） | NT18: 可 | NU18: 駐車場 なし | NV18: なし | NW18: 不問 | NX18: 不問 | NY18: 不問 | OB18: 不問 | OE18: 普通自動車運転免許 必須 | OF18: （AT限定可） | OG18: 必須 | OH18: 必須 | OK18: いずれかの免許・資格所持で可 | OL18: 時給 | ON18: 1,800円～2,500円 | OS18: なし | OU18: =IF(OM18<>"",OM18,ON18) -> 1,800円～2,500円 | OW18: 実費支給（上限なし） | OY18: 月末 | OZ18: 毎月20日 翌月払い | PA18: 昇給あり | PB18: 前年度実績 あり | PC18: 50円～1,200円 | PE18: 賞与なし | PK18: (1)9時00分～18時00分 | PN18: 又は9時00分～18時00分の間の2時間以上 | PO18: なし | PQ18: なし | PR18: 60分 | PS18: 週1日～週5日 | PT18: 労働日数について相談可 | PU18: 土日祝他 | PV18: 毎 週 | PY18: 労災 | QB18: なし | QC18: なし | QD18: なし | QE18: なし | QJ18: 2人 | QK18: 増員 | QL18: 面接・その他 | QM18: 1回 | QN18: 面接選考後 | QP18: 7日以内 | QQ18: 電話 | QR18: 随時 | QT18: ハローワーク紹介状・履歴書（写真貼付） | QV18: 求人者の責任にて廃棄 | QX18: 外国人雇用実績 | SC18: 0人
A19: 40010-57893161 | B19: 4001-639074-0 | C19: 9290001088626 | D19: 5 | E19: 2020 | F19: 800 | G19: 47 | H19: 株式会社 シルバーサポートジャパン | I19: カブシキガイシャ シルバーサポートジャパン | J19: 代表取締役社長 | K19: 高木 元 | L19: 〒810-0052 | M19: 福岡県福岡市中央区大濠１－７－３４ | N19: 地下鉄大濠公園 | Q19: 092-406-0018 | R19: 個人宅、病院、デイサービス、老人保健施設などに訪問し、理美容サービスを提供する社会貢献度の高い仕事です。 | U19: お体のご都合や色々なご事情で理美容院などに行く事が出来ない方のご自宅や福祉施設全般に伺い、出張理美容サービスを行うお仕事です。幅広い年齢層の方が活躍されています。 | V19: 0 | W19: 1 | X19: 1 | Y19: 2 | Z19: 2 | AA19: 0 | AB19: 1 | AC19: 1 | AI19: 789 | AJ19: 40133 | AK19: 令和2年 | AL19: 800万円 | AM19: 47人 | AO19: 地下鉄大濠公園 | AP19: なし | AQ19: あり | AR19: あり | AS19: 該当者なし | AT19: 該当者なし | AU19: なし | AV19: あり | AW19: あり | BB19: その他の洗濯・理容・美容・浴場業 | BL19: 40010 | BM19: 46356 | BN19: 1 | BO19: 0 | BP19: 1 | BQ19: 46293 | BS19: 0 | BT19: 1 | BU19: 1 | BY19: Z54 | BZ19: B60 | CA19: B65 | CI19: 28205 | CJ19: 28206 | CK19: 28207 | CL19: 28208 | CM19: 0 | CN19: 1 | CO19: 福祉理容師 福祉美容師（正）／洲本市、芦屋市、伊丹市、他 | CP19: 053-01 | CQ19: 053-02 | CS19: 3 | CT19: 4301 | CU19: 4303 | DC19: 3 | DD19: 0 | DH19: （フルタイム） | DJ19: 46293 | DM19: 事業所名等を含む求人情報を公開する | DN19: 地方自治体、民間人材ビジネス共に可 | DR19: 兵庫県洲本市 | DS19: 兵庫県洲本市 | DT19: 兵庫県芦屋市 | DU19: 兵庫県伊丹市 | DV19: 兵庫県相生市 | DX19: 派遣・請負ではない | DY19: 理容師 | DZ19: 美容師 | EB19: 未充足 | EC19: 0人 | EE19: 個人宅・病院・デイサービスセンター・老人保健施設・福祉施設などに訪問し、理美容サービスを提供する社会貢献度の高いお仕事です。_x000d_ _x000d_ _x000d_ 変更範囲：変更なし | EF19: 1 | EJ19: 1 | ER19: 1 | ES19: ３ヶ月間（延長あり） | ET19: 1 | EV19: 3 | EW19: 〒656-0000 | EX19: 兵庫県洲本市、芦屋市、伊丹市、相生市 | FB19: 0 | FC19: 直行直帰のお仕事になります。 | FD19: 3 | FE19: 1 | FF19: 1 | FG19: 1 | FH19: 1 | FJ19: 1 | FK19: 0 | FL19: 0 | FN19: 1 | FS19: 3 | FV19: 3 | FY19: 0 | FZ19: 1 | GA19: 1 | GB19: 1 | GC19: 1 | GF19: 1 | GG19: 1 | GK19: 250000 | GL19: 500000 | GY19: 0 | HC19: 250000 | HD19: 500000 | HE19: 交通費全額支給（ガソリン代現金支給） | HF19: 20.4 | HG19: 4 | HJ19: 2 | HM19: 1 | HN19: 2 | HO19: 20 | HQ19: 1 | HR19: 1 | HS19: 1 | HT19: 1 | HU19: 30000 | HV19: 320000 | HY19: 1 | HZ19: 1 | IA19: 2 | IB19: 1 | IC19: 2 | IH19: 900 | IK19: 1800 | IQ19: 0 | IR19: 0 | IS19: 直行、直帰のお仕事になります。 | IT19: 0 | IV19: 0 | IX19: 60 | JD19: 0 | JE19: 0 | JF19: 0 | JG19: 0 | JH19: 0 | JI19: 0 | JJ19: 1 | JK19: 1 | JL19: 1 | JM19: 0 | JN19: 1 | JP19: 10 | JQ19: 120 | JR19: 1 | JS19: 1 | JT19: 1 | JU19: 0 | JV19: 1 | JW19: 1 | JX19: 0 | JY19: 0 | KB19: 0 | KC19: 0 | KD19: 0 | KF19: 1 | KG19: 0 | KH19: 1 | KI19: 0 | KJ19: 0 | KK19: 0 | KM19: 0 | KP19: 1 | KQ19: 0 | KT19: 1 | KU19: 0 | KX19: 0 | KY19: 0 | LB19: 0 | LD19: 2 | LE19: 2 | LG19: 1 | LH19: 0 | LI19: 0 | LJ19: 1 | LK19: 1 | LL19: 0 | LM19: 0 | LN19: 1 | LO19: 0 | LQ19: 7 | LR19: 0 | LS19: 0 | LT19: 1 | LU19: 0 | LV19: 0 | LW19: 1 | LY19: 3 | LZ19: 〒656-0000 | MA19: 兵庫県洲本市、芦屋市、伊丹市、相生市近隣地域にて面接 | ME19: 1 | MF19: 1 | MG19: 0 | MH19: 0 | MI19: 0 | MK19: 1 | ML19: 0 | MM19: 0 | MN19: 面接時持参 | MQ19: 2 | MR19: 技術選考がある場合がある | MU19: 人事採用係 | MV19: 0 | MW19: 0942-27-8778 | MY19: 1 | MZ19: 0 | NA19: 092-791-6323 | NC19: 0 | NE19: ・兵庫県全域でのお仕事になります。基本的に現地に赴きサービスをご提供するお仕事になります。_x000d_ お問合せなどがありましたらご連絡をいただけたら幸いです。_x000d_ 「生涯現役支援求人」 | NF19: 正社員 | NH19: 雇用期間の定めなし | NL19: あり | NM19: 変更なし | NP19: 3人 | NQ19: 1人 | NR19: 1人 | NS19: あり（屋内禁煙） | NT19: 可 | NU19: 駐車場 なし | NV19: なし | NW19: 不問 | NX19: 不問 | NY19: 不問 | OB19: 不問 | OE19: 普通自動車運転免許 必須 | OF19: （AT限定可） | OG19: 必須 | OH19: 必須 | OK19: いずれかの免許・資格所持で可 | OL19: 月給 | ON19: 250,000円～500,000円 | OS19: なし | OU19: =IF(OM19<>"",OM19,ON19) -> 250,000円～500,000円 | OV19: 20.4日 | OW19: 実費支給（上限なし） | OY19: 月末 | OZ19: 毎月20日 翌月払い | PA19: 昇給あり | PB19: 前年度実績 あり | PC19: 30,000円～320,000円 | PE19: 賞与あり | PF19: 前年度実績 あり | PG19: 年2回（前年度実績） | PH19: 2.00ヶ月分 | PK19: (1)9時00分～18時00分 | PO19: なし | PQ19: なし | PR19: 60分 | PU19: 土日祝 | PV19: 毎 週 | PW19: 10日 | PX19: 120日 | PY19: 雇用・労災・健康・厚生 | QB19: なし | QC19: なし | QD19: なし | QE19: なし | QJ19: 2人 | QK19: 増員 | QL19: 面接・その他 | QM19: 1回 | QN19: 面接選考後 | QP19: 7日以内 | QQ19: 電話 | QR19: 随時 | QT19: ハローワーク紹介状・履歴書（写真貼付） | QV19: 求人者の責任にて廃棄 | QX19: 外国人雇用実績 | SC19: 0人
A20: 28211- 1528561 | B20: 2821- 4518-3 | D20: 4 | E20: 2011 | G20: 17 | H20: 株式会社佐公間建設工業小規模多機能型居宅介護事業所たんぽぽ | I20: カブシキカイシャサクマケンセツコウギョウ ショウキボタキノウガタキョタクカイゴジギョウショタンポポ | J20: 代表取締役 | K20: 金本 純児 | L20: 〒678-0051 | M20: 兵庫県相生市那波大浜町２４－２１ | N20: 山陽本線相生 | O20: 2 | P20: 7 | Q20: 0791-23-7878 | R20: 相生市にお住まいの方を中心に、要支援１～要介護５までの方の御自宅での生活を援助する介護保険事業所です。通い・泊り・訪問の３つのサービスを提供しています。 | U20: 「個人の尊厳を守る」「一人ひとりが主人公になれるケア」を大切_x000d_ にしています。スタッフも同様に尊重される風土があり、地域の一_x000d_ 員として誇りを持って勤務していただけます。 | V20: 0 | W20: 1 | X20: 0 | Y20: 0 | Z20: 0 | AA20: 0 | AB20: 1 | AC20: 1 | AI20: 854 | AJ20: 28208 | AK20: 平成23年 | AM20: 17人 | AO20: 山陽本線相生 から 車7分 | AP20: なし | AQ20: あり | AR20: なし | AS20: なし | AT20: なし | AU20: なし | AV20: あり | AW20: あり | BB20: 老人福祉・介護事業 | BE20: 〒678-0051 | BF20: 〒678-0051 | BG20: 兵庫県相生市那波大浜町２４－２１ | BH20: 兵庫県相生市那波大浜町２４－２１ | BI20: 山陽本線相生 | BJ20: 山陽本線相生 | BK20: （静） | BL20: 28211 | BM20: 46356 | BN20: 1 | BO20: 0 | BP20: 2 | BQ20: 46290 | BS20: 0 | BT20: 1 | BU20: 2 | CC20: B10 | CD20: B60 | CE20: Y60 | CF20: Y61 | CI20: 28208 | CM20: 0 | CN20: 1 | CO20: （パ）調理員（介護施設） | CP20: 055-07 | CQ20: 050-02 | CS20: 3 | CW20: 2821 | CX20: 2821- 4518-3 | CY20: 0 | CZ20: 2821 | DA20: 2821- 4518-3 | DB20: 0 | DC20: 3 | DD20: 0 | DH20: （パートタイム） | DJ20: 46290 | DM20: 事業所名等を含む求人情報を公開する | DN20: 地方自治体のみ可 | DR20: 兵庫県相生市 | DS20: 兵庫県相生市 | DX20: 派遣・請負ではない | EB20: 未充足 | EC20: 0人 | EE20: ※高齢者施設での調理担当業務。（清掃含む）_x000d_ ■１日４時間程度。週３～４日程度。_x000d_ ■就業日数については相談には応じます。_x000d_ ■高齢者施設で家庭的な料理を調理するお仕事です。_x000d_ ■未経験の方も歓迎！_x000d_ ■料理の好きな方歓迎！_x000d_ ※詳細については気軽に問い合わせください。_x000d_ _x000d_ 【変更範囲：変更なし】 | EF20: 5 | EH20: 0 | EJ20: 1 | ER20: 1 | ES20: ３ヶ月 | ET20: 1 | EV20: 1 | EW20: 〒678-0051 | EX20: 兵庫県相生市那波大浜町２４－２１ | EY20: 山陽本線相生 | EZ20: 2 | FA20: 7 | FB20: 0 | FD20: 6 | FE20: 5 | FF20: 3 | FG20: 1 | FH20: 1 | FJ20: 1 | FK20: 1 | FL20: 0 | FN20: 1 | FS20: 3 | FV20: 3 | FY20: 0 | FZ20: 2 | GA20: 1 | GF20: 0 | GG20: 4 | GK20: 1172 | GL20: 1172 | GY20: 0 | HC20: 1172 | HD20: 1172 | HG20: 1 | HH20: 2 | HI20: 200 | HJ20: 2 | HM20: 1 | HN20: 2 | HO20: 10 | HQ20: 0 | HY20: 0 | IH20: 900 | IK20: 1300 | IN20: 800 | IO20: 1400 | IP20: 4 | IQ20: 0 | IR20: 1 | IT20: 0 | IV20: 0 | IX20: 0 | IY20: 1 | IZ20: 3 | JA20: 4 | JD20: 0 | JE20: 0 | JF20: 0 | JG20: 0 | JH20: 0 | JI20: 0 | JJ20: 0 | JK20: 0 | JL20: 0 | JM20: 1 | JN20: 3 | JO20: シフト制_x000d_ | JR20: 0 | JS20: 0 | JT20: 1 | JU20: 0 | JV20: 0 | JW20: 0 | JX20: 0 | JY20: 0 | KB20: 0 | KC20: 0 | KD20: 0 | KF20: 0 | KG20: 0 | KH20: 0 | KI20: 0 | KJ20: 0 | KK20: 0 | KM20: 0 | KP20: 0 | KQ20: 0 | KT20: 0 | KU20: 0 | KX20: 0 | KY20: 0 | KZ20: 1 | LB20: 0 | LD20: 2 | LE20: 1 | LG20: 1 | LH20: 0 | LI20: 0 | LJ20: 0 | LK20: 1 | LL20: 0 | LM20: 0 | LN20: 1 | LO20: 0 | LQ20: 7 | LR20: 0 | LS20: 1 | LT20: 1 | LU20: 0 | LV20: 0 | LW20: 1 | LY20: 1 | LZ20: 〒678-0051 | MA20: 兵庫県相生市那波大浜町２４－２１ | MB20: 山陽本線相生 | MC20: 2 | MD20: 7 | ME20: 1 | MF20: 1 | MG20: 0 | MH20: 0 | MI20: 0 | MK20: 1 | ML20: 0 | MM20: 0 | MN20: 面接時に持参 | MQ20: 2 | MS20: 金本 | MT20: カナモト | MU20: 総務 | MV20: 0 | MW20: 0791-22-1209 | MY20: 1 | MZ20: 0 | NA20: 0791-23-6708 | NC20: 0 | NE20: ■勤務時間等は相談に応じます。_x000d_ ■介護職も兼務できる方も歓迎。_x000d_ ■加入保険・有給休暇は法定どおり。_x000d_ ■駐車場有り。駐車料金無料。_x000d_ ■資格の無い方については入社後１年以内に認知症介護基礎研修を 受講して頂きます。_x000d_ ■６０歳以上の方、応募可能です。高齢な方も活躍中！ | NF20: パート労働者 | NG20: なし | NH20: 雇用期間の定めなし | NL20: あり | NM20: 変更なし | NN20: 山陽本線相生 から 車7分 | NP20: 6人 | NQ20: 5人 | NR20: 3人 | NS20: あり（屋内禁煙） | NT20: 可 | NU20: 駐車場 あり | NV20: なし | NW20: 不問 | NX20: 不問 | NY20: 不問 | OB20: 不問 | OE20: 普通自動車運転免許 あれば尚可 | OF20: （AT限定可） | OL20: 時給 | ON20: 1,172円～1,172円 | OS20: なし | OU20: =IF(OM20<>"",OM20,ON20) -> 1,172円～1,172円 | OW20: 実費支給（上限あり） | OX20: 日額 200円まで | OY20: 月末 | OZ20: 毎月10日 翌月払い | PA20: 昇給なし | PE20: 賞与なし | PK20: (1)9時00分～13時00分 | PN20: 又は8時00分～14時00分の間の4時間程度 | PO20: なし | PQ20: なし | PR20: 0分 | PS20: 週3日～週4日 | PU20: 他 | PV20: その他 | PY20: 労災 | QB20: なし | QC20: なし | QD20: なし | QE20: なし | QH20: なし | QJ20: 2人 | QK20: 欠員補充 | QL20: 面接 | QM20: 1回 | QN20: 面接選考後 | QP20: 7日以内 | QQ20: 郵送・電話 | QR20: 随時 | QS20: 山陽本線相生 から 車7分 | QT20: ハローワーク紹介状・履歴書（写真貼付） | QV20: 求人者の責任にて廃棄 | QX20: 外国人雇用実績 | SC20: 0人
A21: 28211- 1532361 | B21: 2821- 3155-2 | C21: 7140005007516 | D21: 4 | E21: 1990 | G21: 436 | H21: 社会福祉法人 みどり福祉会 老人保健施設 ハイマート | I21: シヤカイフクシホウジン ミドリフクシカイ ロウジンホケンシセツ ハイマート | J21: 理事長 | K21: 理事長 魚橋 哲夫 | L21: 〒678-0081 | M21: 兵庫県相生市若狭野町若狭野２３５－２４ | N21: ＪＲ相生 | O21: 2 | P21: 15 | Q21: 0791-28-1735 | R21: 要介護老人の家庭復帰を目指し、医療・リハビリ・介護などを行う施設。（入所定員１００人・通所定員４０人） | U21: 社会福祉法人みどり福祉会に所属。病院と家庭との橋渡しをする施設。通所リハビリテーションと地域の要介護老人のケアプランの作成、重度心身障害者（児）の短期入所事業をあわせ行っている。 | V21: 0 | W21: 1 | X21: 1 | Y21: 0 | Z21: 0 | AA21: 0 | AB21: 1 | AC21: 1 | AI21: 854 | AJ21: 28208 | AK21: 平成2年 | AM21: 436人 | AO21: ＪＲ相生 から 車15分 | AP21: なし | AQ21: あり | AR21: あり | AS21: なし | AT21: なし | AU21: なし | AV21: あり | AW21: あり | BB21: 老人福祉・介護事業 | BE21: 〒678-0081 | BF21: 〒678-0081 | BG21: 兵庫県相生市若狭野町若狭野２３５－２４ | BH21: 兵庫県相生市若狭野町若狭野２３５－２４ | BI21: ＪＲ相生 | BJ21: ＪＲ相生 | BK21: （静） | BL21: 28211 | BM21: 46356 | BN21: 1 | BO21: 0 | BP21: 1 | BQ21: 46290 | BS21: 0 | BT21: 1 | BU21: 2 | CA21: Y17 | CC21: B10 | CD21: B60 | CE21: Y60 | CF21: Y61 | CI21: 28208 | CM21: 0 | CN21: 1 | CO21: 正社員：介護員／応募前の職場見学も歓迎！ | CP21: 050-01 | CQ21: 050-99 | CS21: 3 | CT21: 2305 | CU21: 2313 | CW21: 2821 | CX21: 2821- 3155-2 | CY21: 0 | CZ21: 2821 | DA21: 2821- 3155-2 | DB21: 0 | DC21: 3 | DD21: 0 | DH21: （フルタイム） | DJ21: 46290 | DM21: 事業所名等を含む求人情報を公開する | DN21: 地方自治体のみ可 | DR21: 兵庫県相生市 | DS21: 兵庫県相生市 | DX21: 派遣・請負ではない | DY21: ホームヘルパー２級 | DZ21: 介護職員初任者研修修了者 | EB21: 未充足 | EC21: 0人 | EE21: 要介護利用者さまの食事・入浴・排泄など、日常動作の介助業務_x000d_ ＊就業時間について：_x000d_ （１） ７：００～１６：００_x000d_ （２） ８：３０～１７：３０_x000d_ （３） １０：００～１９：００_x000d_ （４） １６：３０～ ９：３０_x000d_ ◆就業時間（１）～（４）についてはご相談に応じます_x000d_ ◆６０歳以上の方、応募可能（嘱託職員）_x000d_ ◆託児所随時利用可_x000d_ ◆経験者は優遇します_x000d_ _x000d_ 【変更範囲：変更なし】 | EF21: 1 | EJ21: 1 | ER21: 1 | ES21: ３ヶ月 | ET21: 1 | EV21: 1 | EW21: 〒678-0081 | EX21: 兵庫県相生市若狭野町若狭野２３５－２４ | EY21: ＪＲ相生 | EZ21: 2 | FA21: 15 | FB21: 0 | FD21: 90 | FE21: 64 | FF21: 27 | FG21: 1 | FH21: 1 | FJ21: 1 | FK21: 1 | FL21: 0 | FN21: 2 | FO21: 18 | FP21: 59 | FQ21: 21 | FR21: 深夜業務の為 定年が６０歳の為 | FS21: 3 | FV21: 3 | FY21: 0 | FZ21: 1 | GA21: 1 | GB21: 2 | GC21: 2 | GF21: 0 | GG21: 1 | GK21: 185000 | GL21: 185000 | GM21: 処遇 | GQ21: 15000 | GU21: 20000 | GY21: 0 | HC21: 200000 | HD21: 205000 | HE21: 介護福祉士手当 ５，０００円 住居手当あり 年末年始手当あり_x000d_ 夜勤手当 １回 ８，０００円 月５回程度 | HF21: 21 | HG21: 1 | HH21: 1 | HI21: 30000 | HJ21: 1 | HK21: 20 | HM21: 1 | HN21: 1 | HO21: 29 | HQ21: 1 | HR21: 1 | HS21: 2 | HT21: 1 | HW21: 2 | HY21: 1 | HZ21: 1 | IA21: 2 | IB21: 1 | IC21: 4 | IF21: 2 | IH21: 700 | II21: 830 | IJ21: 1000 | IK21: 1600 | IL21: 1730 | IM21: 1900 | IQ21: 0 | IR21: 0 | IS21: 就業時間（４）１６：３０～９：３０（夜勤） | IT21: 1 | IU21: 2 | IV21: 0 | IX21: 60 | JD21: 0 | JE21: 0 | JF21: 0 | JG21: 0 | JH21: 0 | JI21: 0 | JJ21: 0 | JK21: 0 | JL21: 0 | JM21: 1 | JN21: 3 | JO21: ＊会社カレンダーによる_x000d_ ＊ローテーション | JP21: 10 | JQ21: 113 | JR21: 1 | JS21: 1 | JT21: 1 | JU21: 0 | JV21: 1 | JW21: 1 | JX21: 0 | JY21: 0 | KA21: 1 | KB21: 0 | KC21: 0 | KD21: 0 | KF21: 1 | KG21: 1 | KH21: 1 | KI21: 0 | KJ21: 0 | KK21: 0 | KM21: 1 | KN21: 1 | KO21: 60 | KP21: 1 | KQ21: 1 | KR21: 1 | KS21: 70 | KT21: 1 | KU21: 1 | KV21: 1 | KW21: 70 | KX21: 0 | KY21: 0 | KZ21: 1 | LB21: 1 | LD21: 3 | LG21: 1 | LH21: 0 | LI21: 0 | LJ21: 0 | LK21: 1 | LL21: 0 | LM21: 0 | LN21: 1 | LO21: 0 | LQ21: 7 | LR21: 0 | LS21: 0 | LT21: 1 | LU21: 0 | LV21: 0 | LW21: 1 | LY21: 1 | LZ21: 〒678-0081 | MA21: 兵庫県相生市若狭野町若狭野２３５－２４ | MB21: ＪＲ相生 | MC21: 2 | MD21: 15 | ME21: 1 | MF21: 1 | MG21: 0 | MH21: 0 | MI21: 0 | MK21: 1 | ML21: 0 | MM21: 0 | MN21: 面接時に持参 | MQ21: 1 | MS21: 採用担当者 | MU21: 求人掲載に関する営業電話はお断り | MV21: 1 | MW21: 0791-28-1735 | MY21: 0 | MZ21: 0 | NC21: 0 | NE21: ＊マイカー通勤：可 無料駐車場あり _x000d_ _x000d_ ＊夜勤手当：１回につき８０００円_x000d_ 処遇改善手当：年３回支給／特定処遇改善手当：年３回支給_x000d_ _x000d_ ＊６０歳以上の方、応募可能（嘱託職員）_x000d_ _x000d_ ■加入保険・有給休暇は法定どおり。_x000d_ _x000d_ ■雇用条件については、別途、ご相談に応じます。_x000d_ _x000d_ ■ＪＲ相生駅から送迎があります。_x000d_ （勤務時間により対応できない場合があります）_x000d_ _x000d_ ■駐車場有り。駐車料金無料。_x000d_ _x000d_ ■土・日曜日の休日については相談に応じます。 | NF21: 正社員 | NH21: 雇用期間の定めなし | NL21: あり | NM21: 変更なし | NN21: ＪＲ相生 から 車15分 | NP21: 90人 | NQ21: 64人 | NR21: 27人 | NS21: あり（屋内禁煙） | NT21: 可 | NU21: 駐車場 あり | NV21: なし | NW21: 18歳～59歳 | NX21: 定年を上限 | NY21: 不問 | OB21: 不問 | OE21: 普通自動車運転免許 必須 | OF21: （AT限定可） | OG21: あれば尚可 | OH21: あれば尚可 | OL21: 月給 | ON21: 185,000円～185,000円 | OO21: 処遇手当15,000円～20,000円 | OS21: なし | OU21: =IF(OM21<>"",OM21,ON21) -> 185,000円～185,000円 | OV21: 21.0日 | OW21: 実費支給（上限あり） | OX21: 月額 30,000円まで | OY21: 毎月20日 | OZ21: 毎月29日 当月払い | PA21: 昇給あり | PB21: 前年度実績 あり | PD21: 2.00％～ | PE21: 賞与あり | PF21: 前年度実績 あり | PG21: 年2回（前年度実績） | PH21: 4.00ヶ月分 | PJ21: 交替制あり | PK21: (1)7時00分～16時00分 | PL21: (2)8時30分～17時30分 | PM21: (3)10時00分～19時00分 | PO21: あり | PP21: 2時間 | PQ21: なし | PR21: 60分 | PU21: 他 | PV21: その他 | PW21: 10日 | PX21: 113日 | PY21: 雇用・労災・健康・厚生 | QA21: 退職金共済 | QB21: なし | QC21: あり 一律 60歳 | QD21: あり 上限 70歳まで | QE21: あり 上限 70歳まで | QH21: なし | QI21: あり | QJ21: 3人 | QL21: 面接 | QM21: 1回 | QN21: 面接選考後 | QP21: 7日以内 | QQ21: 電話 | QR21: 随時 | QS21: ＪＲ相生 から 車15分 | QT21: ハローワーク紹介状・履歴書（写真貼付） | QV21: 選考後は返却 | QX21: 外国人雇用実績 | SC21: 0人
A22: 28211- 1533661 | B22: 2821- 3155-2 | C22: 7140005007516 | D22: 4 | E22: 1990 | G22: 436 | H22: 社会福祉法人 みどり福祉会 老人保健施設 ハイマート | I22: シヤカイフクシホウジン ミドリフクシカイ ロウジンホケンシセツ ハイマート | J22: 理事長 | K22: 理事長 魚橋 哲夫 | L22: 〒678-0081 | M22: 兵庫県相生市若狭野町若狭野２３５－２４ | N22: ＪＲ相生 | O22: 2 | P22: 15 | Q22: 0791-28-1735 | R22: 要介護老人の家庭復帰を目指し、医療・リハビリ・介護などを行う施設。（入所定員１００人・通所定員４０人） | U22: 社会福祉法人みどり福祉会に所属。病院と家庭との橋渡しをする施設。通所リハビリテーションと地域の要介護老人のケアプランの作成、重度心身障害者（児）の短期入所事業をあわせ行っている。 | V22: 0 | W22: 1 | X22: 1 | Y22: 0 | Z22: 0 | AA22: 0 | AB22: 1 | AC22: 1 | AI22: 854 | AJ22: 28208 | AK22: 平成2年 | AM22: 436人 | AO22: ＪＲ相生 から 車15分 | AP22: なし | AQ22: あり | AR22: あり | AS22: なし | AT22: なし | AU22: なし | AV22: あり | AW22: あり | BB22: 老人福祉・介護事業 | BE22: 〒678-0081 | BF22: 〒678-0081 | BG22: 兵庫県相生市若狭野町若狭野２３５－２４ | BH22: 兵庫県相生市若狭野町若狭野２３５－２４ | BI22: ＪＲ相生 | BJ22: ＪＲ相生 | BK22: （静） | BL22: 28211 | BM22: 46356 | BN22: 1 | BO22: 0 | BP22: 2 | BQ22: 46290 | BS22: 0 | BT22: 1 | BU22: 2 | CA22: Y17 | CC22: B10 | CD22: B60 | CE22: Y61 | CF22: Y60 | CI22: 28208 | CM22: 0 | CN22: 1 | CO22: （パ）介護員／応募前の職場見学も歓迎！ | CP22: 050-01 | CS22: 3 | CT22: 2305 | CU22: 2313 | CW22: 2821 | CX22: 2821- 3155-2 | CY22: 0 | CZ22: 2821 | DA22: 2821- 3155-2 | DB22: 0 | DC22: 3 | DD22: 0 | DH22: （パートタイム） | DJ22: 46290 | DM22: 事業所名等を含む求人情報を公開する | DN22: 地方自治体のみ可 | DR22: 兵庫県相生市 | DS22: 兵庫県相生市 | DX22: 派遣・請負ではない | DY22: ホームヘルパー２級 | DZ22: 介護職員初任者研修修了者 | EB22: 未充足 | EC22: 0人 | EE22: 要介護利用者さまのの食事・入浴・排出など日常動作の介護業務。_x000d_ ◆託児所随時利用可。_x000d_ ◆就業時間については相談に応じます。_x000d_ ◆職場見学可能です。 ◆６０歳以上の方応募可能です。_x000d_ _x000d_ 【変更範囲：変更なし】_x000d_ | EF22: 5 | EH22: 0 | EJ22: 1 | ER22: 1 | ES22: ３ヶ月 | ET22: 1 | EV22: 1 | EW22: 〒678-0081 | EX22: 兵庫県相生市若狭野町若狭野２３５－２４ | EY22: ＪＲ相生 | EZ22: 2 | FA22: 15 | FB22: 0 | FD22: 90 | FE22: 64 | FF22: 27 | FG22: 1 | FH22: 1 | FJ22: 1 | FK22: 1 | FL22: 0 | FN22: 1 | FS22: 3 | FV22: 3 | FY22: 0 | FZ22: 1 | GA22: 1 | GB22: 2 | GC22: 2 | GF22: 0 | GG22: 4 | GK22: 1172 | GL22: 1172 | GY22: 0 | HC22: 1172 | HD22: 1172 | HG22: 1 | HH22: 1 | HI22: 30000 | HJ22: 1 | HK22: 20 | HM22: 1 | HN22: 1 | HO22: 29 | HQ22: 0 | HY22: 0 | IH22: 830 | II22: 1300 | IK22: 1730 | IL22: 1800 | IQ22: 0 | IR22: 0 | IS22: （１）（２）どちらでも応募可能です_x000d_ 休憩時間（１）６０分_x000d_ （２） ０分 | IT22: 0 | IV22: 0 | IX22: 60 | IY22: 2 | JB22: 2 | JC22: 3 | JD22: 1 | JE22: 0 | JF22: 0 | JG22: 0 | JH22: 0 | JI22: 0 | JJ22: 0 | JK22: 0 | JL22: 0 | JM22: 1 | JN22: 1 | JO22: ＊会社カレンダーによる。_x000d_ | JR22: 0 | JS22: 1 | JT22: 1 | JU22: 0 | JV22: 0 | JW22: 0 | JX22: 0 | JY22: 0 | KB22: 0 | KC22: 0 | KD22: 0 | KF22: 0 | KG22: 0 | KH22: 0 | KI22: 0 | KJ22: 0 | KK22: 0 | KM22: 0 | KP22: 0 | KQ22: 0 | KT22: 0 | KU22: 0 | KX22: 0 | KY22: 0 | KZ22: 1 | LB22: 1 | LD22: 1 | LE22: 2 | LG22: 1 | LH22: 0 | LI22: 0 | LJ22: 0 | LK22: 1 | LL22: 0 | LM22: 0 | LN22: 1 | LO22: 0 | LQ22: 7 | LR22: 0 | LS22: 0 | LT22: 1 | LU22: 0 | LV22: 0 | LW22: 1 | LY22: 1 | LZ22: 〒678-0081 | MA22: 兵庫県相生市若狭野町若狭野２３５－２４ | MB22: ＪＲ相生 | MC22: 2 | MD22: 15 | ME22: 1 | MF22: 1 | MG22: 0 | MH22: 0 | MI22: 0 | MK22: 1 | ML22: 0 | MM22: 0 | MN22: 面接時に持参 | MQ22: 1 | MS22: 採用担当者 | MU22: 求人掲載に関する営業電話はお断り | MV22: 1 | MW22: 0791-28-1735 | MY22: 0 | MZ22: 0 | NC22: 0 | NE22: ■加入保険・有給休暇は法定どおり。_x000d_ _x000d_ ■雇用条件については、別途、ご相談に応じます。 _x000d_ _x000d_ ■ＪＲ相生駅から送迎があります。_x000d_ （勤務時間により対応できない場合があります）_x000d_ _x000d_ ■駐車場有り。駐車料金無料。_x000d_ _x000d_ ■土・日曜日の休日については相談に応じます。_x000d_ _x000d_ ■６０歳以上の方、応募可能_x000d_ _x000d_ | NF22: パート労働者 | NG22: なし | NH22: 雇用期間の定めなし | NL22: あり | NM22: 変更なし | NN22: ＪＲ相生 から 車15分 | NP22: 90人 | NQ22: 64人 | NR22: 27人 | NS22: あり（屋内禁煙） | NT22: 可 | NU22: 駐車場 あり | NV22: なし | NW22: 不問 | NX22: 不問 | NY22: 不問 | OB22: 不問 | OE22: 普通自動車運転免許 必須 | OF22: （AT限定可） | OG22: あれば尚可 | OH22: あれば尚可 | OL22: 時給 | ON22: 1,172円～1,172円 | OS22: なし | OU22: =IF(OM22<>"",OM22,ON22) -> 1,172円～1,172円 | OW22: 実費支給（上限あり） | OX22: 月額 30,000円まで | OY22: 毎月20日 | OZ22: 毎月29日 当月払い | PA22: 昇給なし | PE22: 賞与なし | PK22: (1)8時30分～17時30分 | PL22: (2)13時00分～18時00分 | PO22: なし | PQ22: なし | PR22: 60分 | PS22: 週3日程度 | PT22: 労働日数について相談可 | PU22: 他 | PV22: 毎 週 | PY22: 雇用・労災 | QB22: なし | QC22: なし | QD22: なし | QE22: なし | QH22: なし | QI22: あり | QJ22: 1人 | QK22: 増員 | QL22: 面接 | QM22: 1回 | QN22: 面接選考後 | QP22: 7日以内 | QQ22: 電話 | QR22: 随時 | QS22: ＪＲ相生 から 車15分 | QT22: ハローワーク紹介状・履歴書（写真貼付） | QV22: 選考後は返却 | QX22: 外国人雇用実績 | SC22: 0人
A23: 28211- 1514961 | B23: 2821- 4529-1 | D23: 4 | E23: 1990 | F23: 510 | G23: 15 | H23: 有限会社 サンサ路 デイサービスセンター コーラル汐見 | I23: ユウゲンガイシヤ サンサジ デイサービスセンター コーラルシオミ | J23: 代表取締役 | K23: 稲垣 稔 | L23: 〒678-0002 | M23: 兵庫県相生市汐見台３０－２ コスモス寮内 | N23: ＪＲ山陽本線 相生 | O23: 1 | P23: 15 | Q23: 0791-23-6008 | R23: デイサービスセンター コーラル汐見は、通所介護、介護予防通所介護のサービスを提供しています。当施設では、宿泊サービスもあり、利用者様の幅広いニーズにお答えしております。 | U23: 理学療法士・看護士を配置し、日常動作の機能回復、向上をサポートし、利用者様の趣味に幅広く対応すべく設備、機具を取揃えている他、 | V23: 0 | W23: 0 | X23: 0 | Y23: 0 | Z23: 0 | AA23: 0 | AB23: 1 | AC23: 1 | AI23: 854 | AJ23: 28208 | AK23: 平成2年 | AL23: 510万円 | AM23: 15人 | AO23: ＪＲ山陽本線 相生 から 徒歩15分 | AP23: なし | AQ23: なし | AR23: なし | AS23: なし | AT23: なし | AU23: なし | AV23: あり | AW23: あり | BB23: 老人福祉・介護事業 | BE23: 〒678-0002 | BF23: 〒678-0002 | BG23: 兵庫県相生市汐見台３０－２ コスモス寮内 | BH23: 兵庫県相生市汐見台３０－２ コスモス寮内 | BI23: ＪＲ山陽本線 相生 | BJ23: ＪＲ山陽本線 相生 | BK23: （静） | BL23: 28211 | BM23: 46356 | BN23: 1 | BO23: 0 | BP23: 2 | BQ23: 46289 | BS23: 0 | BT23: 1 | BU23: 1 | CA23: Y19 | CC23: B10 | CD23: B60 | CE23: Y60 | CF23: Y61 | CI23: 28208 | CM23: 0 | CN23: 1 | CO23: （パ）調理補助／土日休み／Ｗワーク・兼業・副業可能 | CP23: 055-07 | CS23: 3 | CT23: 4401 | CW23: 2821 | CX23: 2821- 4529-1 | CY23: 0 | CZ23: 2821 | DA23: 2821- 4529-1 | DB23: 0 | DC23: 3 | DD23: 0 | DH23: （パートタイム） | DJ23: 46289 | DM23: 事業所名等を含む求人情報を公開する | DN23: 地方自治体、民間人材ビジネス共に可 | DR23: 兵庫県相生市 | DS23: 兵庫県相生市 | DX23: 派遣・請負ではない | DY23: 調理師 | EB23: 未充足 | EC23: 0人 | EE23: 地域密着型デイサービス施設の昼食の準備。利用者さま（１５名）_x000d_ ・炊飯は施設内で行い、配達されたおかずをセットする。_x000d_ ・利用者さまに合わせて食材を細かくカットする。など_x000d_ ・６０歳以上の方、応募可能_x000d_ ・勤務は２時間程度_x000d_ ・Ｗワーク・兼業・副業可能_x000d_ _x000d_ 【変更範囲：変更なし】_x000d_ _x000d_ _x000d_ _x000d_ | EF23: 5 | EH23: 0 | EJ23: 1 | ER23: 1 | ES23: ３ヵ月 | ET23: 1 | EV23: 1 | EW23: 〒678-0002 | EX23: 兵庫県相生市汐見台３０－２ コスモス寮内 | EY23: ＪＲ山陽本線 相生 | EZ23: 1 | FA23: 15 | FB23: 0 | FD23: 12 | FE23: 9 | FF23: 9 | FG23: 1 | FH23: 1 | FJ23: 1 | FK23: 1 | FL23: 0 | FN23: 1 | FS23: 3 | FV23: 2 | FW23: 介護業務経験者優遇 | FY23: 0 | GA23: 1 | GB23: 2 | GF23: 0 | GG23: 4 | GK23: 1172 | GL23: 1172 | GY23: 0 | HC23: 1172 | HD23: 1172 | HG23: 1 | HH23: 1 | HI23: 10000 | HJ23: 2 | HM23: 1 | HN23: 2 | HO23: 28 | HQ23: 1 | HR23: 0 | HY23: 0 | IF23: 2 | IH23: 1000 | II23: 1030 | IK23: 1200 | IL23: 1230 | IQ23: 0 | IR23: 0 | IS23: （１）（２）のシフト制 | IT23: 0 | IV23: 0 | IX23: 0 | IY23: 1 | IZ23: 3 | JA23: 5 | JD23: 1 | JE23: 0 | JF23: 0 | JG23: 0 | JH23: 0 | JI23: 0 | JJ23: 1 | JK23: 1 | JL23: 0 | JM23: 0 | JN23: 1 | JR23: 0 | JS23: 0 | JT23: 1 | JU23: 0 | JV23: 1 | JW23: 1 | JX23: 0 | JY23: 0 | KB23: 0 | KC23: 0 | KD23: 0 | KF23: 0 | KG23: 0 | KH23: 0 | KI23: 0 | KJ23: 0 | KK23: 0 | KM23: 0 | KP23: 0 | KQ23: 0 | KT23: 0 | KU23: 0 | KX23: 0 | KY23: 0 | LB23: 0 | LD23: 1 | LG23: 1 | LH23: 0 | LI23: 0 | LJ23: 0 | LK23: 1 | LL23: 0 | LM23: 0 | LN23: 1 | LO23: 0 | LQ23: 7 | LR23: 0 | LS23: 0 | LT23: 1 | LU23: 0 | LV23: 0 | LW23: 1 | LY23: 1 | LZ23: 〒678-0002 | MA23: 兵庫県相生市汐見台３０－２ コスモス寮内 | MB23: ＪＲ山陽本線 相生 | MC23: 1 | MD23: 15 | ME23: 1 | MF23: 1 | MG23: 0 | MH23: 0 | MI23: 0 | MK23: 1 | ML23: 0 | MM23: 0 | MN23: 面接時、持参 | MQ23: 1 | MS23: 事務局 | MU23: 求人掲載に関する営業電話はお断り | MV23: 1 | MW23: 0791-23-6008 | MY23: 0 | MZ23: 0 | NB23: coralsiomi393@gmail.com | NC23: 0 | NE23: ■駐車場有り。駐車料金無料。_x000d_ _x000d_ ■６０歳以上の方応募可能です。_x000d_ _x000d_ ■土・日曜日は休日です。_x000d_ _x000d_ ■加入保険、年次有給休暇など法定通り_x000d_ _x000d_ ■勤務は２時間程度_x000d_ _x000d_ ■Ｗワーク・兼業・副業可能_x000d_ _x000d_ 「ハローワーク紹介状」「履歴書（写真貼付）」を面接時に_x000d_ 持参ください_x000d_ _x000d_ ＜＜＜オンライン自主応募可能求人＞＞＞_x000d_ 自主応募可能の場合、「ハローワーク紹介状」は不要です_x000d_ | NF23: パート労働者 | NG23: なし | NH23: 雇用期間の定めなし | NL23: あり | NM23: 変更なし | NN23: ＪＲ山陽本線 相生 から 徒歩15分 | NP23: 12人 | NQ23: 9人 | NR23: 9人 | NS23: あり（屋内禁煙） | NT23: 可 | NU23: 駐車場 あり | NV23: なし | NW23: 不問 | NX23: 不問 | NY23: 不問 | OB23: あれば尚可 | OC23: 介護業務経験者優遇 | OF23: （AT限定可） | OG23: あれば尚可 | OL23: 時給 | ON23: 1,172円～1,172円 | OS23: なし | OU23: =IF(OM23<>"",OM23,ON23) -> 1,172円～1,172円 | OW23: 実費支給（上限あり） | OX23: 月額 10,000円まで | OY23: 月末 | OZ23: 毎月28日 翌月払い | PA23: 昇給あり | PB23: 前年度実績 なし | PE23: 賞与なし | PJ23: 交替制あり | PK23: (1)10時00分～12時00分 | PL23: (2)10時30分～12時30分 | PO23: なし | PQ23: なし | PR23: 0分 | PS23: 週3日～週5日 | PT23: 労働日数について相談可 | PU23: 土日 | PV23: 毎 週 | PY23: 労災・健康・厚生 | QB23: なし | QC23: なし | QD23: なし | QE23: なし | QJ23: 1人 | QL23: 面接 | QM23: 1回 | QN23: 面接選考後 | QP23: 7日以内 | QQ23: 電話 | QR23: 随時 | QS23: ＪＲ山陽本線 相生 から 徒歩15分 | QT23: ハローワーク紹介状・履歴書（写真貼付） | QV23: 選考後は返却 | QX23: 外国人雇用実績 | SC23: 1人
A24: 28211- 1525361 | B24: 2821- 2929-0 | C24: 9140001039767 | D24: 3 | E24: 1977 | F24: 1000 | G24: 219 | H24: 株式会社 カワベ | I24: カブシキガイシャ カワベ | J24: 代表取締役 | K24: 川辺 大介 | L24: 〒678-0052 | M24: 兵庫県相生市大島町１－１２ | N24: 山陽本線相生 | O24: 2 | P24: 10 | Q24: 0791-23-3335 | R24: スーパーマーケット 食料品雑貨の小売_x000d_ 店舗；相生本店・竜野店・山崎店・太子店・姫路城東店 | U24: 【創業７０年】を超える安定した企業。地元で愛され続けるスーパーだからこそ、地域の暮らしを支える仕事に私たちは誇りを持っています。 | V24: 1 | W24: 0 | X24: 1 | Y24: 0 | Z24: 0 | AA24: 0 | AB24: 1 | AC24: 1 | AD24: https://kawabe-super.com | AI24: 581 | AJ24: 28208 | AK24: 昭和52年 | AL24: 1,000万円 | AM24: 219人 | AO24: 山陽本線相生 から 車10分 | AP24: あり | AQ24: なし | AR24: あり | AS24: なし | AT24: なし | AU24: なし | AV24: あり | AW24: あり | BB24: 各種食料品小売業 | BE24: 〒678-0052 | BF24: 〒678-0052 | BG24: 兵庫県相生市大島町１－１２ | BH24: 兵庫県相生市大島町１－１２ | BI24: 山陽本線相生 | BJ24: 山陽本線相生 | BL24: 28211 | BM24: 46356 | BN24: 1 | BO24: 0 | BP24: 2 | BQ24: 46289 | BS24: 0 | BT24: 1 | BU24: 2 | CC24: B10 | CD24: Y60 | CE24: B60 | CF24: Y61 | CI24: 28208 | CM24: 0 | CN24: 1 | CO24: （パ）店舗スタッフ（精肉部門）／学生歓迎／相生本店 | CP24: 072-02 | CQ24: 045-05 | CS24: 3 | CW24: 2821 | CX24: 2821- 2929-0 | CY24: 0 | CZ24: 2821 | DA24: 2821- 2929-0 | DB24: 0 | DC24: 3 | DD24: 0 | DH24: （パートタイム） | DJ24: 46289 | DM24: 事業所名等を含む求人情報を公開する | DN24: 地方自治体のみ可 | DR24: 兵庫県相生市 | DS24: 兵庫県相生市 | DX24: 派遣・請負ではない | EB24: 未充足 | EC24: 0人 | EE24: ＊牛・豚・鶏肉の加工・品出し業務_x000d_ ＊パック詰め業務_x000d_ ＊値付け業務、等_x000d_ _x000d_ _x000d_ ＊土・日曜日出勤できる方、歓迎します_x000d_ ＊学生アルバイト可能（時給：１１８５円～１１９０円）_x000d_ _x000d_ 【変更範囲：変更なし】_x000d_ _x000d_ | EF24: 5 | EH24: 0 | EJ24: 1 | ER24: 1 | ES24: １ヶ月 | ET24: 1 | EV24: 1 | EW24: 〒678-0052 | EX24: 兵庫県相生市大島町１－１２ | EY24: 山陽本線相生 | EZ24: 2 | FA24: 10 | FB24: 0 | FD24: 80 | FE24: 45 | FF24: 60 | FG24: 1 | FH24: 1 | FJ24: 1 | FK24: 1 | FL24: 0 | FN24: 1 | FS24: 3 | FV24: 3 | FY24: 1 | GA24: 1 | GF24: 0 | GG24: 4 | GK24: 1185 | GL24: 1210 | GY24: 0 | HC24: 1185 | HD24: 1210 | HE24: 【時給】学生：１１８５円～１１９０円_x000d_ 一般：１２００円～１２１０円 | HG24: 1 | HH24: 1 | HI24: 10000 | HJ24: 1 | HK24: 20 | HM24: 2 | HQ24: 0 | HY24: 0 | IH24: 800 | IK24: 1300 | IQ24: 0 | IR24: 0 | IT24: 0 | IV24: 0 | IX24: 0 | IY24: 1 | IZ24: 4 | JA24: 5 | JD24: 0 | JE24: 0 | JF24: 0 | JG24: 0 | JH24: 0 | JI24: 0 | JJ24: 0 | JK24: 0 | JL24: 0 | JM24: 1 | JN24: 3 | JO24: ＊会社カレンダーによる。_x000d_ ＊シフト制適用。 | JR24: 0 | JS24: 0 | JT24: 1 | JU24: 0 | JV24: 0 | JW24: 0 | JX24: 0 | JY24: 0 | KB24: 0 | KC24: 0 | KD24: 0 | KF24: 0 | KG24: 0 | KH24: 0 | KI24: 0 | KJ24: 0 | KK24: 0 | KM24: 0 | KP24: 0 | KQ24: 0 | KT24: 0 | KU24: 0 | KX24: 0 | KY24: 0 | KZ24: 1 | LB24: 0 | LD24: 1 | LE24: 1 | LG24: 1 | LH24: 0 | LI24: 1 | LJ24: 0 | LK24: 1 | LL24: 0 | LM24: 0 | LN24: 1 | LO24: 0 | LQ24: 7 | LR24: 0 | LS24: 0 | LT24: 1 | LU24: 0 | LV24: 0 | LW24: 1 | LY24: 1 | LZ24: 〒678-0052 | MA24: 兵庫県相生市大島町１－１２ | MB24: 山陽本線相生 | MC24: 2 | MD24: 10 | ME24: 1 | MF24: 1 | MG24: 0 | MH24: 0 | MI24: 0 | MK24: 1 | ML24: 0 | MM24: 0 | MN24: 面接時に持参 | MQ24: 1 | MR24: 筆記試験は簡単な計算、漢字の読み書き（１０分程度） | MS24: 採用担当者 | MU24: 求人掲載に関する営業電話はお断り | MV24: 1 | MW24: 0791-23-3335 | MY24: 0 | MZ24: 0 | NC24: 0 | NE24: ＊加入保険・年次有給休暇については、法定どおり_x000d_ _x000d_ ＊組合証発行のうえ５％割引があります。_x000d_ _x000d_ ＊駐車場有り。駐車料金無料。_x000d_ _x000d_ ＊６０歳以上応募可能です。_x000d_ _x000d_ ＊学生の方応募可能です。_x000d_ _x000d_ _x000d_ ◆筆記試験は簡単な計算、漢字の読み書き（１０分程度）_x000d_ _x000d_ _x000d_ _x000d_ | NF24: パート労働者 | NG24: なし | NH24: 雇用期間の定めなし | NL24: あり | NM24: 変更なし | NN24: 山陽本線相生 から 車10分 | NP24: 80人 | NQ24: 45人 | NR24: 60人 | NS24: あり（屋内禁煙） | NT24: 可 | NU24: 駐車場 あり | NV24: なし | NW24: 不問 | NX24: 不問 | NY24: 不問 | OB24: 不問 | OD24: 不問 | OF24: （AT限定可） | OL24: 時給 | ON24: 1,185円～1,210円 | OS24: なし | OU24: =IF(OM24<>"",OM24,ON24) -> 1,185円～1,210円 | OW24: 実費支給（上限あり） | OX24: 月額 10,000円まで | OY24: 毎月20日 | OZ24: 月末 | PA24: 昇給なし | PE24: 賞与なし | PK24: (1)8時00分～13時00分 | PO24: なし | PQ24: なし | PR24: 0分 | PS24: 週4日～週5日 | PU24: 他 | PV24: その他 | PY24: 労災 | QB24: なし | QC24: なし | QD24: なし | QE24: なし | QH24: なし | QJ24: 1人 | QK24: 欠員補充 | QL24: 面接・筆記試験 | QM24: 1回 | QN24: 面接選考後 | QP24: 7日以内 | QQ24: 電話 | QR24: 随時 | QS24: 山陽本線相生 から 車10分 | QT24: ハローワーク紹介状・履歴書（写真貼付） | QV24: 選考後は返却 | QX24: 外国人雇用実績 | SC24: 0人
A25: 28211- 1527261 | B25: 2821- 2751-9 | C25: 8000020282081 | G25: 350 | H25: 相生市 教育委員会 | I25: アイオイシ キヨウイクイインカイ | J25: 相生市長 | K25: 谷口 芳紀 | L25: 〒678-0031 | M25: 兵庫県相生市旭１丁目３－１８ 相生地方合同庁舎 ２階 | N25: 山陽本線相生 | O25: 2 | P25: 10 | Q25: 0791-23-7144 | R25: 教育委員会 | U25: 教育委員会 | V25: 1 | W25: 0 | X25: 0 | Y25: 0 | Z25: 0 | AA25: 0 | AB25: 1 | AC25: 1 | AI25: 982 | AJ25: 28208 | AM25: 350人 | AO25: 山陽本線相生 から 車10分 | AP25: あり | AQ25: なし | AR25: なし | AS25: なし | AT25: なし | AU25: なし | AV25: あり | AW25: あり | BB25: 市町村の機関 | BL25: 28211 | BM25: 46356 | BN25: 1 | BO25: 0 | BP25: 2 | BQ25: 46289 | BS25: 0 | BT25: 1 | BU25: 2 | CC25: B10 | CD25: B60 | CE25: Y60 | CF25: Y61 | CI25: 28208 | CM25: 0 | CN25: 1 | CO25: 【パ】放課後児童保育指導員（代替）６０歳以上の方、応募可 | CP25: 030-01 | CQ25: 029-01 | CR25: 029-02 | CS25: 3 | CT25: 2303 | CU25: 2301 | CV25: 2602 | DC25: 3 | DD25: 0 | DH25: （パートタイム） | DJ25: 46289 | DM25: 事業所名等を含む求人情報を公開する | DN25: 地方自治体のみ可 | DR25: 兵庫県相生市 | DS25: 兵庫県相生市 | DX25: 派遣・請負ではない | DY25: 保育士 | DZ25: 社会福祉士 | EA25: 小学校教諭免許（専修・１種・２種） | EB25: 未充足 | EC25: 0人 | EE25: ＊子どもたちと一緒に遊ぶなど保護者が昼間家にいない小学校児童 の保育。_x000d_ ■保育士、社会福祉士、小中学校教諭、幼稚園教諭_x000d_ ◆令和９年３月３１日（原則更新）_x000d_ ◆６０歳以上の方、応募可能 _x000d_ _x000d_ _x000d_ 【変更範囲：変更なし】 _x000d_ _x000d_ _x000d_ _x000d_ | EF25: 5 | EH25: 0 | EJ25: 2 | EL25: 46477 | EO25: 1 | EP25: 1 | ER25: 0 | EV25: 3 | EW25: 〒678-0031 | EX25: 兵庫県相生市川原町３１番１号 相生市立相生小学校_x000d_ 他６校 | EY25: ＪＲ相生駅 | EZ25: 2 | FA25: 10 | FB25: 0 | FD25: 6 | FE25: 6 | FF25: 6 | FG25: 1 | FH25: 1 | FJ25: 1 | FK25: 1 | FL25: 1 | FM25: 市内小学校のいずれか | FN25: 1 | FS25: 3 | FV25: 3 | FY25: 0 | GA25: 1 | GB25: 1 | GC25: 1 | GD25: 1 | GE25: 幼稚園教諭 小中学校教諭免許 | GF25: 1 | GG25: 4 | GK25: 1431 | GL25: 1431 | GY25: 0 | HC25: 1431 | HD25: 1431 | HG25: 1 | HH25: 1 | HI25: 55000 | HJ25: 2 | HM25: 1 | HN25: 2 | HO25: 20 | HQ25: 1 | HR25: 0 | HY25: 0 | IN25: 1400 | IO25: 1830 | IP25: 4 | IQ25: 0 | IR25: 1 | IS25: ＊特記事項、参照 | IT25: 0 | IV25: 0 | IX25: 0 | IY25: 2 | JB25: 2 | JC25: 3 | JD25: 1 | JE25: 0 | JF25: 0 | JG25: 0 | JH25: 0 | JI25: 0 | JJ25: 1 | JK25: 1 | JL25: 1 | JM25: 0 | JN25: 3 | JO25: 学校行事等により、休日出勤の場合あり | JR25: 0 | JS25: 0 | JT25: 1 | JU25: 0 | JV25: 0 | JW25: 0 | JX25: 0 | JY25: 0 | KB25: 0 | KC25: 0 | KD25: 0 | KF25: 0 | KG25: 0 | KH25: 0 | KI25: 0 | KJ25: 0 | KK25: 0 | KM25: 0 | KP25: 0 | KQ25: 0 | KT25: 0 | KU25: 0 | KX25: 0 | KY25: 0 | KZ25: 1 | LB25: 0 | LD25: 5 | LG25: 1 | LH25: 0 | LI25: 0 | LJ25: 0 | LK25: 1 | LL25: 0 | LM25: 0 | LN25: 1 | LO25: 0 | LQ25: 7 | LR25: 0 | LS25: 1 | LT25: 1 | LU25: 0 | LV25: 0 | LW25: 1 | LY25: 3 | LZ25: 〒678-0041 | MA25: 兵庫県相生市相生６丁目１－１_x000d_ 相生市文化会館内（扶桑なぎさホール） | MB25: ＪＲ相生駅 | MC25: 2 | MD25: 10 | ME25: 0 | MF25: 1 | MG25: 0 | MH25: 0 | MI25: 0 | MK25: 1 | ML25: 1 | MM25: 0 | MN25: 事前に持参 | MO25: 3 | MQ25: 2 | MS25: 相生市教育委員会生涯学習課 | MU25: 求人掲載に関する営業電話はお断り | MV25: 1 | MW25: 0791-23-7144 | MY25: 0 | MZ25: 0 | NB25: shogaigakushu@city.aioi.lg.jp | NC25: 0 | NE25: ＊勤務時間_x000d_ 授業終了時刻～１８時３０分までの４時間_x000d_ （長期休業期間は、８時００分～１８時３０分の間で調整）_x000d_ ＊常勤職員の代替となるため、不定日の勤務_x000d_ （勤務日については、要相談）_x000d_ _x000d_ ■応募される方は、事前に_x000d_ 「履歴書（写真貼付）」「各資格者証のコピー」を下記まで郵送 または、ご持参ください。後日、面接日時をご連絡いたします。_x000d_ _x000d_ 〒６７８－００４１_x000d_ 相生市相生６丁目１－１相生市文化会館内（扶桑なぎさホール）_x000d_ 相生市教育委員会生涯学習課まで_x000d_ ■就業場所_x000d_ 相生市立相生小学校 相生市川原町３１番１号_x000d_ 相生市立双葉小学校 相生市向陽台２３番１号_x000d_ 相生市立青葉台小学校 相生市青葉台１番１号_x000d_ 相生市立中央小学校 相生市旭５丁目１６番６７号_x000d_ 相生市立那波小学校 相生市那波本町１７番３０号_x000d_ 相生市立矢野小学校 相生市矢野町上５８７番地３号 | NF25: パート労働者 | NG25: なし | NH25: 雇用期間の定めあり | NI25: ～令和9年3月31日 | NK25: 契約更新の可能性あり（原則更新） | NL25: なし | NN25: ＪＲ相生駅 から 車10分 | NP25: 6人 | NQ25: 6人 | NR25: 6人 | NS25: あり（屋内禁煙） | NT25: 可 | NU25: 駐車場 あり | NV25: あり | NW25: 不問 | NX25: 不問 | NY25: 不問 | OB25: 不問 | OF25: （AT限定可） | OG25: 必須 | OH25: 必須 | OI25: 必須 | OJ25: 幼稚園教諭 小中学校教諭免許 | OK25: いずれかの免許・資格所持で可 | OL25: 時給 | ON25: 1,431円～1,431円 | OS25: なし | OU25: =IF(OM25<>"",OM25,ON25) -> 1,431円～1,431円 | OW25: 実費支給（上限あり） | OX25: 月額 55,000円まで | OY25: 月末 | OZ25: 毎月20日 翌月払い | PA25: 昇給あり | PB25: 前年度実績 なし | PE25: 賞与なし | PN25: 又は14時00分～18時30分の間の4時間程度 | PO25: なし | PQ25: なし | PR25: 0分 | PS25: 週3日程度 | PT25: 労働日数について相談可 | PU25: 土日祝 | PV25: その他 | PY25: 労災 | QB25: なし | QC25: なし | QD25: なし | QE25: なし | QH25: なし | QJ25: 5人 | QL25: 面接 | QM25: 1回 | QN25: 面接選考後 | QP25: 7日以内 | QQ25: 郵送・電話 | QR25: 随時 | QS25: ＪＲ相生駅 から 車10分 | QT25: 履歴書（写真貼付） | QU25: 郵送 | QV25: 求人者の責任にて廃棄 | QX25: 外国人雇用実績 | SC25: 0人
A26: 28211- 1496261 | B26: 2821- 2965-1 | D26: 3 | E26: 1955 | G26: 1 | H26: 北本造園 | I26: キタモトゾウエン | J26: 代表者 | K26: 北本 龍也 | L26: 〒678-0055 | M26: 兵庫県相生市那波本町１３－３６ | N26: ＪＲ山陽本線 相生 | O26: 1 | P26: 10 | Q26: 090-3358-4878 | R26: 個人庭園工事業、公共緑化工事業 | U26: 個人庭園工事業、公共緑化工事業 | V26: 0 | W26: 0 | X26: 0 | Y26: 0 | Z26: 0 | AA26: 0 | AB26: 0 | AC26: 0 | AI26: 62 | AJ26: 28208 | AK26: 昭和30年 | AM26: 1人 | AO26: ＪＲ山陽本線 相生 から 徒歩10分 | AP26: なし | AQ26: なし | AR26: なし | AS26: なし | AT26: なし | AU26: なし | AV26: なし | AW26: なし | BB26: 土木工事業（舗装工事業を除く） | BF26: 〒678-0055 | BH26: 兵庫県相生市那波本町１３－３６ | BJ26: ＪＲ山陽本線 相生 | BL26: 28211 | BM26: 46356 | BN26: 1 | BO26: 0 | BP26: 2 | BQ26: 46283 | BS26: 0 | BT26: 1 | BU26: 2 | CD26: B60 | CE26: Y60 | CF26: Y61 | CI26: 28212 | CJ26: 28208 | CM26: 0 | CN26: 1 | CO26: （急募）造園工の補助作業／土日休み／６０歳以上応募可 | CP26: 064-05 | CQ26: 092-01 | CR26: 099-99 | CS26: 3 | CW26: 2821 | CX26: 2821- 2965-1 | CY26: 0 | DC26: 3 | DD26: 0 | DH26: （パートタイム） | DJ26: 46283 | DM26: 事業所名等を含む求人情報を公開する | DN26: 地方自治体のみ可 | DR26: 兵庫県赤穂市 | DS26: 兵庫県赤穂市 | DT26: 兵庫県相生市 | DX26: 派遣・請負ではない | EB26: 未充足 | EC26: 0人 | EE26: ◇相生市／赤穂市公共工事 街路樹の剪定後の手伝いです。_x000d_ 令和８年１１月３０日まで_x000d_ ◇６０歳以上の方、応募可能_x000d_ ◇会社に集合後、トラックで現場に移動します。_x000d_ ◇熱中症対策：空調服、氷、スポーツドリンクなど支給_x000d_ _x000d_ 【変更範囲：変更なし】_x000d_ _x000d_ | EF26: 5 | EH26: 0 | EJ26: 3 | EL26: 46356 | EO26: 0 | ER26: 0 | EV26: 3 | EW26: 〒678-0000 | EX26: 兵庫県相生市内赤穂市内 | FB26: 0 | FD26: 1 | FE26: 0 | FF26: 0 | FG26: 1 | FH26: 1 | FJ26: 1 | FK26: 1 | FL26: 0 | FN26: 1 | FS26: 3 | FV26: 2 | FW26: _x000d_ 草刈り経験あれば優遇 | FY26: 1 | GA26: 1 | GF26: 0 | GG26: 4 | GK26: 1300 | GL26: 1500 | GY26: 0 | HC26: 1300 | HD26: 1500 | HG26: 3 | HJ26: 2 | HM26: 1 | HN26: 1 | HO26: 31 | HQ26: 0 | HY26: 0 | IH26: 900 | IK26: 1700 | IQ26: 0 | IR26: 0 | IT26: 1 | IU26: 5 | IV26: 0 | IX26: 90 | IY26: 2 | JB26: 3 | JC26: 5 | JD26: 0 | JE26: 0 | JF26: 0 | JG26: 0 | JH26: 0 | JI26: 0 | JJ26: 1 | JK26: 1 | JL26: 0 | JM26: 0 | JN26: 3 | JO26: _x000d_ 雨天は休日 | JR26: 0 | JS26: 1 | JT26: 1 | JU26: 0 | JV26: 0 | JW26: 0 | JX26: 0 | JY26: 0 | KB26: 0 | KC26: 0 | KD26: 0 | KF26: 1 | KG26: 0 | KH26: 1 | KI26: 0 | KJ26: 0 | KK26: 0 | KM26: 0 | KP26: 1 | KQ26: 0 | KT26: 1 | KU26: 0 | KX26: 0 | KY26: 0 | LB26: 0 | LD26: 2 | LE26: 2 | LG26: 1 | LH26: 0 | LI26: 0 | LJ26: 0 | LK26: 1 | LL26: 0 | LM26: 0 | LN26: 1 | LO26: 0 | LQ26: 3 | LR26: 0 | LS26: 1 | LT26: 1 | LU26: 0 | LV26: 0 | LW26: 1 | LY26: 1 | LZ26: 〒678-0055 | MA26: 兵庫県相生市那波本町１３－３６ | MB26: ＪＲ山陽本線 相生 | MC26: 1 | MD26: 10 | ME26: 1 | MF26: 1 | MG26: 0 | MH26: 0 | MI26: 0 | MK26: 1 | ML26: 0 | MM26: 0 | MN26: 面接時、持参 | MQ26: 1 | MS26: 採用担当者 | MU26: 求人掲載に関する営業電話はお断り！！ | MV26: 0 | MW26: 0000-00-0000 | MY26: 0 | MZ26: 0 | NC26: 0 | NE26: _x000d_ ◇相生市／赤穂市公共工事 街路樹の剪定後の手伝いです。_x000d_ 令和８年１１月３０日まで_x000d_ _x000d_ ◇６０歳以上の方、応募可能_x000d_ _x000d_ ◇会社に集合後、トラックで現場に移動します。_x000d_ _x000d_ _x000d_ 仕事の内容など、詳細は面接時に説明します。_x000d_ _x000d_ _x000d_ ＊加入保険等は、法定通り。_x000d_ _x000d_ 面接時_x000d_ 「ハローワーク紹介状」「履歴書（写真貼付）」をご持参ください | NF26: パート労働者 | NG26: なし | NH26: 雇用期間の定めあり | NI26: ～令和8年11月30日 | NK26: 契約更新の可能性なし | NL26: なし | NP26: 3人 | NQ26: 0人 | NR26: 0人 | NS26: あり（屋内禁煙） | NT26: 可 | NU26: 駐車場 あり | NV26: なし | NW26: 不問 | NX26: 不問 | NY26: 不問 | OB26: あれば尚可 | OC26: _x000d_ 草刈り経験あれば優遇 | OD26: 不問 | OF26: （AT限定可） | OL26: 時給 | ON26: 1,300円～1,500円 | OS26: なし | OU26: =IF(OM26<>"",OM26,ON26) -> 1,300円～1,500円 | OW26: なし | OY26: 月末 | OZ26: 毎月31日 当月払い | PA26: 昇給なし | PE26: 賞与なし | PK26: (1)9時00分～17時00分 | PO26: あり | PP26: 5時間 | PQ26: なし | PR26: 90分 | PS26: 週5日以内 | PU26: 土日 | PV26: その他 | PY26: 雇用・労災 | QB26: なし | QC26: なし | QD26: なし | QE26: なし | QJ26: 2人 | QK26: 増員 | QL26: 面接 | QM26: 1回 | QN26: 面接選考後 | QP26: 3日以内 | QQ26: 郵送・電話 | QR26: 随時 | QS26: ＪＲ山陽本線 相生 から 徒歩10分 | QT26: ハローワーク紹介状・履歴書（写真貼付） | QV26: 選考後は返却 | QX26: 外国人雇用実績 | SC26: 0人
A27: 28211- 1499761 | B27: 2821- 3036-6 | D27: 4 | E27: 1991 | G27: 8 | H27: たかお歯科医院 | I27: タカオシカイイン | J27: 院長 | K27: 井上 貴雄 | L27: 〒678-0082 | M27: 兵庫県相生市若狭野町八洞２８－１ | N27: ＪＲ相生 | O27: 2 | P27: 7 | Q27: 0791-28-1181 | R27: 一般歯科治療 | U27: 家族的な雰囲気です。 | V27: 0 | W27: 0 | X27: 0 | Y27: 0 | Z27: 0 | AA27: 0 | AB27: 1 | AC27: 1 | AI27: 833 | AJ27: 28208 | AK27: 平成3年 | AM27: 8人 | AO27: ＪＲ相生 から 車7分 | AP27: なし | AQ27: なし | AR27: なし | AS27: なし | AT27: なし | AU27: なし | AV27: あり | AW27: あり | BB27: 歯科診療所 | BF27: 〒678-0082 | BH27: 兵庫県相生市若狭野町八洞２８－１ | BJ27: ＪＲ相生 | BL27: 28211 | BM27: 46356 | BN27: 1 | BO27: 0 | BP27: 2 | BQ27: 46283 | BS27: 0 | BT27: 1 | BU27: 2 | CA27: Y19 | CC27: B10 | CD27: B60 | CE27: Y60 | CF27: Y61 | CI27: 28208 | CM27: 0 | CN27: 1 | CO27: （パ）歯科衛生士／３時間程度／働き方は柔軟に対応します | CP27: 024-08 | CS27: 3 | CT27: 1907 | CW27: 2821 | CX27: 2821- 3036-6 | CY27: 0 | DC27: 3 | DD27: 0 | DH27: （パートタイム） | DJ27: 46283 | DM27: 事業所名等を含む求人情報を公開する | DN27: 地方自治体のみ可 | DR27: 兵庫県相生市 | DS27: 兵庫県相生市 | DX27: 派遣・請負ではない | DY27: 歯科衛生士 | EB27: 未充足 | EC27: 0人 | EE27: 歯科衛生士業務全般_x000d_ １６時～１９時（月・火・水 金）３時間程度_x000d_ ＊歓迎します＊_x000d_ ・長期勤務できる方、土曜日午前出勤が可能な方 _x000d_ ＊勤務日数や勤務時間について柔軟に対応いたします_x000d_ ＊Ｗワーク・兼業・副業可能です _x000d_ _x000d_ _x000d_ 【変更範囲：変更なし】 | EF27: 5 | EH27: 0 | EJ27: 1 | ER27: 1 | ES27: １ヶ月 | ET27: 2 | EU27: 時間給 １，３００円 | EV27: 3 | EW27: 〒678-0082 | EX27: 兵庫県相生市若狭野町八洞２８－１ | EY27: ＪＲ相生 | EZ27: 2 | FA27: 7 | FB27: 0 | FC27: ＪＲ有年駅から車で４分 | FD27: 7 | FE27: 7 | FF27: 6 | FG27: 1 | FH27: 1 | FJ27: 1 | FK27: 1 | FL27: 0 | FN27: 1 | FS27: 3 | FV27: 2 | FW27: 歯科衛生士 | FY27: 0 | FZ27: 1 | GA27: 1 | GB27: 1 | GF27: 0 | GG27: 4 | GK27: 1400 | GL27: 1700 | GY27: 0 | HC27: 1400 | HD27: 1700 | HE27: 誕生日手当_x000d_ ベースアップ手当 | HG27: 4 | HJ27: 1 | HK27: 20 | HM27: 1 | HN27: 1 | HO27: 25 | HQ27: 0 | HY27: 1 | HZ27: 1 | IA27: 2 | IB27: 2 | ID27: 20000 | IE27: 35000 | IN27: 1600 | IO27: 1900 | IP27: 3 | IQ27: 0 | IR27: 0 | IS27: １６時～１９時（月・火・水 金）３時間程度 _x000d_ ＊勤務日数や勤務時間について柔軟に対応いたします_x000d_ ＊Ｗワーク・兼業・副業可能です | IT27: 0 | IV27: 0 | IX27: 0 | IY27: 1 | IZ27: 4 | JA27: 5 | JD27: 1 | JE27: 0 | JF27: 0 | JG27: 0 | JH27: 1 | JI27: 0 | JJ27: 0 | JK27: 1 | JL27: 1 | JM27: 0 | JN27: 3 | JO27: ＊土曜日午前出勤が可能な方、歓迎します _x000d_ ＊勤務日数や勤務時間について柔軟に対応いたします | JR27: 0 | JS27: 0 | JT27: 1 | JU27: 0 | JV27: 0 | JW27: 0 | JX27: 0 | JY27: 0 | KA27: 1 | KB27: 0 | KC27: 0 | KD27: 0 | KF27: 0 | KG27: 0 | KH27: 0 | KI27: 0 | KJ27: 0 | KK27: 0 | KM27: 0 | KP27: 0 | KQ27: 0 | KT27: 0 | KU27: 0 | KX27: 0 | KY27: 0 | KZ27: 1 | LB27: 0 | LD27: 1 | LE27: 2 | LG27: 1 | LH27: 0 | LI27: 0 | LJ27: 0 | LK27: 1 | LL27: 0 | LM27: 0 | LN27: 1 | LO27: 0 | LQ27: 3 | LR27: 0 | LS27: 1 | LT27: 1 | LU27: 0 | LV27: 0 | LW27: 1 | LY27: 1 | LZ27: 〒678-0082 | MA27: 兵庫県相生市若狭野町八洞２８－１ | MB27: ＪＲ相生 | MC27: 2 | MD27: 7 | ME27: 1 | MF27: 1 | MG27: 0 | MH27: 0 | MI27: 1 | MJ27: 資格証のコピー | MK27: 1 | ML27: 0 | MM27: 0 | MN27: 面接時に持参 | MQ27: 1 | MS27: 採用担当者 | MU27: 求人掲載に関する営業電話はお断り | MV27: 1 | MW27: 0791-28-1181 | MY27: 0 | MZ27: 0 | NB27: mamisan225hana38@docomo.ne.jp | NC27: 0 | NE27: １６時～１９時（月・火・水 金）３時間程度_x000d_ _x000d_ ＊歓迎します＊_x000d_ ・長期勤務できる方、土曜日午前出勤が可能な方_x000d_ _x000d_ ＊勤務日数や勤務時間について柔軟に対応いたします_x000d_ _x000d_ ＊Ｗワーク・兼業・副業可能です_x000d_ _x000d_ ■加入保険・年次有給休暇など法定通りです_x000d_ _x000d_ ■寸志年２回有ります_x000d_ | NF27: パート労働者 | NG27: なし | NH27: 雇用期間の定めなし | NL27: あり | NM27: 変更あり | NN27: ＪＲ相生 から 車7分 | NP27: 7人 | NQ27: 7人 | NR27: 6人 | NS27: あり（屋内禁煙） | NT27: 可 | NU27: 駐車場 あり | NV27: なし | NW27: 不問 | NX27: 不問 | NY27: 不問 | OB27: あれば尚可 | OC27: 歯科衛生士 | OE27: 普通自動車運転免許 必須 | OF27: （AT限定可） | OG27: 必須 | OL27: 時給 | ON27: 1,400円～1,700円 | OS27: なし | OU27: =IF(OM27<>"",OM27,ON27) -> 1,400円～1,700円 | OW27: 実費支給（上限なし） | OY27: 毎月20日 | OZ27: 毎月25日 当月払い | PA27: 昇給なし | PE27: 賞与あり | PF27: 前年度実績 あり | PG27: 年2回（前年度実績） | PI27: 20,000円～35,000円 | PN27: 又は16時00分～19時00分の間の3時間 | PO27: なし | PQ27: なし | PR27: 0分 | PS27: 週4日～週5日 | PT27: 労働日数について相談可 | PU27: 木日祝 | PV27: その他 | PY27: 労災 | QB27: なし | QC27: なし | QD27: なし | QE27: なし | QH27: なし | QJ27: 1人 | QK27: 増員 | QL27: 面接 | QM27: 1回 | QN27: 面接選考後 | QP27: 3日以内 | QQ27: 郵送・電話 | QR27: 随時 | QS27: ＪＲ相生 から 車7分 | QT27: ハローワーク紹介状・履歴書（写真貼付）・その他 | QV27: 選考後は返却 | QX27: 外国人雇用実績 | SC27: 0人
A28: 28211- 1500661 | B28: 2821- 6006-5 | G28: 8 | H28: セーフティーワン株式会社 | I28: セーフティワンカブシキガイシャ | J28: 代表取締役 | K28: 狩野 孝夫 | L28: 〒678-0066 | M28: 兵庫県相生市山崎町２５５番地３－２０１ | N28: ＪＲ赤穂線西相生 | O28: 1 | P28: 10 | Q28: 0791-23-6095 | R28: 警備業_x000d_ 公益施設及び商業施設の駐車場の車の誘導_x000d_ 工事現場での交通誘導等 | U28: 会社設立後まもない会社ですが誰もが活躍できる職場です。_x000d_ 未経験の方も気軽に応募して下さい。！_x000d_ | V28: 0 | W28: 0 | X28: 2 | Y28: 2 | Z28: 2 | AA28: 0 | AB28: 1 | AC28: 1 | AI28: 923 | AJ28: 28208 | AM28: 8人 | AO28: ＪＲ赤穂線西相生 から 徒歩10分 | AP28: なし | AQ28: なし | AR28: 該当者なし | AS28: 該当者なし | AT28: 該当者なし | AU28: なし | AV28: あり | AW28: あり | BB28: 警備業 | BF28: 〒678-0066 | BH28: 兵庫県相生市山崎町２５５番地３－２０１ | BJ28: ＪＲ赤穂線西相生 | BL28: 28211 | BM28: 46356 | BN28: 1 | BO28: 0 | BP28: 1 | BQ28: 46283 | BS28: 0 | BT28: 1 | BU28: 2 | CC28: B10 | CD28: B60 | CE28: Y60 | CF28: Y61 | CI28: 28208 | CM28: 0 | CN28: 1 | CO28: 【請負】交通誘導・施設警備／フルタイム | CP28: 059-02 | CQ28: 059-01 | CS28: 2 | CW28: 2821 | CX28: 2821- 6006-5 | CY28: 0 | DC28: 3 | DD28: 0 | DH28: （フルタイム） | DJ28: 46283 | DM28: 事業所名等を含む求人情報を公開する | DN28: 地方自治体のみ可 | DR28: 兵庫県相生市 | DS28: 兵庫県相生市 | DX28: 請負 | EB28: 未充足 | EC28: 0人 | EE28: 工事現場での交通誘導警備。_x000d_ 公共・民間施設での出入管理・駐車場整理。_x000d_ （相生市・赤穂市・たつの市）_x000d_ ・パート求人もあります_x000d_ ・２０２０年、新しくできた会社です。_x000d_ ・みんなで並んでスタートラインから踏み出しませんか！_x000d_ ・我々と一緒に会社を創っていく人たちを大募集中です。_x000d_ ・丁寧にフォローしますので、未経験者もご応募ください。_x000d_ ・現場は本社より１時間～１時間３０分圏内になります。_x000d_ 【変更範囲：変更なし】 | EF28: 1 | EJ28: 1 | ER28: 1 | ES28: ３ヶ月 | ET28: 1 | EV28: 3 | EW28: 〒678-0066 | EX28: 兵庫県相生市内・赤穂市内・たつの市内各現場_x000d_ | EY28: 山陽本線相生 | EZ28: 2 | FA28: 20 | FB28: 0 | FD28: 2 | FE28: 0 | FF28: 0 | FG28: 1 | FH28: 1 | FJ28: 1 | FK28: 1 | FL28: 0 | FN28: 2 | FO28: 18 | FQ28: 22 | FR28: 法令による年齢制限 | FS28: 3 | FV28: 3 | FY28: 0 | GA28: 1 | GF28: 0 | GG28: 4 | GI28: 1200 | GJ28: 1500 | GK28: 207360 | GL28: 259200 | GY28: 0 | HC28: 207360 | HD28: 259200 | HF28: 21.6 | HG28: 1 | HH28: 1 | HI28: 5000 | HJ28: 2 | HM28: 1 | HN28: 2 | HO28: 5 | HQ28: 1 | HR28: 1 | HS28: 1 | HT28: 1 | HU28: 2000 | HV28: 30000 | HY28: 1 | HZ28: 1 | IA28: 2 | IB28: 2 | ID28: 50000 | IE28: 300000 | IH28: 800 | IK28: 1700 | IQ28: 0 | IR28: 0 | IT28: 1 | IU28: 1 | IV28: 0 | IX28: 60 | JD28: 0 | JE28: 0 | JF28: 0 | JG28: 0 | JH28: 0 | JI28: 0 | JJ28: 0 | JK28: 1 | JL28: 1 | JM28: 1 | JN28: 1 | JQ28: 105 | JR28: 0 | JS28: 1 | JT28: 1 | JU28: 0 | JV28: 1 | JW28: 1 | JX28: 0 | JY28: 0 | KB28: 0 | KC28: 0 | KD28: 0 | KF28: 0 | KG28: 0 | KH28: 0 | KI28: 0 | KJ28: 0 | KK28: 0 | KM28: 0 | KP28: 0 | KQ28: 0 | KT28: 0 | KU28: 0 | KX28: 0 | KY28: 0 | LB28: 0 | LD28: 2 | LE28: 2 | LG28: 1 | LH28: 0 | LI28: 0 | LJ28: 0 | LK28: 1 | LL28: 0 | LM28: 0 | LN28: 1 | LO28: 0 | LQ28: 7 | LR28: 0 | LS28: 0 | LT28: 1 | LU28: 0 | LV28: 0 | LW28: 1 | LY28: 1 | LZ28: 〒678-0066 | MA28: 兵庫県相生市山崎町２５５番地３－２０１ | MB28: ＪＲ赤穂線西相生 | MC28: 1 | MD28: 10 | ME28: 1 | MF28: 1 | MG28: 0 | MH28: 0 | MI28: 0 | MK28: 1 | ML28: 0 | MM28: 0 | MN28: 面接時に持参 | MQ28: 2 | MS28: 総務 | MU28: 求人掲載に関する営業電話はお断り | MV28: 1 | MW28: 0791-23-6095 | MY28: 0 | MZ28: 0 | NC28: 0 | NE28: ■加入保険・有給休暇は法定どおり。_x000d_ _x000d_ ■週払い可（規定有）_x000d_ _x000d_ ■制服・装備品一式貸与（無料）_x000d_ _x000d_ ■法定研修は、経験・資格により０Ｈ～２０Ｈ（３日間）実施。_x000d_ _x000d_ ■駐車場有り。駐車料金無料。_x000d_ _x000d_ ■各現場については会社に集合して頂き社有車にて行きます。_x000d_ _x000d_ ■請負契約書確認済み。_x000d_ _x000d_ _x000d_ _x000d_ | NF28: 正社員 | NH28: 雇用期間の定めなし | NL28: あり | NM28: 変更なし | NN28: 山陽本線相生 から 車20分 | NP28: 2人 | NQ28: 0人 | NR28: 0人 | NS28: あり（屋内禁煙） | NT28: 可 | NU28: 駐車場 あり | NV28: なし | NW28: 18歳以上 | NX28: 法令の規定により年齢制限がある | NY28: 不問 | OB28: 不問 | OF28: （AT限定可） | OL28: 時給 | OM28: 1,200円～1,500円 | ON28: 207,360円～259,200円 | OS28: なし | OU28: =IF(OM28<>"",OM28,ON28) -> 1,200円～1,500円 | OV28: 21.6日 | OW28: 実費支給（上限あり） | OX28: 月額 5,000円まで | OY28: 月末 | OZ28: 毎月5日 翌月払い | PA28: 昇給あり | PB28: 前年度実績 あり | PC28: 2,000円～30,000円 | PE28: 賞与あり | PF28: 前年度実績 あり | PG28: 年2回（前年度実績） | PI28: 50,000円～300,000円 | PK28: (1)8時00分～17時00分 | PO28: あり | PP28: 1時間 | PQ28: なし | PR28: 60分 | PU28: 日祝他 | PV28: 毎 週 | PX28: 105日 | PY28: 雇用・労災・健康・厚生 | QB28: なし | QC28: なし | QD28: なし | QE28: なし | QJ28: 2人 | QK28: 増員 | QL28: 面接 | QM28: 1回 | QN28: 面接選考後 | QP28: 7日以内 | QQ28: 電話 | QR28: 随時 | QS28: ＪＲ赤穂線西相生 から 徒歩10分 | QT28: ハローワーク紹介状・履歴書（写真貼付） | QV28: 求人者の責任にて廃棄 | QX28: 外国人雇用実績 | SC28: 0人
A29: 28212- 1536261 | B29: 2821-911369-1 | C29: 5140005020306 | D29: 3 | E29: 1973 | F29: 8220 | G29: 408 | H29: 公益財団法人 兵庫県園芸・公園協会 赤穂海浜公園管理事務所 | I29: コウエキザイダンホウジン ヒヨウゴケンエンゲイ・コウエンキョウカイ アコウカイヒンコウエンカンリジムショ | J29: 所長 | K29: 金澤 満章 | L29: 〒678-0215 | M29: 兵庫県赤穂市御崎１８５７－５ | Q29: 0791-45-0800 | R29: 兵庫県立赤穂海浜公園に係る施設の設置及び管理 | V29: 1 | W29: 0 | X29: 0 | Y29: 0 | Z29: 0 | AA29: 0 | AB29: 1 | AC29: 1 | AD29: http://www.hyogo-park.or.jp/akokaihin/ | AI29: 805 | AJ29: 28212 | AK29: 昭和48年 | AL29: 8,220万円 | AM29: 408人 | AP29: あり | AQ29: なし | AR29: なし | AS29: なし | AT29: なし | AU29: なし | AV29: あり | AW29: あり | BB29: 公園，遊園地 | BE29: 〒678-0215 | BF29: 〒678-0215 | BG29: 兵庫県赤穂市御崎１８５７－５ | BH29: 兵庫県赤穂市御崎１８５７－５ | BK29: （静） | BL29: 28212 | BM29: 46356 | BN29: 1 | BO29: 0 | BP29: 2 | BQ29: 46290 | BS29: 0 | BT29: 2 | BU29: 4 | CA29: Z88 | CC29: B60 | CG29: B10 | CI29: 28212 | CM29: 0 | CN29: 1 | CO29: 公園の維持管理業務／樹木管理 | CP29: 099-99 | CS29: 3 | CW29: 2821 | CX29: 2821-911369-1 | CY29: 0 | CZ29: 2821 | DA29: 2821-911369-1 | DB29: 0 | DC29: 3 | DD29: 0 | DH29: （パートタイム） | DJ29: 46290 | DM29: ハローワークの求職者に限定し、事業所名等を含む求人情報を公開する | DN29: 地方自治体、民間人材ビジネス共に不可 | DR29: 兵庫県赤穂市 | DS29: 兵庫県赤穂市 | DX29: 派遣・請負ではない | EB29: 未充足 | EC29: 0人 | EE29: ＊公園内の樹木管理を担当していただきます。_x000d_ 草刈り・芝生の管理（草刈り機など使用）_x000d_ 樹木の枝を整える作業（剪定）_x000d_ 公園内の見回り・軽作業 等_x000d_ _x000d_ ◎公園内で車を運転することがあります。（普通自動車免許（ＡＴ限定不可）必要）_x000d_ _x000d_ ◎屋外での作業になるため、体力を必要とします。_x000d_ 夏季は熱中症対策として休憩をこまめに取ります。_x000d_ _x000d_ 変更範囲：変更なし | EF29: 5 | EH29: 0 | EJ29: 2 | EK29: 46327 | EL29: 46477 | EO29: 1 | EP29: 2 | EQ29: 勤務成績、適正 | ER29: 0 | EV29: 1 | EW29: 〒678-0215 | EX29: 兵庫県赤穂市御崎１８５７－５ | FB29: 0 | FD29: 27 | FE29: 4 | FF29: 19 | FG29: 1 | FH29: 1 | FJ29: 1 | FK29: 1 | FL29: 0 | FN29: 1 | FS29: 3 | FV29: 3 | FY29: 0 | FZ29: 1 | GA29: 2 | GF29: 0 | GG29: 4 | GK29: 1172 | GL29: 1172 | GY29: 0 | HC29: 1172 | HD29: 1172 | HG29: 1 | HH29: 1 | HI29: 55000 | HJ29: 2 | HM29: 1 | HN29: 2 | HO29: 10 | HQ29: 0 | HY29: 1 | HZ29: 1 | IA29: 2 | IB29: 2 | ID29: 20000 | IE29: 20000 | IF29: 2 | IH29: 815 | II29: 700 | IJ29: 815 | IK29: 1715 | IL29: 1600 | IM29: 1615 | IQ29: 0 | IR29: 0 | IS29: （２）・・・夏期の勤務時間_x000d_ （３）・・・閑散期の勤務時間 | IT29: 0 | IV29: 0 | IX29: 60 | IY29: 2 | JB29: 2 | JC29: 3 | JD29: 0 | JE29: 0 | JF29: 0 | JG29: 0 | JH29: 0 | JI29: 0 | JJ29: 0 | JK29: 0 | JL29: 0 | JM29: 1 | JN29: 1 | JO29: ※基本、土・日・祝日は休日ですが、シフトにより勤務になる場合 があります。 | JP29: 5 | JR29: 0 | JS29: 1 | JT29: 1 | JU29: 0 | JV29: 1 | JW29: 1 | JX29: 0 | JY29: 0 | KB29: 0 | KC29: 0 | KD29: 0 | KF29: 0 | KG29: 0 | KH29: 0 | KI29: 0 | KJ29: 0 | KK29: 0 | KM29: 0 | KP29: 0 | KQ29: 0 | KT29: 0 | KU29: 0 | KX29: 0 | KY29: 0 | KZ29: 1 | LB29: 0 | LD29: 1 | LE29: 1 | LG29: 1 | LH29: 1 | LI29: 0 | LJ29: 0 | LK29: 1 | LL29: 0 | LM29: 1 | LN29: 1 | LO29: 0 | LP29: 7 | LQ29: 7 | LR29: 0 | LS29: 1 | LT29: 1 | LU29: 0 | LV29: 0 | LW29: 1 | LY29: 1 | LZ29: 〒678-0215 | MA29: 兵庫県赤穂市御崎１８５７－５ | ME29: 1 | MF29: 1 | MG29: 0 | MH29: 0 | MI29: 0 | MK29: 1 | ML29: 1 | MM29: 0 | MN29: 又は持参 | MO29: 1 | MQ29: 2 | MU29: 採用担当 ※ハローワーク以外の職業紹介_x000d_ 事業者からの営業はお断り | MV29: 1 | MW29: 0791-45-0800 | MY29: 0 | MZ29: 0 | NC29: 0 | NE29: ※勤務日数は週３日程度、平日に勤務することが多いですが、_x000d_ シフトにより土日祝日の勤務になる場合があります。_x000d_ _x000d_ _x000d_ ＊年次有給休暇は、法定通り付与_x000d_ _x000d_ ＊閑散期の詳細は面接時にご説明します。_x000d_ _x000d_ ＊通勤手当は距離に応じ支給します。_x000d_ _x000d_ _x000d_ ◎再雇用については面接時にご説明します。_x000d_ _x000d_ _x000d_ | NF29: パート労働者 | NG29: なし | NH29: 雇用期間の定めあり | NI29: 令和8年11月1日～令和9年3月31日 | NK29: 契約更新の可能性あり（条件あり） | NL29: なし | NP29: 27人 | NQ29: 4人 | NR29: 19人 | NS29: あり（屋内禁煙） | NT29: 可 | NU29: 駐車場 あり | NV29: なし | NW29: 不問 | NX29: 不問 | NY29: 不問 | OB29: 不問 | OE29: 普通自動車運転免許 必須 | OF29: （AT限定不可） | OL29: 時給 | ON29: 1,172円～1,172円 | OS29: なし | OU29: =IF(OM29<>"",OM29,ON29) -> 1,172円～1,172円 | OW29: 実費支給（上限あり） | OX29: 月額 55,000円まで | OY29: 月末 | OZ29: 毎月10日 翌月払い | PA29: 昇給なし | PE29: 賞与あり | PF29: 前年度実績 あり | PG29: 年2回（前年度実績） | PI29: 20,000円～20,000円 | PJ29: 交替制あり | PK29: (1)8時15分～17時15分 | PL29: (2)7時00分～16時00分 | PM29: (3)8時15分～16時15分 | PO29: なし | PQ29: なし | PR29: 60分 | PS29: 週3日程度 | PU29: 他 | PV29: 毎 週 | PW29: 5日 | PY29: 雇用・労災・健康・厚生 | QB29: なし | QC29: なし | QD29: なし | QE29: なし | QH29: なし | QJ29: 1人 | QK29: 欠員補充 | QL29: 面接・書類選考 | QM29: 1回 | QN29: 書類選考後・面接選考後 | QO29: 7日以内 | QP29: 7日以内 | QQ29: 郵送・電話 | QR29: 随時 | QT29: ハローワーク紹介状・履歴書（写真貼付） | QU29: 郵送 | QV29: 求人者の責任にて廃棄 | QX29: 外国人雇用実績 | SC29: 1人
A30: 27030-28700961 | B30: 2703-641538-9 | C30: 8120001130586 | D30: 3 | E30: 1979 | F30: 3000 | G30: 288 | H30: カナデビア総合サービス株式会社 | I30: カナデビアソウゴウサービスカブシキガイシャ | J30: 取締役社長 | K30: 高田 徹 | L30: 〒550-0002 | M30: 大阪府大阪市西区江戸堀２丁目６番３３号_x000d_ 江戸堀フコク生命ビル５階 | N30: 大阪メトロ 四つ橋線 肥後橋 | O30: 1 | P30: 10 | Q30: 06-6447-1140 | R30: カナデビア株式会社の寮、社宅管理及び関連施設の運営 | U30: カナデビア株式会社の１００％子会社 | V30: 1 | W30: 0 | X30: 0 | Y30: 0 | Z30: 0 | AA30: 1 | AB30: 1 | AC30: 1 | AD30: https://www.kanadevia-ss.com/ | AI30: 922 | AJ30: 27106 | AK30: 昭和54年 | AL30: 3,000万円 | AM30: 288人 | AO30: 大阪メトロ 四つ橋線 肥後橋 から 徒歩10分 | AP30: あり | AQ30: なし | AR30: なし | AS30: なし | AT30: なし | AU30: あり | AV30: あり | AW30: あり | BB30: 建物等維持管理業 | BL30: 27030 | BM30: 46356 | BN30: 1 | BO30: 0 | BP30: 2 | BQ30: 46282 | BS30: 0 | BT30: 1 | BU30: 1 | CD30: B60 | CI30: 28208 | CM30: 0 | CN30: 1 | CO30: 請）寮管理人（造船所作業員寮） | CP30: 057-02 | CS30: 2 | DC30: 3 | DD30: 0 | DE30: 46282.483 | DF30: nakamura.shuuichis01 | DH30: （パートタイム） | DJ30: 46282 | DM30: 事業所名等を含む求人情報を公開する | DN30: 地方自治体、民間人材ビジネス共に可 | DR30: 兵庫県相生市 | DS30: 兵庫県相生市 | DX30: 請負 | EB30: 未充足 | EC30: 0人 | ED30: 46282 | EE30: 寮管理業務全般_x000d_ ・管理事務所受付業務_x000d_ ・居住者対応_x000d_ ・点検、立会業務_x000d_ ・館内巡回業務、寝具搬入・搬出_x000d_ ・報告、連絡業務_x000d_ ・その他付随する業務_x000d_ _x000d_ 【変更範囲：変更なし】 | EF30: 5 | EH30: 0 | EJ30: 2 | EL30: 46477 | EO30: 1 | EP30: 1 | ER30: 1 | ES30: ２ヶ月 | ET30: 1 | EV30: 3 | EW30: 〒678-0061 | EX30: 兵庫県相生市桜ケ丘町５２９９－２_x000d_ ＪＭＵアムテック桜ヶ丘寮 | EY30: ＪＲ西相生 | EZ30: 1 | FA30: 15 | FB30: 0 | FD30: 11 | FE30: 3 | FF30: 6 | FG30: 1 | FH30: 1 | FJ30: 1 | FK30: 1 | FL30: 0 | FN30: 2 | FO30: 18 | FQ30: 22 | FR30: 労働基準法等法令の規定により年齢制限が設けられているため | FS30: 3 | FV30: 3 | FX30: 簡単なＰＣ操作（Ｅｘｃｅｌ、Ｗｏｒｄ、メール送受信） | FY30: 1 | GA30: 1 | GF30: 0 | GG30: 4 | GK30: 1200 | GL30: 1200 | GY30: 0 | HC30: 1200 | HD30: 1200 | HE30: 深夜割増手当 | HG30: 1 | HH30: 1 | HI30: 6700 | HJ30: 2 | HM30: 1 | HN30: 2 | HO30: 25 | HQ30: 1 | HR30: 1 | HS30: 1 | HT30: 2 | HU30: 10 | HV30: 20 | HY30: 0 | IF30: 2 | IH30: 900 | II30: 900 | IK30: 1800 | IL30: 859 | IQ30: 0 | IR30: 0 | IS30: （１）実働８時間（休憩６０分） （２）休憩１８０分（１２：００～１３：００、１９：００～２０：００、２４：００～２５：００、午前１時から午前５時まで仮眠時間あり） | IT30: 0 | IV30: 0 | IX30: 60 | IY30: 2 | JB30: 2 | JC30: 2 | JD30: 0 | JE30: 0 | JF30: 0 | JG30: 0 | JH30: 0 | JI30: 0 | JJ30: 0 | JK30: 0 | JL30: 0 | JM30: 1 | JN30: 1 | JO30: 就業日以外休日 | JP30: 3 | JR30: 0 | JS30: 1 | JT30: 1 | JU30: 0 | JV30: 1 | JW30: 1 | JX30: 0 | JY30: 0 | KB30: 0 | KC30: 0 | KD30: 0 | KF30: 0 | KG30: 0 | KH30: 0 | KI30: 0 | KJ30: 0 | KK30: 0 | KM30: 0 | KP30: 0 | KQ30: 0 | KT30: 0 | KU30: 0 | KX30: 1 | KY30: 0 | KZ30: 0 | LB30: 0 | LD30: 1 | LE30: 1 | LG30: 1 | LH30: 0 | LI30: 0 | LJ30: 0 | LK30: 1 | LL30: 0 | LM30: 0 | LN30: 1 | LO30: 0 | LQ30: 7 | LR30: 0 | LS30: 1 | LT30: 1 | LU30: 0 | LV30: 0 | LW30: 1 | LY30: 3 | LZ30: 〒678-0061 | MA30: 兵庫県相生市桜ケ丘町５２９９－１_x000d_ ＪＭＵアムテック桜ヶ丘寮 | MB30: ＪＲ西相生 | MC30: 1 | MD30: 15 | ME30: 1 | MF30: 1 | MG30: 0 | MH30: 0 | MI30: 0 | MK30: 1 | ML30: 0 | MM30: 0 | MN30: 面接時持参 | MQ30: 1 | MS30: 今治 | MT30: イマジ | MU30: 管理部 施設運営課 | MV30: 1 | MW30: 06-6447-1140 | MY30: 1 | MZ30: 0 | NA30: 06-6447-1141 | NC30: 0 | NE30: ・年次有給休暇は法定どおり_x000d_ ・試用期間２ヶ月（同条件）_x000d_ ・６０歳以上も応募可_x000d_ ・マイカー通勤可：無料駐車場 有_x000d_ _x000d_ 【特定適用事業所】_x000d_ _x000d_ 【業務委託契約書】_x000d_ （平成２７年９月３日～平成２８年９月３０日。毎年自動更新）_x000d_ _x000d_ | NF30: パート労働者 | NG30: なし | NH30: 雇用期間の定めあり | NI30: ～令和9年3月31日 | NK30: 契約更新の可能性あり（原則更新） | NL30: あり | NM30: 変更なし | NN30: ＪＲ西相生 から 徒歩15分 | NP30: 11人 | NQ30: 3人 | NR30: 6人 | NS30: あり（屋内禁煙） | NT30: 可 | NU30: 駐車場 あり | NV30: なし | NW30: 18歳以上 | NX30: 法令の規定により年齢制限がある | NY30: 不問 | OB30: 不問 | OD30: 不問 | OF30: （AT限定可） | OL30: 時給 | ON30: 1,200円～1,200円 | OS30: なし | OU30: =IF(OM30<>"",OM30,ON30) -> 1,200円～1,200円 | OW30: 実費支給（上限あり） | OX30: 月額 6,700円まで | OY30: 月末 | OZ30: 毎月25日 翌月払い | PA30: 昇給あり | PB30: 前年度実績 あり | PC30: 10円～20円 | PE30: 賞与なし | PJ30: 交替制あり | PK30: (1)9時00分～18時00分 | PL30: (2)9時00分～8時59分 | PO30: なし | PQ30: なし | PR30: 60分 | PS30: 週2日程度 | PU30: 他 | PV30: 毎 週 | PW30: 3日 | PY30: 雇用・労災・健康・厚生 | QB30: なし | QC30: なし | QD30: なし | QE30: なし | QF30: 単身用あり | QH30: あり | QJ30: 1人 | QK30: 欠員補充 | QL30: 面接 | QM30: 1回 | QN30: 面接選考後 | QP30: 7日以内 | QQ30: 郵送・電話 | QR30: 随時 | QS30: ＪＲ西相生 から 徒歩15分 | QT30: ハローワーク紹介状・履歴書（写真貼付） | QV30: 選考後は返却 | QX30: 外国人雇用実績 | SC30: 0人
A31: 28050-20599461 | B31: 2805-616212-0 | C31: 6140001062210 | D31: 3 | E31: 1969 | F31: 1000 | G31: 480 | H31: 錦メンテナンス株式会社 | I31: ニシキメンテナンスカブシキガイシャ | J31: 代表取締役社長 | K31: 木谷 良恵 | L31: 〒672-8023 | M31: 兵庫県姫路市白浜町甲２４８２ | N31: 山陽電鉄 白浜の宮 | O31: 1 | P31: 15 | Q31: 079-245-8885 | R31: 総合ビルメンテナンス業・建築一式工事業・管工事業 | U31: 創業５５年総合ビルメンテナンス会社で、毎月社内報を発行して現場の方々にトピックスを報告しています。_x000d_ お客様に喜ばれる、マナーを大事にする会社です。 | V31: 0 | W31: 0 | X31: 0 | Y31: 0 | Z31: 0 | AA31: 0 | AB31: 1 | AC31: 1 | AI31: 922 | AJ31: 28201 | AK31: 昭和44年 | AL31: 1,000万円 | AM31: 480人 | AO31: 山陽電鉄 白浜の宮 から 徒歩15分 | AP31: なし | AQ31: なし | AR31: なし | AS31: なし | AT31: なし | AU31: なし | AV31: あり | AW31: あり | BB31: 建物等維持管理業 | BL31: 28050 | BM31: 46356 | BN31: 1 | BO31: 0 | BP31: 2 | BQ31: 46281 | BS31: 0 | BT31: 2 | BU31: 4 | CB31: B60 | CG31: B10 | CI31: 28212 | CM31: 0 | CN31: 1 | CO31: 清掃業務（赤穂市）／（週２～３日） | CP31: 096-01 | CS31: 2 | DC31: 3 | DD31: 0 | DH31: （パートタイム） | DJ31: 46281 | DM31: ハローワークの求職者に限定し、事業所名等を含む求人情報を公開する | DN31: 地方自治体、民間人材ビジネス共に不可 | DR31: 兵庫県赤穂市 | DS31: 兵庫県赤穂市 | DX31: 請負 | EB31: 未充足 | EC31: 0人 | EE31: 大手企業内の建物内清掃。_x000d_ 事務所内・工場休憩室の掃除、（掃除機・モップ・拭き掃き清掃・窓ふき・軍手洗濯・お茶準備・食器洗い・ゴミ回収ほか）トイレ清掃を行っていただきます。_x000d_ _x000d_ _x000d_ _x000d_ 【変更範囲：変更なし】 | EF31: 5 | EH31: 0 | EJ31: 2 | EM31: 1 | EO31: 1 | EP31: 1 | ER31: 1 | ES31: ３ヶ月 | ET31: 1 | EV31: 3 | EW31: 〒678-0207 | EX31: 兵庫県赤穂市西浜北町１０７４ー１４ | EY31: ＪＲ播州赤穂 | EZ31: 2 | FA31: 10 | FB31: 0 | FD31: 1 | FE31: 1 | FF31: 1 | FG31: 1 | FH31: 1 | FJ31: 1 | FK31: 1 | FL31: 0 | FN31: 1 | FS31: 3 | FV31: 3 | FY31: 0 | FZ31: 1 | GA31: 1 | GF31: 0 | GG31: 4 | GK31: 1175 | GL31: 1175 | GY31: 0 | HC31: 1175 | HD31: 1175 | HG31: 1 | HH31: 1 | HI31: 10000 | HJ31: 1 | HK31: 15 | HM31: 2 | HQ31: 0 | HY31: 0 | IF31: 2 | IH31: 900 | IK31: 1400 | IQ31: 0 | IR31: 0 | IT31: 0 | IV31: 0 | IX31: 0 | IY31: 1 | IZ31: 2 | JA31: 3 | JD31: 1 | JE31: 0 | JF31: 0 | JG31: 0 | JH31: 0 | JI31: 0 | JJ31: 1 | JK31: 1 | JL31: 1 | JM31: 1 | JN31: 1 | JO31: 就業場所カレンダーに準ずる_x000d_ | JP31: 3 | JR31: 0 | JS31: 0 | JT31: 1 | JU31: 0 | JV31: 0 | JW31: 0 | JX31: 0 | JY31: 0 | KB31: 0 | KC31: 0 | KD31: 0 | KF31: 0 | KG31: 0 | KH31: 0 | KI31: 0 | KJ31: 0 | KK31: 0 | KM31: 0 | KP31: 0 | KQ31: 0 | KT31: 0 | KU31: 0 | KX31: 0 | KY31: 0 | KZ31: 1 | LB31: 0 | LD31: 1 | LE31: 1 | LG31: 1 | LH31: 0 | LI31: 0 | LJ31: 0 | LK31: 1 | LL31: 0 | LM31: 0 | LN31: 1 | LO31: 0 | LQ31: 2 | LR31: 1 | LS31: 0 | LT31: 1 | LU31: 0 | LV31: 0 | LW31: 1 | LY31: 3 | LZ31: 〒678-0066 | MA31: 兵庫県相生市山崎町２２９_x000d_ 錦メンテナンス株式会社 相生営業所 | MB31: ＪＲ西相生 | MC31: 1 | MD31: 15 | ME31: 1 | MF31: 1 | MG31: 0 | MH31: 0 | MI31: 0 | MK31: 1 | ML31: 0 | MM31: 0 | MN31: 面接時持参 | MQ31: 1 | MS31: 西脇 | MT31: ニシワキ | MU31: 現場管理担当者 | MV31: 0 | MW31: 080-3110-3434 | MY31: 0 | MZ31: 0 | NA31: 0791-56-8708 | NC31: 0 | ND31: 0 | NE31: ＊年次有給休暇：法定通り（就業日数により異なります）_x000d_ ＊就業時間・日数により加入保険は異なります。_x000d_ | NF31: パート労働者 | NG31: なし | NH31: 雇用期間の定めあり | NJ31: 1年 | NK31: 契約更新の可能性あり（原則更新） | NL31: あり | NM31: 変更なし | NN31: ＪＲ播州赤穂 から 車10分 | NP31: 1人 | NQ31: 1人 | NR31: 1人 | NS31: あり（屋内禁煙） | NT31: 可 | NU31: 駐車場 あり | NV31: なし | NW31: 不問 | NX31: 不問 | NY31: 不問 | OB31: 不問 | OE31: 普通自動車運転免許 必須 | OF31: （AT限定可） | OL31: 時給 | ON31: 1,175円～1,175円 | OS31: なし | OU31: =IF(OM31<>"",OM31,ON31) -> 1,175円～1,175円 | OW31: 実費支給（上限あり） | OX31: 月額 10,000円まで | OY31: 毎月15日 | OZ31: 月末 | PA31: 昇給なし | PE31: 賞与なし | PJ31: 交替制あり | PK31: (1)9時00分～14時00分 | PO31: なし | PQ31: なし | PR31: 0分 | PS31: 週2日～週3日 | PT31: 労働日数について相談可 | PU31: 土日祝他 | PV31: 毎 週 | PW31: 3日 | PY31: 労災 | QB31: なし | QC31: なし | QD31: なし | QE31: なし | QH31: なし | QJ31: 1人 | QK31: 欠員補充 | QL31: 面接 | QM31: 1回 | QN31: 面接選考後 | QP31: 2日以内 | QQ31: 求職者マイページに連絡・電話 | QR31: 随時 | QS31: ＪＲ西相生 から 徒歩15分 | QT31: ハローワーク紹介状・履歴書（写真貼付） | QV31: 選考後は返却 | QX31: 外国人雇用実績なし | SC31: 0人
A32: 28050-20602461 | B32: 2805-616212-0 | C32: 6140001062210 | D32: 3 | E32: 1969 | F32: 1000 | G32: 480 | H32: 錦メンテナンス株式会社 | I32: ニシキメンテナンスカブシキガイシャ | J32: 代表取締役社長 | K32: 木谷 良恵 | L32: 〒672-8023 | M32: 兵庫県姫路市白浜町甲２４８２ | N32: 山陽電鉄 白浜の宮 | O32: 1 | P32: 15 | Q32: 079-245-8885 | R32: 総合ビルメンテナンス業・建築一式工事業・管工事業 | U32: 創業５５年総合ビルメンテナンス会社で、毎月社内報を発行して現場の方々にトピックスを報告しています。_x000d_ お客様に喜ばれる、マナーを大事にする会社です。 | V32: 0 | W32: 0 | X32: 0 | Y32: 0 | Z32: 0 | AA32: 0 | AB32: 1 | AC32: 1 | AI32: 922 | AJ32: 28201 | AK32: 昭和44年 | AL32: 1,000万円 | AM32: 480人 | AO32: 山陽電鉄 白浜の宮 から 徒歩15分 | AP32: なし | AQ32: なし | AR32: なし | AS32: なし | AT32: なし | AU32: なし | AV32: あり | AW32: あり | BB32: 建物等維持管理業 | BL32: 28050 | BM32: 46356 | BN32: 1 | BO32: 0 | BP32: 2 | BQ32: 46281 | BS32: 0 | BT32: 2 | BU32: 4 | CB32: B60 | CG32: B10 | CI32: 28212 | CM32: 0 | CN32: 1 | CO32: 清掃業務（赤穂市木津） | CP32: 096-01 | CS32: 2 | DC32: 3 | DD32: 0 | DH32: （パートタイム） | DJ32: 46281 | DM32: ハローワークの求職者に限定し、事業所名等を含む求人情報を公開する | DN32: 地方自治体、民間人材ビジネス共に不可 | DR32: 兵庫県赤穂市 | DS32: 兵庫県赤穂市 | DX32: 請負 | EB32: 未充足 | EC32: 0人 | EE32: 事務所清掃（トイレ、会議室、更衣室、食堂など）、ゴミ回収をして頂きます。_x000d_ ※週１で、階段、お風呂掃除あり。_x000d_ 【変更範囲：変更なし】 | EF32: 5 | EH32: 0 | EJ32: 1 | ER32: 1 | ES32: ３ヶ月 | ET32: 1 | EV32: 3 | EW32: 〒678-0165 | EX32: 兵庫県赤穂市木津１３２５ー７２_x000d_ ※就業場所の詳細は窓口でお問い合わせください。 | EY32: ＪＲ坂越 | EZ32: 2 | FA32: 10 | FB32: 0 | FD32: 2 | FE32: 2 | FF32: 2 | FG32: 1 | FH32: 1 | FJ32: 1 | FK32: 1 | FL32: 0 | FN32: 2 | FP32: 64 | FQ32: 21 | FR32: 定年年齢未満の方を募集（定年６５歳） | FS32: 3 | FV32: 3 | FY32: 1 | GA32: 1 | GF32: 0 | GG32: 4 | GK32: 1175 | GL32: 1175 | GY32: 0 | HC32: 1175 | HD32: 1175 | HG32: 1 | HH32: 1 | HI32: 10000 | HJ32: 1 | HK32: 15 | HM32: 2 | HQ32: 0 | HY32: 0 | IH32: 800 | IK32: 1200 | IQ32: 0 | IR32: 0 | IT32: 0 | IV32: 0 | IX32: 0 | IY32: 1 | IZ32: 2 | JA32: 2 | JD32: 0 | JE32: 0 | JF32: 0 | JG32: 0 | JH32: 0 | JI32: 0 | JJ32: 1 | JK32: 1 | JL32: 1 | JM32: 1 | JN32: 1 | JO32: シフト制 | JP32: 1 | JR32: 0 | JS32: 0 | JT32: 1 | JU32: 0 | JV32: 0 | JW32: 0 | JX32: 0 | JY32: 0 | KB32: 0 | KC32: 0 | KD32: 0 | KF32: 0 | KG32: 0 | KH32: 0 | KI32: 0 | KJ32: 0 | KK32: 0 | KM32: 1 | KN32: 1 | KO32: 65 | KP32: 1 | KQ32: 1 | KR32: 0 | KT32: 1 | KU32: 0 | KX32: 0 | KY32: 0 | LB32: 0 | LD32: 1 | LE32: 2 | LG32: 1 | LH32: 0 | LI32: 0 | LJ32: 0 | LK32: 1 | LL32: 0 | LM32: 0 | LN32: 1 | LO32: 0 | LQ32: 2 | LR32: 0 | LS32: 0 | LT32: 1 | LU32: 0 | LV32: 0 | LW32: 1 | LY32: 3 | LZ32: 〒678-0066 | MA32: 兵庫県相生市山崎町２２９番地 | MB32: ＪＲ相生 | MC32: 2 | MD32: 10 | ME32: 1 | MF32: 1 | MG32: 0 | MH32: 0 | MI32: 0 | MK32: 1 | ML32: 0 | MM32: 0 | MN32: 面接選考 | MQ32: 2 | MS32: 西脇 | MT32: ニシワキ | MU32: 現場管理担当者 | MV32: 0 | MW32: 080-3110-3434 | MY32: 0 | MZ32: 0 | NA32: 0791-56-8708 | NC32: 0 | NE32: ＊年次有給休暇：法定通り（就業日数により異なります）_x000d_ ＊就業時間・日数により加入保険は異なります。 | NF32: パート労働者 | NG32: なし | NH32: 雇用期間の定めなし | NL32: あり | NM32: 変更なし | NN32: ＪＲ坂越 から 車10分 | NP32: 2人 | NQ32: 2人 | NR32: 2人 | NS32: あり（屋内禁煙） | NT32: 可 | NU32: 駐車場 あり | NV32: なし | NW32: 64歳以下 | NX32: 定年を上限 | NY32: 不問 | OB32: 不問 | OD32: 不問 | OF32: （AT限定可） | OL32: 時給 | ON32: 1,175円～1,175円 | OS32: なし | OU32: =IF(OM32<>"",OM32,ON32) -> 1,175円～1,175円 | OW32: 実費支給（上限あり） | OX32: 月額 10,000円まで | OY32: 毎月15日 | OZ32: 月末 | PA32: 昇給なし | PE32: 賞与なし | PK32: (1)8時00分～12時00分 | PO32: なし | PQ32: なし | PR32: 0分 | PS32: 週2日～週2日 | PU32: 土日祝他 | PV32: 毎 週 | PW32: 1日 | PY32: 労災 | QB32: なし | QC32: あり 一律 65歳 | QD32: あり | QE32: なし | QJ32: 1人 | QK32: 増員 | QL32: 面接 | QM32: 1回 | QN32: 面接選考後 | QP32: 2日以内 | QQ32: 電話 | QR32: 随時 | QS32: ＪＲ相生 から 車10分 | QT32: ハローワーク紹介状・履歴書（写真貼付） | QV32: 求人者の責任にて廃棄 | QX32: 外国人雇用実績 | SC32: 0人
A33: 28211- 1488261 | B33: 2821- 6006-5 | G33: 8 | H33: セーフティーワン株式会社 | I33: セーフティワンカブシキガイシャ | J33: 代表取締役 | K33: 狩野 孝夫 | L33: 〒678-0066 | M33: 兵庫県相生市山崎町２５５番地３－２０１ | N33: ＪＲ赤穂線西相生 | O33: 1 | P33: 10 | Q33: 0791-23-6095 | R33: 警備業_x000d_ 公益施設及び商業施設の駐車場の車の誘導_x000d_ 工事現場での交通誘導等 | U33: 会社設立後まもない会社ですが誰もが活躍できる職場です。_x000d_ 未経験の方も気軽に応募して下さい。！_x000d_ | V33: 0 | W33: 0 | X33: 2 | Y33: 2 | Z33: 2 | AA33: 0 | AB33: 1 | AC33: 1 | AI33: 923 | AJ33: 28208 | AM33: 8人 | AO33: ＪＲ赤穂線西相生 から 徒歩10分 | AP33: なし | AQ33: なし | AR33: 該当者なし | AS33: 該当者なし | AT33: 該当者なし | AU33: なし | AV33: あり | AW33: あり | BB33: 警備業 | BF33: 〒678-0066 | BH33: 兵庫県相生市山崎町２５５番地３－２０１ | BJ33: ＪＲ赤穂線西相生 | BL33: 28211 | BM33: 46356 | BN33: 1 | BO33: 0 | BP33: 2 | BQ33: 46281 | BS33: 0 | BT33: 1 | BU33: 2 | CA33: Z88 | CB33: Y19 | CD33: Y60 | CE33: Y61 | CF33: B60 | CI33: 28208 | CJ33: 28212 | CK33: 28229 | CM33: 0 | CN33: 1 | CO33: 【請負】交通誘導・施設警備 | CP33: 059-02 | CQ33: 059-01 | CS33: 2 | CW33: 2821 | CX33: 2821- 6006-5 | CY33: 0 | DC33: 3 | DD33: 0 | DH33: （パートタイム） | DJ33: 46281 | DM33: 事業所名等を含む求人情報を公開する | DN33: 地方自治体のみ可 | DR33: 兵庫県相生市 | DS33: 兵庫県相生市 | DT33: 兵庫県赤穂市 | DU33: 兵庫県たつの市 | DX33: 請負 | EB33: 未充足 | EC33: 0人 | EE33: 工事現場での交通誘導警備。_x000d_ 公共・民間施設での出入管理・駐車場整理。_x000d_ （相生市・赤穂市・たつの市）_x000d_ ・７０歳以上の方応募大歓迎！_x000d_ ・Ｗワークや土・日のみの、平日のみの勤務でもＯＫです。_x000d_ ・月１回、週１回からの勤務も相談可能です。_x000d_ ・２０２０年、新しくできた会社です。_x000d_ ・みんなで並んでスタートラインから踏み出しませんか！_x000d_ ・我々と一緒に会社を創っていく人たちを大募集中です。_x000d_ ・優しく教えますので、未経験者も遠慮せずご応募ください。_x000d_ ・現場は本社より１時間～１時間３０分圏内になります。_x000d_ 【変更範囲：変更なし】 | EF33: 5 | EH33: 0 | EJ33: 2 | EM33: 1 | EO33: 1 | EP33: 1 | ER33: 1 | ES33: ３ヶ月 | ET33: 1 | EV33: 3 | EW33: 〒678-0066 | EX33: 兵庫県相生市内・赤穂市内・たつの市内各現場_x000d_ | EY33: 山陽本線相生 | EZ33: 2 | FA33: 20 | FB33: 0 | FD33: 2 | FE33: 0 | FF33: 0 | FG33: 1 | FH33: 1 | FJ33: 1 | FK33: 1 | FL33: 0 | FN33: 2 | FO33: 18 | FQ33: 22 | FR33: 法令による年齢制限 | FS33: 3 | FV33: 3 | FY33: 0 | FZ33: 2 | GA33: 1 | GE33: 普通自動車免許（通勤用） | GF33: 0 | GG33: 4 | GK33: 1200 | GL33: 1500 | GY33: 0 | HC33: 1200 | HD33: 1500 | HG33: 1 | HH33: 1 | HI33: 5000 | HJ33: 2 | HM33: 1 | HN33: 2 | HO33: 5 | HQ33: 1 | HR33: 0 | HY33: 1 | HZ33: 0 | IH33: 800 | IK33: 1700 | IQ33: 0 | IR33: 0 | IT33: 0 | IV33: 0 | IX33: 60 | IY33: 2 | JB33: 2 | JC33: 3 | JD33: 1 | JE33: 0 | JF33: 0 | JG33: 0 | JH33: 0 | JI33: 0 | JJ33: 0 | JK33: 0 | JL33: 0 | JM33: 1 | JN33: 1 | JR33: 0 | JS33: 1 | JT33: 1 | JU33: 0 | JV33: 0 | JW33: 0 | JX33: 0 | JY33: 0 | KB33: 0 | KC33: 0 | KD33: 0 | KF33: 0 | KG33: 0 | KH33: 0 | KI33: 0 | KJ33: 0 | KK33: 0 | KM33: 0 | KP33: 0 | KQ33: 0 | KT33: 0 | KU33: 0 | KX33: 0 | KY33: 0 | LB33: 0 | LD33: 2 | LE33: 2 | LG33: 1 | LH33: 0 | LI33: 0 | LJ33: 0 | LK33: 1 | LL33: 0 | LM33: 0 | LN33: 1 | LO33: 0 | LQ33: 7 | LR33: 0 | LS33: 0 | LT33: 1 | LU33: 0 | LV33: 0 | LW33: 1 | LY33: 1 | LZ33: 〒678-0066 | MA33: 兵庫県相生市山崎町２５５番地３－２０１ | MB33: ＪＲ赤穂線西相生 | MC33: 1 | MD33: 10 | ME33: 1 | MF33: 1 | MG33: 0 | MH33: 0 | MI33: 0 | MK33: 1 | ML33: 0 | MM33: 0 | MN33: 面接時に持参 | MQ33: 2 | MS33: 採用担当者 | MT33: サイヨウタントウシャ | MU33: 総務 | MV33: 1 | MW33: 0791-23-6095 | MY33: 1 | MZ33: 0 | NA33: 0791-23-6095 | NC33: 0 | NE33: ■加入保険・有給休暇は法定どおり。_x000d_ ■週払い可（規定有）_x000d_ ■制服・装備品一式貸与（無料）_x000d_ ■法定研修は、経験・資格により０Ｈ～２０Ｈ（３日間）実施。_x000d_ ■駐車場有り。駐車料金無料。_x000d_ ■各現場については会社に集合して頂き社有車にて行きます。_x000d_ ■請負契約書確認済み。_x000d_ _x000d_ _x000d_ | NF33: パート労働者 | NG33: なし | NH33: 雇用期間の定めあり | NJ33: 1年 | NK33: 契約更新の可能性あり（原則更新） | NL33: あり | NM33: 変更なし | NN33: 山陽本線相生 から 車20分 | NP33: 2人 | NQ33: 0人 | NR33: 0人 | NS33: あり（屋内禁煙） | NT33: 可 | NU33: 駐車場 あり | NV33: なし | NW33: 18歳以上 | NX33: 法令の規定により年齢制限がある | NY33: 不問 | OB33: 不問 | OE33: 普通自動車運転免許 あれば尚可 | OF33: （AT限定可） | OJ33: 普通自動車免許（通勤用） | OL33: 時給 | ON33: 1,200円～1,500円 | OS33: なし | OU33: =IF(OM33<>"",OM33,ON33) -> 1,200円～1,500円 | OW33: 実費支給（上限あり） | OX33: 月額 5,000円まで | OY33: 月末 | OZ33: 毎月5日 翌月払い | PA33: 昇給あり | PB33: 前年度実績 なし | PE33: 賞与あり | PF33: 前年度実績 なし | PK33: (1)8時00分～17時00分 | PO33: なし | PQ33: なし | PR33: 60分 | PS33: 週3日程度 | PT33: 労働日数について相談可 | PU33: 他 | PV33: 毎 週 | PY33: 雇用・労災 | QB33: なし | QC33: なし | QD33: なし | QE33: なし | QJ33: 2人 | QK33: 増員 | QL33: 面接 | QM33: 1回 | QN33: 面接選考後 | QP33: 7日以内 | QQ33: 電話 | QR33: 随時 | QS33: ＪＲ赤穂線西相生 から 徒歩10分 | QT33: ハローワーク紹介状・履歴書（写真貼付） | QV33: 求人者の責任にて廃棄 | QX33: 外国人雇用実績 | SC33: 0人
A34: 28211- 1491961 | B34: 2821- 2886-7 | C34: 4140005007584 | D34: 3 | E34: 1979 | G34: 28 | H34: 社会福祉法人 上郡福祉会 陽光こども園 | I34: シャカイフクシホウジン カミゴオリフクシカイ タカタヨウコウホイクエン | J34: 理事長 | K34: 布埜 加代 | L34: 〒678-1222 | M34: 兵庫県赤穂郡上郡町西野山字岩ノ元２８９－４８ | N34: 山陽本線上郡 | O34: 2 | P34: 10 | Q34: 0791-52-3775 | R34: 乳児・幼児の保育 ０才児～５才児の保育 | U34: 現在の地で４０年以上地域の子供たちの為に運営させて頂いて_x000d_ います。 | V34: 0 | W34: 1 | X34: 1 | Y34: 1 | Z34: 0 | AA34: 1 | AB34: 1 | AC34: 1 | AD34: http://www.youkou.ed.jp | AI34: 853 | AJ34: 28481 | AK34: 昭和54年 | AM34: 28人 | AO34: 山陽本線上郡 から 車10分 | AP34: なし | AQ34: あり | AR34: あり | AS34: あり | AT34: なし | AU34: あり | AV34: あり | AW34: あり | BB34: 児童福祉事業 | BE34: 〒678-1222 | BF34: 〒678-1222 | BG34: 兵庫県赤穂郡上郡町西野山字岩ノ元２８９－４８ | BH34: 兵庫県赤穂郡上郡町西野山字岩ノ元２８９－４８ | BI34: 山陽本線上郡 | BJ34: 山陽本線上郡 | BK34: （静） | BL34: 28211 | BM34: 46356 | BN34: 1 | BO34: 0 | BP34: 2 | BQ34: 46281 | BS34: 0 | BT34: 1 | BU34: 2 | CC34: B10 | CD34: B60 | CE34: Y60 | CF34: Y61 | CI34: 28481 | CM34: 0 | CN34: 1 | CO34: 【シニア専用求人】清掃スタッフ／認定こども園 | CP34: 096-01 | CQ34: 096-99 | CS34: 3 | CW34: 2821 | CX34: 2821- 2886-7 | CY34: 0 | CZ34: 2821 | DA34: 2821- 2886-7 | DB34: 0 | DC34: 3 | DD34: 0 | DH34: （パートタイム） | DJ34: 46281 | DM34: 事業所名等を含む求人情報を公開する | DN34: 地方自治体のみ可 | DR34: 兵庫県赤穂郡上郡町 | DS34: 兵庫県赤穂郡上郡町 | DX34: 派遣・請負ではない | EB34: 未充足 | EC34: 0人 | EE34: ■シニア専用求人（６０歳以上）です_x000d_ 認定こども園の園舎周辺の環境整備をしていただくお仕事です。_x000d_ 主な仕事内容は、園庭や園舎周辺の除草、落ち葉拾い、建物外部の軽微な汚れ落としなどです。_x000d_ 園児が安全で気持ちよく過ごせる環境を保つための清掃・環境整備をお願いします。_x000d_ 勤務は１日２～２．５時間程度、週５～６日程度（土曜日を含む場合があります）です。_x000d_ 難しい作業や専門的な作業はありません。_x000d_ ■職場見学可能です。_x000d_ _x000d_ 【変更範囲：変更なし】 | EF34: 5 | EH34: 0 | EJ34: 2 | EK34: 46296 | EL34: 46477 | EO34: 1 | EP34: 1 | ER34: 1 | ES34: ３ヶ月 | ET34: 1 | EV34: 1 | EW34: 〒678-1222 | EX34: 兵庫県赤穂郡上郡町西野山字岩ノ元２８９－４８ | EY34: 山陽本線上郡 | EZ34: 2 | FA34: 10 | FB34: 0 | FD34: 28 | FE34: 27 | FF34: 15 | FG34: 1 | FH34: 1 | FJ34: 1 | FK34: 1 | FL34: 0 | FN34: 2 | FO34: 60 | FQ34: 26 | FR34: 高年齢者の雇用促進の為（例外事由３号ニ） | FS34: 3 | FV34: 3 | FY34: 1 | GA34: 1 | GF34: 0 | GG34: 4 | GK34: 1172 | GL34: 1172 | GY34: 0 | HC34: 1172 | HD34: 1172 | HG34: 3 | HJ34: 2 | HM34: 1 | HN34: 2 | HO34: 25 | HQ34: 1 | HR34: 0 | HY34: 0 | IN34: 700 | IO34: 930 | IP34: 2 | IQ34: 0 | IR34: 1 | IS34: １日２時間３０分程度、週１２時間程度 | IT34: 0 | IV34: 0 | IX34: 0 | IY34: 1 | IZ34: 5 | JA34: 6 | JD34: 1 | JE34: 0 | JF34: 0 | JG34: 0 | JH34: 0 | JI34: 0 | JJ34: 0 | JK34: 1 | JL34: 1 | JM34: 0 | JN34: 3 | JO34: １日２時間３０分程度、週１２時間程度 | JR34: 0 | JS34: 0 | JT34: 1 | JU34: 0 | JV34: 0 | JW34: 0 | JX34: 0 | JY34: 0 | KB34: 0 | KC34: 0 | KD34: 0 | KF34: 0 | KG34: 0 | KH34: 0 | KI34: 0 | KJ34: 0 | KK34: 0 | KM34: 0 | KP34: 0 | KQ34: 0 | KT34: 0 | KU34: 0 | KX34: 0 | KY34: 0 | LB34: 0 | LD34: 1 | LG34: 1 | LH34: 0 | LI34: 0 | LJ34: 0 | LK34: 1 | LL34: 0 | LM34: 0 | LN34: 1 | LO34: 0 | LQ34: 7 | LR34: 0 | LS34: 0 | LT34: 1 | LU34: 0 | LV34: 0 | LW34: 1 | LY34: 1 | LZ34: 〒678-1222 | MA34: 兵庫県赤穂郡上郡町西野山字岩ノ元２８９－４８ | MB34: 山陽本線上郡 | MC34: 2 | MD34: 10 | ME34: 1 | MF34: 1 | MG34: 0 | MH34: 0 | MI34: 0 | MK34: 1 | ML34: 0 | MM34: 0 | MN34: 面接時に持参 | MQ34: 1 | MS34: 採用担当者 | MU34: 求人掲載に関する営業電話はお断り | MV34: 1 | MW34: 0791-52-3775 | MY34: 1 | MZ34: 0 | NA34: 0791-52-0557 | NC34: 0 | NE34: ■加入保険・有給休暇は法定どおり。_x000d_ _x000d_ ■駐車場有り。駐車料金無料。_x000d_ _x000d_ ■シニア専用求人（６０歳以上）です_x000d_ 子どもたちが毎日気持ちよく過ごせるよう、園舎内の清掃をしていただくお仕事です。_x000d_ 特別な資格や経験は必要ありません。_x000d_ 勤務は１日２時間３０分程度、週１２時間程度ですので、無理なく続けていただけます。仕事の手順は丁寧にお伝えします。_x000d_ 未経験の方やシニア世代の方も歓迎します。_x000d_ 子どもたちの生活環境を支えてくださる方のご応募をお待ちしています。_x000d_ ■職場見学可能です。_x000d_ _x000d_ 面接時、_x000d_ 「ハローワーク紹介状」「履歴書（写真貼付）」を持参ください_x000d_ | NF34: パート労働者 | NG34: なし | NH34: 雇用期間の定めあり | NI34: 令和8年10月1日～令和9年3月31日 | NK34: 契約更新の可能性あり（原則更新） | NL34: あり | NM34: 変更なし | NN34: 山陽本線上郡 から 車10分 | NP34: 28人 | NQ34: 27人 | NR34: 15人 | NS34: あり（屋内禁煙） | NT34: 可 | NU34: 駐車場 あり | NV34: なし | NW34: 60歳以上 | NX34: 高齢者等の特定年齢層の雇用促進 | NY34: 不問 | OB34: 不問 | OD34: 不問 | OF34: （AT限定可） | OL34: 時給 | ON34: 1,172円～1,172円 | OS34: なし | OU34: =IF(OM34<>"",OM34,ON34) -> 1,172円～1,172円 | OW34: なし | OY34: 月末 | OZ34: 毎月25日 翌月払い | PA34: 昇給あり | PB34: 前年度実績 なし | PE34: 賞与なし | PN34: 又は7時00分～9時30分の間の2時間程度 | PO34: なし | PQ34: なし | PR34: 0分 | PS34: 週5日～週6日 | PT34: 労働日数について相談可 | PU34: 日祝 | PV34: その他 | PY34: 労災 | QB34: なし | QC34: なし | QD34: なし | QE34: なし | QJ34: 1人 | QL34: 面接 | QM34: 1回 | QN34: 面接選考後 | QP34: 7日以内 | QQ34: 電話 | QR34: 随時 | QS34: 山陽本線上郡 から 車10分 | QT34: ハローワーク紹介状・履歴書（写真貼付） | QV34: 選考後は返却 | QX34: 外国人雇用実績 | SC34: 1人
A35: 28211- 1492161 | B35: 2821- 2996-0 | C35: 5140005007534 | D35: 3 | E35: 1983 | G35: 130 | H35: 社会福祉法人 愛心福祉会 上郡町デイサービスセンター_x000d_ | I35: シヤカイフクシホウジン アイシンフクシカイ カミゴオリチョウデイサービスセンター | J35: 管理者 | K35: 加藤 智章 | L35: 〒678-1241 | M35: 兵庫県赤穂郡上郡町山野里２７４９－４８ | N35: ＪＲ上郡駅 | O35: 1 | P35: 45 | Q35: 0791-52-4614 | R35: 老人介護施設 | U35: 家族的な雰囲気です。 | V35: 0 | W35: 0 | X35: 0 | Y35: 0 | Z35: 0 | AA35: 0 | AB35: 1 | AC35: 1 | AI35: 854 | AJ35: 28481 | AK35: 昭和58年 | AM35: 130人 | AO35: ＪＲ上郡駅 から 徒歩45分 | AP35: なし | AQ35: なし | AR35: なし | AS35: なし | AT35: なし | AU35: なし | AV35: あり | AW35: あり | BB35: 老人福祉・介護事業 | BE35: 〒678-1241 | BG35: 兵庫県赤穂郡上郡町山野里２７４９－４８ | BI35: ＪＲ上郡駅 | BK35: （静） | BL35: 28211 | BM35: 46356 | BN35: 1 | BO35: 0 | BP35: 2 | BQ35: 46281 | BS35: 0 | BT35: 1 | BU35: 2 | CA35: Y19 | CC35: B10 | CD35: B60 | CE35: Y60 | CF35: Y61 | CI35: 28481 | CM35: 0 | CN35: 1 | CO35: （パ）調理員スタッフ／デイサービス／愛心高齢者センター | CP35: 055-07 | CQ35: 055-99 | CR35: 050-99 | CS35: 3 | CZ35: 2821 | DA35: 2821- 2996-0 | DB35: 0 | DC35: 3 | DD35: 0 | DH35: （パートタイム） | DJ35: 46281 | DM35: 事業所名等を含む求人情報を公開する | DN35: 地方自治体のみ可 | DR35: 兵庫県赤穂郡上郡町 | DS35: 兵庫県赤穂郡上郡町 | DX35: 派遣・請負ではない | EB35: 未充足 | EC35: 0人 | EE35: ◆利用者さまの食事の準備、盛付、配膳、下膳、片付け、_x000d_ おやつ作り等お願いします（約３０食分）_x000d_ ＊６５歳以上・７０歳以上の方も歓迎_x000d_ 「まだまだ現役！」という方、大歓迎です！_x000d_ ○Ｗワーク・副業・兼業可能_x000d_ _x000d_ _x000d_ 【変更範囲：変更なし】 | EF35: 5 | EH35: 0 | EJ35: 2 | EM35: 1 | EN35: 0 | EO35: 1 | EP35: 1 | ER35: 1 | ES35: ３か月 | ET35: 1 | EV35: 1 | EW35: 〒678-1241 | EX35: 兵庫県赤穂郡上郡町山野里２７４９－４８ | EY35: ＪＲ上郡駅 | EZ35: 1 | FA35: 45 | FB35: 0 | FD35: 17 | FE35: 15 | FF35: 14 | FG35: 1 | FH35: 1 | FJ35: 1 | FK35: 1 | FL35: 0 | FN35: 1 | FS35: 3 | FV35: 3 | FY35: 0 | FZ35: 1 | GA35: 1 | GE35: 普通自動車免許（通勤用） | GF35: 0 | GG35: 4 | GK35: 1175 | GL35: 1275 | GY35: 0 | HC35: 1175 | HD35: 1275 | HG35: 1 | HH35: 1 | HI35: 25900 | HJ35: 2 | HM35: 1 | HN35: 2 | HO35: 25 | HQ35: 1 | HR35: 1 | HS35: 1 | HT35: 2 | HU35: 10 | HV35: 30 | HY35: 1 | HZ35: 1 | IA35: 3 | IB35: 1 | IC35: 1.3 | IH35: 900 | II35: 1030 | IK35: 1600 | IL35: 1230 | IQ35: 0 | IR35: 0 | IS35: 就業時間（１）（２）を組み合わせたシフト制です。_x000d_ （２）は休憩時間なし_x000d_ 就業時間については相談に応じます。 | IT35: 0 | IV35: 0 | IX35: 60 | IY35: 2 | JB35: 2 | JC35: 3 | JD35: 1 | JE35: 0 | JF35: 0 | JG35: 0 | JH35: 0 | JI35: 0 | JJ35: 0 | JK35: 1 | JL35: 0 | JM35: 1 | JN35: 1 | JR35: 0 | JS35: 0 | JT35: 1 | JU35: 0 | JV35: 0 | JW35: 0 | JX35: 0 | JY35: 0 | KB35: 0 | KC35: 0 | KD35: 0 | KF35: 0 | KG35: 0 | KH35: 0 | KI35: 0 | KJ35: 0 | KK35: 0 | KM35: 0 | KP35: 0 | KQ35: 0 | KT35: 0 | KU35: 0 | KX35: 0 | KY35: 0 | KZ35: 1 | LB35: 0 | LD35: 1 | LE35: 2 | LG35: 1 | LH35: 0 | LI35: 0 | LJ35: 0 | LK35: 1 | LL35: 0 | LM35: 0 | LN35: 1 | LO35: 0 | LQ35: 7 | LR35: 0 | LS35: 1 | LT35: 1 | LU35: 0 | LV35: 0 | LW35: 1 | LY35: 3 | LZ35: 〒678-1241 | MA35: 兵庫県赤穂郡上郡町山野里２７４９－４８_x000d_ 愛心高齢者センター | MB35: 山陽本線上郡 | MC35: 2 | MD35: 10 | ME35: 1 | MF35: 1 | MG35: 0 | MH35: 0 | MI35: 0 | MK35: 1 | ML35: 0 | MM35: 0 | MN35: 面接時、持参 | MQ35: 1 | MR35: ＊応募書類は、不採用の場合のみ返戻 | MS35: 総務課 | MU35: 求人掲載に関する営業電話はお断り | MV35: 0 | MW35: 0791-52-3959 | MY35: 0 | MZ35: 0 | NC35: 1 | ND35: 0 | NE35: ＊まずは、ご自身に合うか？お気軽に職場見学へお越しください。_x000d_ _x000d_ ＊加入保険・有給休暇は法定どおりです。_x000d_ _x000d_ ＊「ハローワーク紹介状」「履歴書（写真貼付）」を_x000d_ 郵送又は持参してください。後日、面接日時をご連絡いたします。_x000d_ _x000d_ ＊駐車場有り（無料）_x000d_ _x000d_ ＊６５歳以上・７０歳以上の方も歓迎_x000d_ 「まだまだ現役！」という方、大歓迎です！_x000d_ _x000d_ ＊Ｗワーク・兼業・副業可能_x000d_ | NF35: パート労働者 | NG35: なし | NH35: 雇用期間の定めあり | NJ35: 1年 | NK35: 契約更新の可能性あり（原則更新） | NL35: あり | NM35: 変更なし | NN35: ＪＲ上郡駅 から 徒歩45分 | NP35: 17人 | NQ35: 15人 | NR35: 14人 | NS35: あり（屋内禁煙） | NT35: 可 | NU35: 駐車場 あり | NV35: なし | NW35: 不問 | NX35: 不問 | NY35: 不問 | OB35: 不問 | OE35: 普通自動車運転免許 必須 | OF35: （AT限定可） | OJ35: 普通自動車免許（通勤用） | OL35: 時給 | ON35: 1,175円～1,275円 | OS35: なし | OU35: =IF(OM35<>"",OM35,ON35) -> 1,175円～1,275円 | OW35: 実費支給（上限あり） | OX35: 月額 25,900円まで | OY35: 月末 | OZ35: 毎月25日 翌月払い | PA35: 昇給あり | PB35: 前年度実績 あり | PC35: 10円～30円 | PE35: 賞与あり | PF35: 前年度実績 あり | PG35: 年3回（前年度実績） | PH35: 1.30ヶ月分 | PK35: (1)9時00分～16時00分 | PL35: (2)10時30分～12時30分 | PO35: なし | PQ35: なし | PR35: 60分 | PS35: 週3日程度 | PT35: 労働日数について相談可 | PU35: 日他 | PV35: 毎 週 | PY35: 労災 | QB35: なし | QC35: なし | QD35: なし | QE35: なし | QH35: なし | QJ35: 1人 | QK35: 増員 | QL35: 面接 | QM35: 1回 | QN35: 面接選考後 | QP35: 7日以内 | QQ35: 郵送・電話 | QR35: 随時 | QS35: 山陽本線上郡 から 車10分 | QT35: ハローワーク紹介状・履歴書（写真貼付） | QV35: 選考後は返却 | QW35: ＵＩＪターン歓迎 | QX35: 外国人雇用実績なし | SC35: 0人
A36: 28211- 1481761 | B36: 2821- 2858-6 | C36: 4180001097758 | D36: 3 | E36: 1950 | F36: 5000 | G36: 4231 | H36: 株式会社 西日本宇佐美 山陽支店 | I36: カブシキガイシャ ニシニホンウサミ サンヨウシテン | J36: 代表取締役 | K36: 高橋 智幸 | L36: 〒678-0011 | M36: 兵庫県相生市那波野字下土穴３９０－１ | N36: ＪＲ 相生 | O36: 1 | P36: 20 | Q36: 0791-23-3810 | R36: 石油製品販売 （ガソリンスタンド） | U36: 全国に４８０ヶ所の給油所網を展開する宇佐美グループ。当社はその内・近畿・中国・四国地方に５９ケ所の給油所を営業し現在も増設を計画中。 | V36: 0 | W36: 0 | X36: 1 | Y36: 0 | Z36: 0 | AA36: 0 | AB36: 1 | AC36: 1 | AD36: https://usami-net.com/ | AI36: 605 | AJ36: 28208 | AK36: 昭和25年 | AL36: 5,000万円 | AM36: 4,231人 | AO36: ＪＲ 相生 から 徒歩20分 | AP36: なし | AQ36: なし | AR36: あり | AS36: なし | AT36: なし | AU36: なし | AV36: あり | AW36: あり | BB36: 燃料小売業 | BL36: 28211 | BM36: 46356 | BN36: 1 | BO36: 0 | BP36: 1 | BQ36: 46280 | BS36: 0 | BT36: 1 | BU36: 2 | CC36: B10 | CD36: B60 | CE36: Y60 | CF36: Y61 | CI36: 28208 | CM36: 0 | CN36: 1 | CO36: 夜勤ガソリンスタンドスタッフ／相生市 | CP36: 045-13 | CS36: 3 | CT36: 5207 | DC36: 3 | DD36: 0 | DH36: （フルタイム） | DJ36: 46280 | DM36: 事業所名等を含む求人情報を公開する | DN36: 地方自治体のみ可 | DR36: 兵庫県相生市 | DS36: 兵庫県相生市 | DX36: 派遣・請負ではない | DY36: 危険物取扱者（乙種） | EB36: 未充足 | EC36: 0人 | EE36: ガソリンスタンド業務全般 ＊誘導、受注、給油、軽作業等 その他 附帯業務 清掃等_x000d_ ◆危険物乙四種免許お持ちの方大歓迎！ _x000d_ ◆１年毎の更新になります。_x000d_ ■６０歳以上の方、応募可能です。_x000d_ _x000d_ _x000d_ 【変更範囲：変更なし】 | EF36: 2 | EG36: 契約社員 | EH36: 0 | EJ36: 2 | EM36: 1 | EN36: 0 | EO36: 1 | EP36: 1 | ER36: 1 | ES36: ２ヶ月 | ET36: 1 | EV36: 3 | EW36: 〒678-0011 | EX36: 兵庫県相生市那波野字下土穴３９０－１_x000d_ 相生国道 | EY36: ＪＲ相生 | EZ36: 2 | FA36: 5 | FB36: 0 | FD36: 10 | FE36: 2 | FF36: 3 | FG36: 1 | FH36: 1 | FJ36: 1 | FK36: 1 | FL36: 0 | FN36: 2 | FO36: 18 | FQ36: 22 | FR36: 法令による年齢制限の為 | FS36: 3 | FV36: 3 | FY36: 0 | FZ36: 2 | GA36: 1 | GB36: 2 | GF36: 0 | GG36: 4 | GI36: 1180 | GJ36: 1180 | GK36: 188800 | GL36: 188800 | GY36: 0 | HC36: 188800 | HD36: 188800 | HE36: （技能手当） 危険物乙四種 整備士２級又は３級 土日祝手当_x000d_ （時間給例）_x000d_ ２３時～５時 １４７５円×６時間＝８８５０円_x000d_ ６時～８時 １１８０円×２時間＝２３６０円_x000d_ 計１１２１０円 | HF36: 20 | HG36: 4 | HJ36: 2 | HM36: 1 | HN36: 2 | HO36: 25 | HQ36: 1 | HR36: 1 | HS36: 1 | HT36: 2 | HU36: 20 | HV36: 100 | HY36: 0 | IF36: 5 | IG36: 1 | IH36: 2300 | II36: 2200 | IK36: 800 | IL36: 700 | IQ36: 0 | IR36: 0 | IS36: 勤務ローテーションによる。 | IT36: 1 | IU36: 10 | IV36: 0 | IX36: 60 | JD36: 0 | JE36: 0 | JF36: 0 | JG36: 0 | JH36: 0 | JI36: 0 | JJ36: 0 | JK36: 0 | JL36: 0 | JM36: 1 | JN36: 3 | JO36: ローテーション表による | JP36: 10 | JQ36: 125 | JR36: 0 | JS36: 1 | JT36: 1 | JU36: 0 | JV36: 1 | JW36: 1 | JX36: 0 | JY36: 0 | KB36: 0 | KC36: 0 | KD36: 0 | KF36: 0 | KG36: 0 | KH36: 1 | KI36: 0 | KJ36: 0 | KK36: 0 | KM36: 0 | KP36: 0 | KQ36: 0 | KT36: 0 | KU36: 0 | KX36: 0 | KY36: 0 | KZ36: 1 | LB36: 0 | LD36: 2 | LE36: 1 | LG36: 1 | LH36: 0 | LI36: 0 | LJ36: 0 | LK36: 1 | LL36: 0 | LM36: 0 | LN36: 1 | LO36: 0 | LQ36: 3 | LR36: 0 | LS36: 0 | LT36: 1 | LU36: 0 | LV36: 0 | LW36: 1 | LY36: 3 | LZ36: 〒678-0011 | MA36: 兵庫県相生市那波野字下穴３９０－１_x000d_ 相生国道 | MB36: ＪＲ相生 | MC36: 2 | MD36: 5 | ME36: 1 | MF36: 1 | MG36: 0 | MH36: 0 | MI36: 1 | MJ36: 免許証の有る方 コピー | MK36: 1 | ML36: 0 | MM36: 0 | MN36: 面接時に持参 | MQ36: 2 | MS36: 採用担当者 | MU36: 総務 | MV36: 1 | MW36: 0791-23-3810 | MY36: 0 | MZ36: 0 | NC36: 0 | NE36: ■駐車場有り。駐車料金無料。_x000d_ ■土・日・祝手当あり。_x000d_ ■制服貸与。_x000d_ _x000d_ _x000d_ （月給例）_x000d_ ２３時～５時 _x000d_ １，１８０円×１．２５×６時間＝８，８５０円_x000d_ ６時～８時_x000d_ １，１８０円×２時間＝２，３６０円_x000d_ _x000d_ １１，２１０円×２０日＝２２４，２００円_x000d_ ーーーーーーーー_x000d_ _x000d_ _x000d_ 【オンライン自主応募可】_x000d_ （オンライン自主応募の場合ハローワーク紹介状は不要です。）_x000d_ _x000d_ _x000d_ | NF36: 正社員以外 | NG36: なし | NH36: 雇用期間の定めあり | NJ36: 1年 | NK36: 契約更新の可能性あり（原則更新） | NL36: あり | NM36: 変更なし | NN36: ＪＲ相生 から 車5分 | NP36: 10人 | NQ36: 2人 | NR36: 3人 | NS36: あり（屋内禁煙） | NT36: 可 | NU36: 駐車場 あり | NV36: なし | NW36: 18歳以上 | NX36: 法令の規定により年齢制限がある | NY36: 不問 | OB36: 不問 | OE36: 普通自動車運転免許 あれば尚可 | OF36: （AT限定可） | OG36: あれば尚可 | OL36: 時給 | OM36: 1,180円～1,180円 | ON36: 188,800円～188,800円 | OS36: なし | OU36: =IF(OM36<>"",OM36,ON36) -> 1,180円～1,180円 | OV36: 20.0日 | OW36: 実費支給（上限なし） | OY36: 月末 | OZ36: 毎月25日 翌月払い | PA36: 昇給あり | PB36: 前年度実績 あり | PC36: 20円～100円 | PE36: 賞与なし | PJ36: 変形（1ヶ月単位） | PK36: (1)23時00分～8時00分 | PL36: (2)22時00分～7時00分 | PO36: あり | PP36: 10時間 | PQ36: なし | PR36: 60分 | PU36: 他 | PV36: その他 | PW36: 10日 | PX36: 125日 | PY36: 雇用・労災・健康・厚生 | QB36: なし | QC36: なし | QD36: なし | QE36: なし | QH36: なし | QJ36: 2人 | QK36: 欠員補充 | QL36: 面接 | QM36: 1回 | QN36: 面接選考後 | QP36: 3日以内 | QQ36: 電話 | QR36: 随時 | QS36: ＪＲ相生 から 車5分 | QT36: ハローワーク紹介状・履歴書（写真貼付）・その他 | QV36: 求人者の責任にて廃棄 | QX36: 外国人雇用実績 | SC36: 0人
A37: 28211- 1471561 | B37: 2821- 6250-2 | C37: 7140005007516 | D37: 4 | E37: 1990 | G37: 436 | H37: 社会福祉法人みどり福祉会 わかば | I37: シャカイフクシミドリフクシカイ ワカバ | J37: 理事長 | K37: 魚橋 哲夫 | L37: 〒678-0081 | M37: 兵庫県相生市若狭野町雨内 ８００－１４１ | N37: 山陽本線相生 | O37: 2 | P37: 15 | Q37: 0791-28-1613 | R37: （重症心身障害児）児童発達支援・放課後等デイサービス | U37: 対象となる利用者様は、知的障害と身体障害をあわせもつ方が対象となっています。医療行為を常時必要とされる方はもちろん、そうでない方も利用することができます。 | V37: 0 | W37: 0 | X37: 1 | Y37: 2 | Z37: 2 | AA37: 0 | AB37: 1 | AC37: 1 | AD37: https://www.midori-fukushi.com/ | AI37: 855 | AJ37: 28208 | AK37: 平成2年 | AM37: 436人 | AO37: 山陽本線相生 から 車15分 | AP37: なし | AQ37: なし | AR37: あり | AS37: 該当者なし | AT37: 該当者なし | AU37: なし | AV37: あり | AW37: あり | BB37: 障害者福祉事業 | BE37: 〒678-0081 | BF37: 〒678-0081 | BG37: 兵庫県相生市若狭野町雨内 ８００－１４１ | BH37: 兵庫県相生市若狭野町雨内 ８００－１４１ | BI37: 山陽本線相生 | BJ37: 山陽本線相生 | BL37: 28211 | BM37: 46356 | BN37: 1 | BO37: 0 | BP37: 2 | BQ37: 46279 | BS37: 0 | BT37: 1 | BU37: 2 | CC37: B10 | CD37: B60 | CE37: Y60 | CF37: Y61 | CI37: 28208 | CM37: 0 | CN37: 1 | CO37: （パ）児童指導員／介護福祉士／週３日程度／わかば | CP37: 049-05 | CQ37: 050-03 | CS37: 3 | CT37: 2302 | CW37: 2821 | CX37: 2821- 6250-2 | CY37: 0 | CZ37: 2821 | DA37: 2821- 6250-2 | DB37: 0 | DC37: 3 | DD37: 0 | DH37: （パートタイム） | DJ37: 46279 | DM37: 事業所名等を含む求人情報を公開する | DN37: 地方自治体のみ可 | DR37: 兵庫県相生市 | DS37: 兵庫県相生市 | DX37: 派遣・請負ではない | DY37: 介護福祉士 | EB37: 未充足 | EC37: 0人 | EE37: 児童発達支援事業・放課後等デイサービス事業を運営する多機能型事業所（原則：１日の利用者は定員５名）です_x000d_ 対象となる利用者様は、知的障害と身体障害をあわせもつ方が対象となっています。医療行為を常時必要とされる方はもちろん、そうでない方も利用することができます。_x000d_ 看護師１名が勤務しています。_x000d_ ６０歳以上の方、応募可能です_x000d_ _x000d_ 【変更範囲：変更なし】_x000d_ _x000d_ | EF37: 5 | EH37: 0 | EJ37: 2 | EM37: 1 | EO37: 1 | EP37: 1 | ER37: 1 | ES37: ３か月 | ET37: 1 | EV37: 1 | EW37: 〒678-0081 | EX37: 兵庫県相生市若狭野町雨内 ８００－１４１ | EY37: 山陽本線相生 | EZ37: 2 | FA37: 15 | FB37: 0 | FD37: 6 | FE37: 4 | FF37: 3 | FG37: 1 | FH37: 1 | FJ37: 1 | FK37: 1 | FL37: 0 | FN37: 1 | FS37: 3 | FV37: 2 | FW37: 児童発達支援・放課後等デイサービスで勤務された方_x000d_ 保育所勤務経験者 | FX37: スマホ等の操作ができる方 | FY37: 0 | FZ37: 1 | GA37: 1 | GB37: 1 | GF37: 0 | GG37: 4 | GK37: 1700 | GL37: 1800 | GY37: 0 | HC37: 1700 | HD37: 1800 | HG37: 1 | HH37: 1 | HI37: 30000 | HJ37: 1 | HK37: 20 | HM37: 1 | HN37: 1 | HO37: 29 | HQ37: 0 | HY37: 0 | IF37: 2 | IH37: 830 | II37: 900 | IK37: 1730 | IL37: 1800 | IN37: 930 | IO37: 1830 | IP37: 4 | IQ37: 0 | IR37: 1 | IS37: ＊勤務時間、日数については、相談に応じます。 | IT37: 0 | IV37: 0 | IX37: 60 | IY37: 2 | JB37: 2 | JC37: 3 | JD37: 1 | JE37: 0 | JF37: 0 | JG37: 0 | JH37: 0 | JI37: 0 | JJ37: 0 | JK37: 1 | JL37: 0 | JM37: 1 | JN37: 1 | JO37: ＊勤務時間、日数については、相談に応じます。 | JR37: 0 | JS37: 0 | JT37: 1 | JU37: 0 | JV37: 0 | JW37: 0 | JX37: 0 | JY37: 0 | KB37: 0 | KC37: 0 | KD37: 0 | KF37: 0 | KG37: 0 | KH37: 0 | KI37: 0 | KJ37: 0 | KK37: 0 | KM37: 0 | KP37: 0 | KQ37: 0 | KT37: 0 | KU37: 0 | KX37: 0 | KY37: 0 | KZ37: 1 | LB37: 1 | LC37: 魚橋病院保育所空きがあれば利用可 | LD37: 1 | LG37: 1 | LH37: 0 | LI37: 0 | LJ37: 0 | LK37: 1 | LL37: 0 | LM37: 0 | LN37: 1 | LO37: 0 | LQ37: 5 | LR37: 0 | LS37: 0 | LT37: 1 | LU37: 0 | LV37: 0 | LW37: 1 | LY37: 1 | LZ37: 〒678-0081 | MA37: 兵庫県相生市若狭野町雨内 ８００－１４１ | MB37: 山陽本線相生 | MC37: 2 | MD37: 15 | ME37: 1 | MF37: 1 | MG37: 0 | MH37: 0 | MI37: 1 | MJ37: 免許のコピー | MK37: 1 | ML37: 0 | MM37: 0 | MN37: 面接時、持参 | MQ37: 2 | MS37: 採用担当者 | MU37: 求人掲載に関する営業電話はお断り | MV37: 1 | MW37: 0791-28-1613 | MY37: 0 | MZ37: 0 | NB37: wakaba2@grace.ocn.ne.jp | NC37: 1 | ND37: 0 | NE37: ■駐車場有り。駐車料金無料。_x000d_ ■医療的ケアを必要とする重症心身障害児（者）の方に通園してい ただき、療育（保育）、医療、機能訓練、入浴サービス等を提供 しています。_x000d_ ◆６０歳以上の方、応募可能です_x000d_ ◆就業時間、日数など柔軟に対応します_x000d_ ◆保育士、看護師等の専門職チームでサービスを提供しています。経験がなくても丁寧に指導します。_x000d_ | NF37: パート労働者 | NG37: なし | NH37: 雇用期間の定めあり | NJ37: 1年 | NK37: 契約更新の可能性あり（原則更新） | NL37: あり | NM37: 変更なし | NN37: 山陽本線相生 から 車15分 | NP37: 6人 | NQ37: 4人 | NR37: 3人 | NS37: あり（屋内禁煙） | NT37: 可 | NU37: 駐車場 あり | NV37: なし | NW37: 不問 | NX37: 不問 | NY37: 不問 | OB37: あれば尚可 | OC37: 児童発達支援・放課後等デイサービスで勤務された方_x000d_ 保育所勤務経験者 | OE37: 普通自動車運転免許 必須 | OF37: （AT限定可） | OG37: 必須 | OL37: 時給 | ON37: 1,700円～1,800円 | OS37: なし | OU37: =IF(OM37<>"",OM37,ON37) -> 1,700円～1,800円 | OW37: 実費支給（上限あり） | OX37: 月額 30,000円まで | OY37: 毎月20日 | OZ37: 毎月29日 当月払い | PA37: 昇給なし | PE37: 賞与なし | PJ37: 交替制あり | PK37: (1)8時30分～17時30分 | PL37: (2)9時00分～18時00分 | PN37: 又は9時30分～18時30分の間の4時間程度 | PO37: なし | PQ37: なし | PR37: 60分 | PS37: 週3日程度 | PT37: 労働日数について相談可 | PU37: 日他 | PV37: 毎 週 | PY37: 労災 | QB37: なし | QC37: なし | QD37: なし | QE37: なし | QH37: なし | QI37: あり | QJ37: 1人 | QL37: 面接 | QM37: 1回 | QN37: 面接選考後 | QP37: 5日以内 | QQ37: 電話 | QR37: 随時 | QS37: 山陽本線相生 から 車15分 | QT37: ハローワーク紹介状・履歴書（写真貼付）・その他 | QV37: 求人者の責任にて廃棄 | QW37: ＵＩＪターン歓迎 | QX37: 外国人雇用実績なし | SC37: 0人
A38: 28211- 1473761 | B38: 2821- 3070-1 | C38: 7140005007516 | D38: 4 | E38: 1990 | G38: 436 | H38: 社会福祉法人 みどり福祉会 みどり荘 | I38: シヤカイフクシホウジン ミドリフクシカイ ミドリソウ | J38: 理事長 | K38: 魚橋 哲夫 | L38: 〒678-0081 | M38: 兵庫県相生市若狭野町雨内 ８００－１４１ | N38: ＪＲ相生 | O38: 2 | P38: 15 | Q38: 0791-28-1613 | R38: 施設にて（区分３から６）障がいをお持ちの方の生活の支援、自立・社会参加のための訓練を行う業務です。 | U38: 社会福祉法人みどり福祉会に所属する障害者が入所する施設です。相生市西端に山あいの閑静な環境に位置し協力病院魚橋病院を中心に展開しています。 | V38: 0 | W38: 1 | X38: 1 | Y38: 0 | Z38: 0 | AA38: 0 | AB38: 1 | AC38: 1 | AI38: 855 | AJ38: 28208 | AK38: 平成2年 | AM38: 436人 | AO38: ＪＲ相生 から 車15分 | AP38: なし | AQ38: あり | AR38: あり | AS38: なし | AT38: なし | AU38: なし | AV38: あり | AW38: あり | BB38: 障害者福祉事業 | BE38: 〒678-0081 | BF38: 〒678-0081 | BG38: 兵庫県相生市若狭野町雨内 ８００－１４１ | BH38: 兵庫県相生市若狭野町雨内 ８００－１４１ | BI38: ＪＲ相生 | BJ38: ＪＲ相生 | BK38: （静） | BL38: 28211 | BM38: 46356 | BN38: 1 | BO38: 0 | BP38: 2 | BQ38: 46279 | BS38: 0 | BT38: 1 | BU38: 2 | CC38: B10 | CD38: B60 | CE38: Y60 | CF38: Y61 | CI38: 28208 | CM38: 0 | CN38: 1 | CO38: （パ）支援員／土日祝勤務／週３日程度／見学可能 | CP38: 050-03 | CQ38: 050-99 | CS38: 3 | CW38: 2821 | CX38: 2821- 3070-1 | CY38: 0 | CZ38: 2821 | DA38: 2821- 3070-1 | DB38: 0 | DC38: 3 | DD38: 0 | DH38: （パートタイム） | DJ38: 46279 | DM38: 事業所名等を含む求人情報を公開する | DN38: 地方自治体のみ可 | DR38: 兵庫県相生市 | DS38: 兵庫県相生市 | DX38: 派遣・請負ではない | EB38: 未充足 | EC38: 0人 | EE38: ※定員５０名の施設にて障がい者の方の、生活の支援、自立・社会参加のための訓練を行う業務です。_x000d_ 〇生活介護_x000d_ 食事・入浴・排せつなど日常生活の介助、創作活動や軽作業のサ ポート_x000d_ ■６０歳以上の方、経験あれば面接可能_x000d_ _x000d_ 【変更範囲：変更なし】 | EF38: 5 | EH38: 0 | EJ38: 2 | EM38: 1 | EN38: 0 | EO38: 1 | EP38: 1 | ER38: 1 | ES38: ３ヶ月 | ET38: 1 | EV38: 1 | EW38: 〒678-0081 | EX38: 兵庫県相生市若狭野町雨内 ８００－１４１ | EY38: ＪＲ相生 | EZ38: 2 | FA38: 15 | FB38: 0 | FD38: 53 | FE38: 37 | FF38: 15 | FG38: 1 | FH38: 1 | FJ38: 1 | FK38: 1 | FL38: 0 | FN38: 1 | FS38: 3 | FV38: 3 | FX38: エクセル・ワードの入力 | FY38: 0 | FZ38: 1 | GA38: 1 | GE38: 普通自動車免許（通勤用） | GF38: 0 | GG38: 4 | GK38: 1500 | GL38: 1800 | GY38: 0 | HC38: 1500 | HD38: 1800 | HG38: 1 | HH38: 1 | HI38: 30000 | HJ38: 1 | HK38: 20 | HM38: 1 | HN38: 2 | HO38: 29 | HQ38: 0 | HY38: 0 | IH38: 830 | II38: 900 | IJ38: 1400 | IK38: 1230 | IL38: 1300 | IM38: 1800 | IQ38: 0 | IR38: 0 | IS38: （１）～（３）選択可能。勤務時間応相談。 | IT38: 0 | IV38: 0 | IX38: 0 | IY38: 2 | JB38: 2 | JC38: 3 | JD38: 1 | JE38: 1 | JF38: 1 | JG38: 1 | JH38: 1 | JI38: 1 | JJ38: 0 | JK38: 0 | JL38: 0 | JM38: 0 | JN38: 4 | JR38: 0 | JS38: 0 | JT38: 1 | JU38: 0 | JV38: 0 | JW38: 0 | JX38: 0 | JY38: 0 | KB38: 0 | KC38: 0 | KD38: 0 | KF38: 0 | KG38: 0 | KH38: 0 | KI38: 0 | KJ38: 0 | KK38: 0 | KM38: 0 | KP38: 0 | KQ38: 0 | KT38: 0 | KU38: 0 | KX38: 0 | KY38: 0 | KZ38: 1 | LB38: 0 | LD38: 4 | LE38: 2 | LG38: 1 | LH38: 0 | LI38: 0 | LJ38: 0 | LK38: 1 | LL38: 0 | LM38: 0 | LN38: 1 | LO38: 0 | LQ38: 7 | LR38: 0 | LS38: 0 | LT38: 1 | LU38: 0 | LV38: 0 | LW38: 1 | LY38: 1 | LZ38: 〒678-0081 | MA38: 兵庫県相生市若狭野町雨内 ８００－１４１ | MB38: ＪＲ相生 | MC38: 2 | MD38: 15 | ME38: 1 | MF38: 1 | MG38: 0 | MH38: 0 | MI38: 0 | MK38: 1 | ML38: 0 | MM38: 0 | MN38: 面接時に持参 | MQ38: 2 | MR38: 経験者（介護福祉士取得者）は優遇します。 | MS38: 採用担当者 | MU38: 求人の関する営業電話はお断り | MV38: 1 | MW38: 0791-28-1613 | MY38: 0 | MZ38: 0 | NB38: midoriso@circus.ocn.ne.jo | NC38: 1 | ND38: 1 | NE38: ■職場見学も可能です。_x000d_ ■協力病院魚橋病院が、車で２分以内にあり、施設利用者の夜間緊急時日中でも対応できるようにしています。_x000d_ ■支援職員を利用者に対して１．５人で配置しています。_x000d_ ■看護職員を、常勤換算６人以上配置しています。_x000d_ ■令和８年度より、夜間看護師配置。_x000d_ （夜間勤務３人体制（看護１名・支援員２名になります）_x000d_ ■福利厚生として、医療法人社団魚橋会と社会福祉法人みどり福祉会とで合同忘年会及び合同職員旅行を年１回の実施しています。_x000d_ ■法人として、地域貢献事業（ハートフルフェア・相生福祉フェア）の実施。_x000d_ ■職員駐車場あり。_x000d_ ■６０歳以上の方、経験あれば面接可能_x000d_ ■職員駐車場あり。_x000d_ ■土日祝日勤務ですが、隔週勤務でも可能です。_x000d_ ■休憩時間、年次有給休暇など法定通り | NF38: パート労働者 | NG38: なし | NH38: 雇用期間の定めあり | NJ38: 1年 | NK38: 契約更新の可能性あり（原則更新） | NL38: あり | NM38: 変更なし | NN38: ＪＲ相生 から 車15分 | NP38: 53人 | NQ38: 37人 | NR38: 15人 | NS38: あり（屋内禁煙） | NT38: 可 | NU38: 駐車場 あり | NV38: なし | NW38: 不問 | NX38: 不問 | NY38: 不問 | OB38: 不問 | OE38: 普通自動車運転免許 必須 | OF38: （AT限定可） | OJ38: 普通自動車免許（通勤用） | OL38: 時給 | ON38: 1,500円～1,800円 | OS38: なし | OU38: =IF(OM38<>"",OM38,ON38) -> 1,500円～1,800円 | OW38: 実費支給（上限あり） | OX38: 月額 30,000円まで | OY38: 毎月20日 | OZ38: 毎月29日 翌月払い | PA38: 昇給なし | PE38: 賞与なし | PK38: (1)8時30分～12時30分 | PL38: (2)9時00分～13時00分 | PM38: (3)14時00分～18時00分 | PO38: なし | PQ38: なし | PR38: 0分 | PS38: 週3日程度 | PT38: 労働日数について相談可 | PU38: 月火水木金 | PV38: なし | PY38: 労災 | QB38: なし | QC38: なし | QD38: なし | QE38: なし | QH38: なし | QJ38: 4人 | QK38: 増員 | QL38: 面接 | QM38: 1回 | QN38: 面接選考後 | QP38: 7日以内 | QQ38: 電話 | QR38: 随時 | QS38: ＪＲ相生 から 車15分 | QT38: ハローワーク紹介状・履歴書（写真貼付） | QV38: 求人者の責任にて廃棄 | QW38: ＵＩＪターン歓迎 | QX38: 外国人雇用実績あり | SC38: 0人
A39: 28060- 8274061 | B39: 2806-617187-7 | C39: 7140001038424 | D39: 4 | E39: 1995 | F39: 1000 | G39: 20 | H39: 株式会社弘栄 | I39: カブシキガイシャ コウエイ | J39: 代表取締役 | K39: 岸本貴弘 | L39: 〒675-1216 | M39: 兵庫県加古川市上荘町都染６６７番地の３４ | N39: ＪＲ加古川線 厄神 | O39: 1 | P39: 18 | Q39: 079-428-3733 | R39: 警備業 | U39: 優良顧客を持ち、仕事も安定しています。 | V39: 0 | W39: 0 | X39: 0 | Y39: 0 | Z39: 0 | AA39: 0 | AB39: 1 | AC39: 0 | AD39: kakogawakeibi.com | AI39: 923 | AJ39: 28210 | AK39: 平成7年 | AL39: 1,000万円 | AM39: 20人 | AO39: ＪＲ加古川線 厄神 から 徒歩18分 | AP39: なし | AQ39: なし | AR39: なし | AS39: なし | AT39: なし | AU39: なし | AV39: あり | AW39: なし | BB39: 警備業 | BF39: 〒675-1216 | BH39: 兵庫県加古川市上荘町都染６６７番地の３４ | BJ39: ＪＲ加古川線 厄神 | BL39: 28060 | BM39: 46356 | BN39: 1 | BO39: 0 | BP39: 2 | BQ39: 46276 | BS39: 0 | BT39: 1 | BU39: 1 | BY39: B10 | BZ39: Y12 | CA39: Y61 | CB39: B60 | CC39: Y19 | CI39: 28229 | CJ39: 28481 | CM39: 0 | CN39: 1 | CO39: 警備員【赤穂郡上郡町】 | CP39: 059-02 | CQ39: 059-01 | CS39: 3 | CW39: 2806 | CX39: 2806-617187-7 | CY39: 0 | DC39: 3 | DD39: 0 | DH39: （パートタイム） | DJ39: 46276 | DM39: 事業所名等を含む求人情報を公開する | DN39: 地方自治体、民間人材ビジネス共に可 | DR39: 兵庫県たつの市 | DS39: 兵庫県たつの市 | DT39: 兵庫県赤穂郡上郡町 | DX39: 派遣・請負ではない | EB39: 未充足 | EC39: 0人 | EE39: ◇主な業務◇_x000d_ _x000d_ ・セレモニーホールでの車及び人の誘導・整理及び交通誘導_x000d_ ・工事現場または企業内での車及び人の誘導、整理_x000d_ _x000d_ 【勤務地】上郡、たつの、赤穂など_x000d_ ＊勤務地は応相談_x000d_ _x000d_ ※男女歓迎_x000d_ ※６０歳以上の方の応募も大歓迎！ _x000d_ _x000d_ 業務内容の変更範囲：変更なし | EF39: 5 | EH39: 0 | EJ39: 1 | ER39: 1 | ES39: ３ケ月 | ET39: 1 | EV39: 3 | EW39: 〒000-0000 | EX39: 赤穂郡上郡町、たつの市_x000d_ １１７グループの各店舗 | FB39: 0 | FC39: ＊勤務地は応相談 | FD39: 2 | FE39: 1 | FF39: 0 | FG39: 1 | FH39: 1 | FJ39: 1 | FK39: 1 | FL39: 0 | FN39: 2 | FO39: 18 | FQ39: 22 | FR39: 法令の規定により年齢制限 警備業法第１４条 | FS39: 3 | FV39: 3 | FY39: 1 | GA39: 1 | GF39: 0 | GG39: 3 | GI39: 9376 | GJ39: 9376 | GK39: 1172 | GL39: 1172 | GY39: 0 | HC39: 1172 | HD39: 1172 | HE39: 時間給換算＝日額÷８Ｈで計算表示 | HG39: 3 | HJ39: 1 | HK39: 20 | HM39: 1 | HN39: 2 | HO39: 5 | HQ39: 0 | HY39: 0 | IH39: 800 | IK39: 1700 | IN39: 800 | IO39: 2000 | IP39: 3 | IQ39: 0 | IR39: 1 | IS39: ＊就業時間は各現場によって異なります。_x000d_ ＊休憩時間は法定どおり。_x000d_ _x000d_ ＊勤務時間は応相談 | IT39: 0 | IV39: 0 | IX39: 60 | IY39: 2 | JB39: 1 | JC39: 3 | JD39: 1 | JE39: 0 | JF39: 0 | JG39: 0 | JH39: 0 | JI39: 0 | JJ39: 0 | JK39: 0 | JL39: 0 | JM39: 1 | JN39: 3 | JO39: シフト制_x000d_ 応相談 | JR39: 0 | JS39: 0 | JT39: 1 | JU39: 0 | JV39: 0 | JW39: 0 | JX39: 0 | JY39: 0 | KB39: 0 | KC39: 0 | KD39: 0 | KF39: 0 | KG39: 0 | KH39: 0 | KI39: 0 | KJ39: 0 | KK39: 0 | KM39: 0 | KP39: 1 | KQ39: 0 | KT39: 1 | KU39: 0 | KX39: 0 | KY39: 0 | KZ39: 1 | LB39: 0 | LD39: 3 | LE39: 4 | LF39: 新規募集 | LG39: 1 | LH39: 0 | LI39: 0 | LJ39: 0 | LK39: 1 | LL39: 0 | LM39: 0 | LN39: 1 | LO39: 0 | LQ39: 2 | LR39: 0 | LS39: 0 | LT39: 1 | LU39: 0 | LV39: 0 | LW39: 1 | LY39: 1 | LZ39: 〒675-1216 | MA39: 兵庫県加古川市上荘町都染６６７番地の３４ | MB39: ＪＲ加古川線 厄神 | MC39: 1 | MD39: 18 | ME39: 1 | MF39: 1 | MG39: 0 | MH39: 0 | MI39: 1 | MJ39: 証明写真１枚 | MK39: 1 | ML39: 0 | MM39: 0 | MN39: 面接時に持参 | MQ39: 2 | MS39: 岸本 | MT39: キシモト | MU39: 採用担当 | MV39: 0 | MW39: 090-9162-7788 | MY39: 1 | MZ39: 0 | NA39: 079-440-7705 | NC39: 0 | NE39: ※新規募集！_x000d_ _x000d_ ＊教育期間：１０～２０時間あり_x000d_ 初めてのか方も安心です。教育期間分の給与は支給します。_x000d_ _x000d_ ＊マイカー通勤の場合、無料駐車場あり。_x000d_ _x000d_ ＊Ｗワーク可_x000d_ _x000d_ ＊年次有給休暇は週所定労働日数等により法定どおり付与。_x000d_ _x000d_ ＊雇用保険は週の所定労働時間が２０時間以上から加入となります_x000d_ _x000d_ ＊社会保険加入は法定どおり。（週３０時間以上）_x000d_ _x000d_ ＊休憩時間は法定どおり。_x000d_ _x000d_ ＊求人への応募はハローワークの相談窓口で交付される「紹介状」 が必要です。_x000d_ Ｙ６１ | NF39: パート労働者 | NG39: なし | NH39: 雇用期間の定めなし | NL39: あり | NM39: 変更なし | NP39: 2人 | NQ39: 1人 | NR39: 0人 | NS39: あり（屋内禁煙） | NT39: 可 | NU39: 駐車場 あり | NV39: なし | NW39: 18歳以上 | NX39: 法令の規定により年齢制限がある | NY39: 不問 | OB39: 不問 | OD39: 不問 | OF39: （AT限定可） | OL39: 日給 | OM39: 9,376円～9,376円 | ON39: 1,172円～1,172円 | OS39: なし | OU39: =IF(OM39<>"",OM39,ON39) -> 9,376円～9,376円 | OW39: なし | OY39: 毎月20日 | OZ39: 毎月5日 翌月払い | PA39: 昇給なし | PE39: 賞与なし | PK39: (1)8時00分～17時00分 | PN39: 又は8時00分～20時00分の間の3時間程度 | PO39: なし | PQ39: なし | PR39: 60分 | PS39: 週3日以上 | PT39: 労働日数について相談可 | PU39: 他 | PV39: その他 | PY39: 労災 | QB39: なし | QC39: なし | QD39: なし | QE39: なし | QH39: なし | QJ39: 3人 | QK39: その他 | QL39: 面接 | QM39: 1回 | QN39: 面接選考後 | QP39: 2日以内 | QQ39: 電話 | QR39: 随時 | QS39: ＪＲ加古川線 厄神 から 徒歩18分 | QT39: ハローワーク紹介状・履歴書（写真貼付）・その他 | QV39: 求人者の責任にて廃棄 | QX39: 外国人雇用実績 | SC39: 0人
A40: 28212- 1497161 | B40: 2821- 3418-3 | C40: 4140001039714 | D40: 3 | E40: 1962 | F40: 2000 | G40: 20 | H40: 寺田産業 株式会社 | I40: テラダサンギョウ カブシキガイシャ | J40: 代表取締役社長 | K40: 寺田 眞康 | L40: 〒678-0255 | M40: 兵庫県赤穂市新田９１５－１ | Q40: 0791-43-2285 | R40: 耐火原料加工及び販売、梱包資材加工及び販売、一般貨物運送事業、産業廃棄物収集運搬業 | S40: HI | T40: 28301396 | U40: 営業範囲が広く、耐火原料・加工関係で中国との取引もあります。 | V40: 0 | W40: 0 | X40: 0 | Y40: 0 | Z40: 0 | AA40: 0 | AB40: 1 | AC40: 1 | AD40: http://www.tskako.co.jp | AI40: 143 | AJ40: 28212 | AK40: 昭和37年 | AL40: 2,000万円 | AM40: 20人 | AN40: 派28-301396 | AP40: なし | AQ40: なし | AR40: なし | AS40: なし | AT40: なし | AU40: なし | AV40: あり | AW40: あり | BB40: 加工紙製造業 | BE40: 〒678-0255 | BF40: 〒678-0255 | BG40: 兵庫県赤穂市新田９１５－１ | BH40: 兵庫県赤穂市新田９１５－１ | BK40: （静） | BL40: 28212 | BM40: 46356 | BN40: 1 | BO40: 0 | BP40: 1 | BQ40: 46276 | BS40: 0 | BT40: 1 | BU40: 4 | CA40: Z88 | CC40: Y61 | CG40: B10 | CI40: 28212 | CM40: 0 | CN40: 1 | CO40: 正社員：現場作業 未経験歓迎／見学可 | CP40: 073-02 | CS40: 3 | CT40: 4813 | CW40: 2821 | CX40: 2821- 3418-3 | CY40: 0 | CZ40: 2821 | DA40: 2821- 3418-3 | DB40: 0 | DC40: 3 | DD40: 0 | DH40: （フルタイム） | DJ40: 46276 | DM40: 事業所名等を含む求人情報を公開する | DN40: 地方自治体、民間人材ビジネス共に不可 | DR40: 兵庫県赤穂市 | DS40: 兵庫県赤穂市 | DX40: 派遣・請負ではない | DY40: フォークリフト運転技能者 | EB40: 未充足 | EC40: 0人 | EE40: ＊耐火レンガの良品と不良品を選別し、不良品の不要部分を_x000d_ ハンマーでたたくケレン作業_x000d_ ＊耐火レンガをグラインダーで砥ぐ・研磨作業_x000d_ ＊耐火原料の袋詰め作業_x000d_ など_x000d_ ※仕事内容の詳細は、面接時に、ご説明いたします。_x000d_ _x000d_ ◎事前見学等 可能です♪_x000d_ ◎現場作業経験者・未経験者 歓迎します！ _x000d_ _x000d_ 変更範囲：変更なし | EF40: 1 | EJ40: 1 | ER40: 1 | ES40: １ヶ月 | ET40: 1 | EV40: 1 | EW40: 〒678-0255 | EX40: 兵庫県赤穂市新田９１５－１ | FB40: 0 | FD40: 17 | FE40: 3 | FF40: 1 | FG40: 1 | FH40: 1 | FJ40: 1 | FK40: 1 | FL40: 0 | FN40: 2 | FP40: 59 | FQ40: 21 | FR40: 定年年齢が６０歳のため※ | FS40: 3 | FV40: 3 | FY40: 0 | FZ40: 2 | GA40: 1 | GB40: 2 | GE40: 車両系建設機械免許が有れば尚良し。 | GF40: 0 | GG40: 3 | GI40: 11000 | GJ40: 11500 | GK40: 225500 | GL40: 235750 | GY40: 0 | HC40: 225500 | HD40: 235750 | HE40: ＊月額：日給×月平均労働日数で例示_x000d_ ＊家族手当（０～１８歳までの扶養家族）_x000d_ _x000d_ ◎経験、資格により手当など応相談 | HF40: 20.5 | HG40: 1 | HH40: 1 | HI40: 4000 | HJ40: 1 | HK40: 15 | HM40: 1 | HN40: 1 | HO40: 25 | HQ40: 1 | HR40: 1 | HS40: 1 | HT40: 1 | HU40: 1000 | HY40: 1 | HZ40: 1 | IA40: 2 | IB40: 1 | IC40: 1 | IH40: 800 | IK40: 1645 | IQ40: 0 | IR40: 0 | IT40: 0 | IV40: 0 | IX40: 75 | JD40: 0 | JE40: 0 | JF40: 0 | JG40: 0 | JH40: 0 | JI40: 0 | JJ40: 0 | JK40: 1 | JL40: 1 | JM40: 1 | JN40: 1 | JO40: ・当社カレンダーによる、年末年始・お盆_x000d_ ・土曜日の出勤は、年間６日程度です | JP40: 10 | JQ40: 118 | JR40: 1 | JS40: 1 | JT40: 1 | JU40: 0 | JV40: 1 | JW40: 1 | JX40: 0 | JY40: 0 | KA40: 1 | KB40: 0 | KC40: 1 | KD40: 0 | KF40: 1 | KG40: 1 | KH40: 1 | KI40: 1 | KJ40: 0 | KK40: 0 | KL40: 5 | KM40: 1 | KN40: 1 | KO40: 60 | KP40: 1 | KQ40: 1 | KR40: 1 | KS40: 65 | KT40: 1 | KU40: 1 | KV40: 1 | KW40: 70 | KX40: 0 | KY40: 0 | KZ40: 1 | LB40: 0 | LD40: 1 | LE40: 2 | LG40: 1 | LH40: 1 | LI40: 0 | LJ40: 0 | LK40: 1 | LL40: 0 | LM40: 0 | LN40: 1 | LO40: 0 | LQ40: 14 | LR40: 0 | LS40: 0 | LT40: 1 | LU40: 0 | LV40: 0 | LW40: 1 | LY40: 1 | LZ40: 〒678-0255 | MA40: 兵庫県赤穂市新田９１５－１ | ME40: 1 | MF40: 1 | MG40: 0 | MH40: 0 | MI40: 0 | MK40: 1 | ML40: 0 | MM40: 0 | MN40: 面接時に持参 | MQ40: 2 | MU40: 採用担当 ※ハローワーク以外の職業紹介_x000d_ 事業者からの営業はお断り | MV40: 0 | MW40: 0791-43-2285 | MY40: 0 | MZ40: 0 | NC40: 0 | NE40: ＊休憩時間： 午前１５分 昼４５分 午後１５分_x000d_ _x000d_ _x000d_ ◎６０歳以上の方の応募可能です。_x000d_ ・出勤日数・条件等ご相談に応じます。_x000d_ ・社会保険加入は勤務日数等により異なります。 | NF40: 正社員 | NH40: 雇用期間の定めなし | NL40: あり | NM40: 変更なし | NP40: 17人 | NQ40: 3人 | NR40: 1人 | NS40: あり（屋内禁煙） | NT40: 可 | NU40: 駐車場 あり | NV40: なし | NW40: 59歳以下 | NX40: 定年を上限 | NY40: 不問 | OB40: 不問 | OE40: 普通自動車運転免許 あれば尚可 | OF40: （AT限定可） | OG40: あれば尚可 | OJ40: 車両系建設機械免許が有れば尚良し。 | OL40: 日給 | OM40: 11,000円～11,500円 | ON40: 225,500円～235,750円 | OS40: なし | OU40: =IF(OM40<>"",OM40,ON40) -> 11,000円～11,500円 | OV40: 20.5日 | OW40: 実費支給（上限あり） | OX40: 月額 4,000円まで | OY40: 毎月15日 | OZ40: 毎月25日 当月払い | PA40: 昇給あり | PB40: 前年度実績 あり | PC40: 1,000円～ | PE40: 賞与あり | PF40: 前年度実績 あり | PG40: 年2回（前年度実績） | PH40: 1.00ヶ月分 | PK40: (1)8時00分～16時45分 | PO40: なし | PQ40: なし | PR40: 75分 | PU40: 日祝他 | PV40: 毎 週 | PW40: 10日 | PX40: 118日 | PY40: 雇用・労災・健康・厚生 | PZ40: 拠出 | QA40: 退職金共済 | QB40: あり （勤続 5年以上） | QC40: あり 一律 60歳 | QD40: あり 上限 65歳まで | QE40: あり 上限 70歳まで | QH40: なし | QJ40: 1人 | QK40: 増員 | QL40: 面接・書類選考 | QM40: 1回 | QN40: 面接選考後 | QP40: 14日以内 | QQ40: 電話 | QR40: 随時 | QT40: ハローワーク紹介状・履歴書（写真貼付） | QV40: 求人者の責任にて廃棄 | QX40: 外国人雇用実績 | SC40: 0人
A41: 13080-88698161 | B41: 1308-617479-2 | C41: 4011101045697 | D41: 4 | E41: 1995 | F41: 57194 | G41: 1742 | H41: 日本テクノ 株式会社 | I41: ニホンテクノ カブシキガイシヤ | J41: 代表取締役社長 | K41: 馬本 英一 | L41: 〒163-0653 | M41: 東京都新宿区西新宿１－２５－１ 新宿センタービル５３階 | N41: 新宿 | O41: 1 | P41: 7 | Q41: 0120-308-412 | R41: キュービクル常時監視システム販売及び電力コンサルティング、高圧電気設備保安管理・点検業務、発電・小売電気事業、電気料金自動検針システム、ビジネスマッチングに関する仲介斡旋及び支援 | U41: 民間参入の余地が無いと思われていた電気設備の保守業務にいち早く着手し、「電力自由化」による市場拡大を受け、更に成長している会社です | V41: 0 | W41: 0 | X41: 1 | Y41: 1 | Z41: 1 | AA41: 0 | AB41: 1 | AC41: 1 | AD41: https://www.n-techno.co.jp | AE41: 11 | AF41: 51 | AG41: 81 | AI41: 543 | AJ41: 13104 | AK41: 平成7年 | AL41: 5億7,194万円 | AM41: 1,742人 | AO41: 新宿 から 徒歩7分 | AP41: なし | AQ41: なし | AR41: あり | AS41: あり | AT41: あり | AU41: なし | AV41: あり | AW41: あり | AX41: くるみん（令和７年３月までの旧基準） | AY41: えるぼし（２段階目） | AZ41: 健康経営優良法人（大規模） | BB41: 電気機械器具卸売業 | BK41: （静） | BL41: 13080 | BM41: 46356 | BN41: 1 | BO41: 0 | BP41: 1 | BQ41: 46275 | BS41: 0 | BT41: 1 | BU41: 2 | BY41: A22 | BZ41: O32 | CA41: Z54 | CB41: Y60 | CI41: 28110 | CJ41: 28207 | CK41: 28208 | CL41: 28209 | CM41: 0 | CN41: 1 | CO41: 電気主任技術者／伊丹市／相生市／豊岡市（嘱託） | CP41: 011-99 | CQ41: 007-02 | CR41: 007-03 | CS41: 3 | CT41: 1205 | DC41: 3 | DD41: 0 | DH41: （フルタイム） | DJ41: 46275 | DM41: 事業所名等を含む求人情報を公開する | DN41: 地方自治体のみ可 | DR41: 兵庫県神戸市中央区 | DS41: 兵庫県神戸市中央区 | DT41: 兵庫県伊丹市 | DU41: 兵庫県相生市 | DV41: 兵庫県豊岡市 | DX41: 派遣・請負ではない | DY41: 第三種電気主任技術者 | EB41: 未充足 | EC41: 0人 | EE41: 総合電力ソリューション企業として高圧受変電設備_x000d_ （当社管理物件）の保守・点検や技術者のフォロー等。_x000d_ その他、電気主任技術者としての業務全般。_x000d_ _x000d_ 【具体的には】_x000d_ 当社が電気保安管理を請け負う高圧受変電設備が_x000d_ 正常に運転しているかを、保安規程に沿って_x000d_ 月次および年次にて点検を行います。_x000d_ また、工事立ち会いや竣工試験、申請などの付帯する業務や_x000d_ 業務提携を結んでいる技術者のフォローも担当します。_x000d_ 変更範囲：変更なし_x000d_ 特別高圧の選任業務あり | EF41: 2 | EG41: 嘱託社員 | EH41: 1 | EI41: 年間３人程度 | EJ41: 2 | EM41: 1 | EN41: 0 | EO41: 1 | EP41: 2 | EQ41: 健康状態・勤務成績・能力・契約満了時の業務量・会社の経営状況_x000d_ 等 | ER41: 1 | ES41: ３ヶ月 | ET41: 1 | EV41: 3 | EW41: 〒651-0096 | EX41: 兵庫県神戸市中央区雲井通７－１－１_x000d_ 神戸新聞会館ビル（ミント神戸）１６階_x000d_ 当社 神戸営業所 | EY41: ＪＲ三ノ宮 | EZ41: 1 | FA41: 3 | FB41: 0 | FC41: 直行直帰の勤務体制あり。勤務形態によってはマイカー通勤可。_x000d_ ガソリン代については別途規定あり。 | FD41: 20 | FE41: 2 | FF41: 0 | FG41: 1 | FH41: 1 | FI41: ・ | FJ41: 0 | FL41: 1 | FM41: 全国_x000d_ 転勤可否については要相談 | FN41: 2 | FO41: 60 | FQ41: 26 | FR41: 高齢者を募集する為 定年退職者歓迎 | FS41: 3 | FV41: 2 | FW41: 自家用受変電設備の維持・管理及び工事に従事していた方（実務経験３年以上）_x000d_ 電験１種、または２種を取得されている方は実務経歴不要 | FY41: 0 | FZ41: 1 | GA41: 1 | GB41: 1 | GE41: 電気主任技術者（３種以上）、普通自動車免許（ＡＴ限定可） | GF41: 0 | GG41: 1 | GK41: 280000 | GL41: 280000 | GM41: 資格 | GQ41: 30000 | GU41: 50000 | GY41: 0 | HC41: 310000 | HD41: 330000 | HE41: 各種手当 | HF41: 20.2 | HG41: 1 | HH41: 1 | HI41: 50000 | HJ41: 1 | HK41: 15 | HM41: 1 | HN41: 1 | HO41: 25 | HQ41: 0 | HY41: 0 | IH41: 900 | IK41: 1800 | IQ41: 0 | IR41: 0 | IS41: 始業時間を変更する場合あり | IT41: 1 | IU41: 7 | IV41: 1 | IW41: 残業時間が年６回まで月４５時間～６０時間、また年３６０時間～６３０時間 | IX41: 60 | JD41: 0 | JE41: 0 | JF41: 0 | JG41: 0 | JH41: 0 | JI41: 0 | JJ41: 1 | JK41: 1 | JL41: 1 | JM41: 1 | JN41: 1 | JO41: 勤務状況によって土日祝日の作業出勤あり。_x000d_ その場合、振替／代休の取得をしていただきます。 | JP41: 10 | JQ41: 122 | JR41: 1 | JS41: 1 | JT41: 1 | JU41: 0 | JV41: 1 | JW41: 1 | JX41: 0 | JY41: 0 | KB41: 0 | KC41: 0 | KD41: 0 | KF41: 1 | KG41: 0 | KH41: 0 | KI41: 0 | KJ41: 0 | KK41: 0 | KM41: 0 | KP41: 0 | KQ41: 0 | KT41: 0 | KU41: 0 | KX41: 0 | KY41: 0 | KZ41: 1 | LB41: 0 | LD41: 1 | LG41: 1 | LH41: 1 | LI41: 0 | LJ41: 0 | LK41: 2 | LL41: 0 | LM41: 1 | LN41: 1 | LO41: 0 | LP41: 7 | LQ41: 7 | LR41: 0 | LS41: 1 | LT41: 1 | LU41: 0 | LV41: 0 | LW41: 1 | LY41: 3 | LZ41: 〒651-0086 | MA41: 兵庫県神戸市中央区磯上通８－３－５ 明治安田生命神戸ビル２階_x000d_ 当社 神戸営業所_x000d_ 【最寄りの当社拠点で面接可能ですのでお気軽にご相談ください】 | MB41: ＪＲ三ノ宮（西口） | MC41: 1 | MD41: 5 | ME41: 1 | MF41: 1 | MG41: 1 | MH41: 0 | MI41: 0 | MK41: 1 | ML41: 1 | MM41: 0 | MO41: 4 | MP41: 〒１６３－０６５１ 東京都新宿区西新宿１－２５－１ 新宿センタービル５１階 日本テクノ株式会社 保安本部 保安採用課宛 | MQ41: 2 | MU41: 保安採用課 | MV41: 0 | MW41: 03-5909-0671 | MY41: 1 | MZ41: 0 | NA41: 03-5909-5565 | NB41: h.hoansaiyou@n-techno.co.jp | NC41: 0 | NE41: ◆一次面接は原則オンラインで実施しております。_x000d_ 面接にお越しいただく場合は最寄りの拠点で実施できますので、_x000d_ お気軽にご応募ください。１種２種の方は実務なしでも応募可。_x000d_ ◆ほぼ全国に事業所がありますので、希望勤務地相談可。_x000d_ ◆幅広年代の方が活躍中。_x000d_ ◆独立支援を全面サポート（但し、当社提携団体に限ります）。_x000d_ ◆研修制度が充実。_x000d_ ◆転勤可能な方優遇。転勤手当あり（当社規定による）。_x000d_ ◆雇い止めの規定あり。_x000d_ ◆選考時に簡易的なＷＥＢテストを行って頂きます。_x000d_ ◆直行直帰可_x000d_ ◆勤務日数は応談可能_x000d_ _x000d_ 事前電話連絡は不要、応募書類一式を送付場所に郵送下さい。_x000d_ 書類到着後、追って選考結果を通知します。_x000d_ 不採用の場合、応募書類は返却いたしません。（責任廃棄） | NF41: 正社員以外 | NG41: あり | NH41: 雇用期間の定めあり | NJ41: 1年 | NK41: 契約更新の可能性あり（条件あり） | NL41: あり | NM41: 変更なし | NN41: ＪＲ三ノ宮 から 徒歩3分 | NP41: 20人 | NQ41: 2人 | NR41: 0人 | NS41: あり（屋内禁煙） | NT41: 不可 | NV41: あり | NW41: 60歳以上 | NX41: 高齢者等の特定年齢層の雇用促進 | NY41: 不問 | OB41: あれば尚可 | OC41: 自家用受変電設備の維持・管理及び工事に従事していた方（実務経験３年以上）_x000d_ 電験１種、または２種を取得されている方は実務経歴不要 | OE41: 普通自動車運転免許 必須 | OF41: （AT限定可） | OG41: 必須 | OJ41: 電気主任技術者（３種以上）、普通自動車免許（ＡＴ限定可） | OL41: 月給 | ON41: 280,000円～280,000円 | OO41: 資格手当30,000円～50,000円 | OS41: なし | OU41: =IF(OM41<>"",OM41,ON41) -> 280,000円～280,000円 | OV41: 20.2日 | OW41: 実費支給（上限あり） | OX41: 月額 50,000円まで | OY41: 毎月15日 | OZ41: 毎月25日 当月払い | PA41: 昇給なし | PE41: 賞与なし | PK41: (1)9時00分～18時00分 | PO41: あり | PP41: 7時間 | PQ41: あり | PR41: 60分 | PU41: 土日祝他 | PV41: 毎 週 | PW41: 10日 | PX41: 122日 | PY41: 雇用・労災・健康・厚生 | QB41: なし | QC41: なし | QD41: なし | QE41: なし | QH41: なし | QJ41: 1人 | QL41: 面接・書類選考 | QM41: 2回 | QN41: 書類選考後・面接選考後 | QO41: 7日以内 | QP41: 7日以内 | QQ41: 郵送・電話 | QR41: 随時 | QS41: ＪＲ三ノ宮（西口） から 徒歩5分 | QT41: ハローワーク紹介状・履歴書（写真貼付）・職務経歴書 | QU41: 郵送 | QV41: 求人者の責任にて廃棄 | QX41: 外国人雇用実績 | SC41: 0人
